Workbook

Sheet LISTA
A1: 1 | B1: 2 | C1: 3 | D1: 4 | E1: 5 | F1: 6 | G1: 7 | H1: 8 | I1: 9 | J1: 10 | K1: 11 | L1: 12 | M1: 13 | N1: 14 | O1: 15 | P1: 16 | Q1: 17 | R1: 18 | S1: 19 | T1: 20 | U1: 21 | V1: 22 | W1: 23 | X1: 24 | Y1: 25 | Z1: 26 | AA1: 25
A2: ALFA TRADING S.A.S | B2: ARPA MEDICAL SAS | C2: ASSUT MEDICAL LTDA | D2: AYGPHARMA SAS | E2: BECTON DICKINSON DE COLOMBIA LTDA | F2: BIOPLAST SAS | G2: COMPANY MEDIQBOY OC SAS | H2: COMPAÑIA DE REPRESENTACIONES MEDICAS S A C T P MEDICA S A | I2: DISTRIBUIDORA COLOMBIANA DE MEDICAMENTOS S.A.S. – DISCOLMEDICA S.A.S | J2: INVERSIONES DRILLTEX SAS | K2: HOSPITECNICA SAS | L2: JOHNSON & JOHNSON DE COLOMBIA SA | M2: LABORATORIOS GOTHAPLAST LTDA | N2: LIFE SUMINISTROS MEDICOS SAS | O2: LM INSTRUMENTS S A | P2: MEDICAL GROUP ANMA S.A.S | Q2: MEDICOX LTDA | R2: NIPRO MEDICAL CORPORATION | S2: POLIMEDIC'S FARMACEUTICA S.A.S. | T2: ASEPSIS PRODUCTS DE COLOMBIA SOCIEDAD POR ACCIONES | U2: QUIRURGICOS LTDA | V2: RAFAEL ANTONIO SALAMANCA | W2: R P MEDICAS SA | X2: TECNOLOGÍAS MÉDICAS COLOMBIA SAS | Y2: KCI COLOMBIA SAS | Z2: TWITY S.A.S. | AA2: UCIPHARMA S.A.

Sheet EV ECONOMICA
B1: EVALUACION ECONOMICA | EJ1: Versión: | EK1: 2
EJ2: Fecha de aprobación: | EK2: 43326
EJ3: Código: | EK3: 15-00-FO-0009
EL4: 0.3
A5: 1. INVITACION IC-102-2022
A7: 2. OBJETO: SUMINISTRO DE INSUMOS Y DISPOSITIVOS MÉDICO QUIRÚRGICOS CON EL APOYO TECNOLÓGICO REQUERIDO, PARA LAS DIFERENTES ESPECIALIDADES DE ACUERDO CON LA DESCRIPCIÓN DEL ANEXO TÉCNICO, PARA LA NORMAL PRESTACIÓN DE LOS SERVICIOS DE SALUD DE LA SUBRED INTEGRADA DE SERVICIOS DE SALUD SUR OCCIDENTE E.S.E.
A8: 3. ITEM | B8: 4. DESCRIPCIÓN DISPOSITIVO MEDICO | C8: CARACTERISTICAS | D8: CANTIDAD | E8: UNIDAD | F8: CONSUMO PROMEDIO MES | G8: PRECIO UNITARIO DE REFERENCIA | H8: =LISTA!A2 -> ALFA TRADING S.A.S | M8: =LISTA!B2 -> ARPA MEDICAL SAS | R8: =LISTA!C2 -> ASSUT MEDICAL LTDA | W8: =LISTA!D2 -> AYGPHARMA SAS | AB8: =LISTA!E2 -> BECTON DICKINSON DE COLOMBIA LTDA | AG8: =LISTA!F2 -> BIOPLAST SAS | AL8: =LISTA!G2 -> COMPANY MEDIQBOY OC SAS | AQ8: =LISTA!H2 -> COMPAÑIA DE REPRESENTACIONES MEDICAS S A C T P MEDICA S A | AV8: =LISTA!I2 -> DISTRIBUIDORA COLOMBIANA DE MEDICAMENTOS S.A.S. – DISCOLMEDICA S.A.S | BA8: =LISTA!J2 -> INVERSIONES DRILLTEX SAS | BF8: =LISTA!K2 -> HOSPITECNICA SAS | BK8: =LISTA!L2 -> JOHNSON & JOHNSON DE COLOMBIA SA | BP8: =LISTA!M2 -> LABORATORIOS GOTHAPLAST LTDA | BU8: =LISTA!N2 -> LIFE SUMINISTROS MEDICOS SAS | BZ8: =LISTA!O2 -> LM INSTRUMENTS S A | CE8: =LISTA!P2 -> MEDICAL GROUP ANMA S.A.S | CJ8: =LISTA!Q2 -> MEDICOX LTDA | CO8: =LISTA!R2 -> NIPRO MEDICAL CORPORATION | CT8: =LISTA!S2 -> POLIMEDIC'S FARMACEUTICA S.A.S. | CY8: =LISTA!T2 -> ASEPSIS PRODUCTS DE COLOMBIA SOCIEDAD POR ACCIONES | DD8: =LISTA!U2 -> QUIRURGICOS LTDA | DI8: =LISTA!V2 -> RAFAEL ANTONIO SALAMANCA | DN8: =LISTA!W2 -> R P MEDICAS SA | DS8: =LISTA!X2 -> TECNOLOGÍAS MÉDICAS COLOMBIA SAS | DX8: =LISTA!Y2 -> KCI COLOMBIA SAS | EC8: =LISTA!Z2 -> TWITY S.A.S. | EH8: =LISTA!AA2 -> UCIPHARMA S.A.
H9: 7.PRECIO UNITARIO | I9: 8.IVA | J9: 9. PRECIO UNITARIO + IVA | K9: 10.VALOR TOTAL | L9: VERIFICACION PRECIOS UNITARIOS | M9: 7.PRECIO UNITARIO | N9: 8.IVA | O9: 9. PRECIO UNITARIO + IVA | P9: 10.VALOR TOTAL | Q9: VERIFICACION PRECIOS UNITARIOS | R9: 7.PRECIO UNITARIO | S9: 8.IVA | T9: 9. PRECIO UNITARIO + IVA | U9: 10.VALOR TOTAL | V9: VERIFICACION PRECIOS UNITARIOS | W9: 7.PRECIO UNITARIO | X9: 8.IVA | Y9: 9. PRECIO UNITARIO + IVA | Z9: 10.VALOR TOTAL | AA9: VERIFICACION PRECIOS UNITARIOS | AB9: 7.PRECIO UNITARIO | AC9: 8.IVA | AD9: 9. PRECIO UNITARIO + IVA | AE9: 10.VALOR TOTAL | AF9: VERIFICACION PRECIOS UNITARIOS | AG9: 7.PRECIO UNITARIO | AH9: 8.IVA | AI9: 9. PRECIO UNITARIO + IVA | AJ9: 10.VALOR TOTAL | AK9: VERIFICACION PRECIOS UNITARIOS | AL9: 7.PRECIO UNITARIO | AM9: 8.IVA | AN9: 9. PRECIO UNITARIO + IVA | AO9: 10.VALOR TOTAL | AP9: VERIFICACION PRECIOS UNITARIOS | AQ9: 7.PRECIO UNITARIO | AR9: 8.IVA | AS9: 9. PRECIO UNITARIO + IVA | AT9: 10.VALOR TOTAL | AU9: VERIFICACION PRECIOS UNITARIOS | AV9: 7.PRECIO UNITARIO | AW9: 8.IVA | AX9: 9. PRECIO UNITARIO + IVA | AY9: 10.VALOR TOTAL | AZ9: VERIFICACION PRECIOS UNITARIOS | BA9: 7.PRECIO UNITARIO | BB9: 8.IVA | BC9: 9. PRECIO UNITARIO + IVA | BD9: 10.VALOR TOTAL | BE9: VERIFICACION PRECIOS UNITARIOS | BF9: 7.PRECIO UNITARIO | BG9: 8.IVA | BH9: 9. PRECIO UNITARIO + IVA | BI9: 10.VALOR TOTAL | BJ9: VERIFICACION PRECIOS UNITARIOS | BK9: 7.PRECIO UNITARIO | BL9: 8.IVA | BM9: 9. PRECIO UNITARIO + IVA | BN9: 10.VALOR TOTAL | BO9: VERIFICACION PRECIOS UNITARIOS | BP9: 7.PRECIO UNITARIO | BQ9: 8.IVA | BR9: 9. PRECIO UNITARIO + IVA | BS9: 10.VALOR TOTAL | BT9: VERIFICACION PRECIOS UNITARIOS | BU9: 7.PRECIO UNITARIO | BV9: 8.IVA | BW9: 9. PRECIO UNITARIO + IVA | BX9: 10.VALOR TOTAL | BY9: VERIFICACION PRECIOS UNITARIOS | BZ9: 7.PRECIO UNITARIO | CA9: 8.IVA | CB9: 9. PRECIO UNITARIO + IVA | CC9: 10.VALOR TOTAL | CD9: VERIFICACION PRECIOS UNITARIOS | CE9: 7.PRECIO UNITARIO | CF9: 8.IVA | CG9: 9. PRECIO UNITARIO + IVA | CH9: 10.VALOR TOTAL | CI9: VERIFICACION PRECIOS UNITARIOS | CJ9: 7.PRECIO UNITARIO | CK9: 8.IVA | CL9: 9. PRECIO UNITARIO + IVA | CM9: 10.VALOR TOTAL | CN9: VERIFICACION PRECIOS UNITARIOS | CO9: 7.PRECIO UNITARIO | CP9: 8.IVA | CQ9: 9. PRECIO UNITARIO + IVA | CR9: 10.VALOR TOTAL | CS9: VERIFICACION PRECIOS UNITARIOS | CT9: 7.PRECIO UNITARIO | CU9: 8.IVA | CV9: 9. PRECIO UNITARIO + IVA | CW9: 10.VALOR TOTAL | CX9: VERIFICACION PRECIOS UNITARIOS | CY9: 7.PRECIO UNITARIO | CZ9: 8.IVA | DA9: 9. PRECIO UNITARIO + IVA | DB9: 10.VALOR TOTAL | DC9: VERIFICACION PRECIOS UNITARIOS | DD9: 7.PRECIO UNITARIO | DE9: 8.IVA | DF9: 9. PRECIO UNITARIO + IVA | DG9: 10.VALOR TOTAL | DH9: VERIFICACION PRECIOS UNITARIOS | DI9: 7.PRECIO UNITARIO | DJ9: 8.IVA | DK9: 9. PRECIO UNITARIO + IVA | DL9: 10.VALOR TOTAL | DM9: VERIFICACION PRECIOS UNITARIOS | DN9: 7.PRECIO UNITARIO | DO9: 8.IVA | DP9: 9. PRECIO UNITARIO + IVA | DQ9: 10.VALOR TOTAL | DR9: VERIFICACION PRECIOS UNITARIOS | DS9: 7.PRECIO UNITARIO | DT9: 8.IVA | DU9: 9. PRECIO UNITARIO + IVA | DV9: 10.VALOR TOTAL | DW9: VERIFICACION PRECIOS UNITARIOS | DX9: 7.PRECIO UNITARIO | DY9: 8.IVA | DZ9: 9. PRECIO UNITARIO + IVA | EA9: 10.VALOR TOTAL | EB9: VERIFICACION PRECIOS UNITARIOS | EC9: 7.PRECIO UNITARIO | ED9: 8.IVA | EE9: 9. PRECIO UNITARIO + IVA | EF9: 10.VALOR TOTAL | EG9: VERIFICACION PRECIOS UNITARIOS | EH9: 7.PRECIO UNITARIO | EI9: 8.IVA | EJ9: 9. PRECIO UNITARIO + IVA | EK9: 10.VALOR TOTAL | EL9: VERIFICACION PRECIOS UNITARIOS
A10: 1 | B10: ACIDO POLIGLICOLICO CALIBRE 0, AGUJA CURVA REDONDA DE 36 A 37 MM 1/2 CIRCULO, HEBRA DE 70 CM O MAS | C10: 1 UNIDAD DE SOBRE | D10: 1 | E10: UN | F10: 194.66667 | G10: 6912.829 | J10: =H10+I10 -> 0 | K10: =$D10*J10 -> 0 | L10: =+IF(J10=0,"NO OFERTADO",IF(J10<=($G10*(1+$EL$4)),"HABILITA","NO HABILITA")) -> NO OFERTADO | M10: 9100 | N10: 0 | O10: =M10+N10 -> 9100 | P10: =$D10*O10 -> 9100 | Q10: =+IF(O10=0,"NO OFERTADO",IF(O10<=($G10*(1+$EL$4)),"HABILITA","NO HABILITA")) -> NO HABILITA | R10: 6900 | S10: 0 | T10: =R10+S10 -> 6900 | U10: =$D10*T10 -> 6900 | V10: =+IF(T10=0,"NO OFERTADO",IF(T10<=($G10*(1+$EL$4)),"HABILITA","NO HABILITA")) -> HABILITA | Y10: =W10+X10 -> 0 | Z10: =$D10*Y10 -> 0 | AA10: =+IF(Y10=0,"NO OFERTADO",IF(Y10<=($G10*(1+$EL$4)),"HABILITA","NO HABILITA")) -> NO OFERTADO | AD10: =AB10+AC10 -> 0 | AE10: =$D10*AD10 -> 0 | AF10: =+IF(AD10=0,"NO OFERTADO",IF(AD10<=($G10*(1+$EL$4)),"HABILITA","NO HABILITA")) -> NO OFERTADO | AI10: =AG10+AH10 -> 0 | AJ10: =$D10*AI10 -> 0 | AK10: =+IF(AI10=0,"NO OFERTADO",IF(AI10<=($G10*(1+$EL$4)),"HABILITA","NO HABILITA")) -> NO OFERTADO | AN10: =AL10+AM10 -> 0 | AO10: =$D10*AN10 -> 0 | AP10: =+IF(AN10=0,"NO OFERTADO",IF(AN10<=($G10*(1+$EL$4)),"HABILITA","NO HABILITA")) -> NO OFERTADO | AS10: =AQ10+AR10 -> 0 | AT10: =$D10*AS10 -> 0 | AU10: =+IF(AS10=0,"NO OFERTADO",IF(AS10<=($G10*(1+$EL$4)),"HABILITA","NO HABILITA")) -> NO OFERTADO | AV10: 8068 | AW10: 0 | AX10: =AV10+AW10 -> 8068 | AY10: =$D10*AX10 -> 8068 | AZ10: =+IF(AX10=0,"NO OFERTADO",IF(AX10<=($G10*(1+$EL$4)),"HABILITA","NO HABILITA")) -> HABILITA | BB10: =BA10*0.19 -> 0 | BC10: =BA10+BB10 -> 0 | BD10: =$D10*BC10 -> 0 | BE10: =+IF(BC10=0,"NO OFERTADO",IF(BC10<=($G10*(1+$EL$4)),"HABILITA","NO HABILITA")) -> NO OFERTADO | BH10: =BF10+BG10 -> 0 | BI10: =$D10*BH10 -> 0 | BJ10: =+IF(BH10=0,"NO OFERTADO",IF(BH10<=($G10*(1+$EL$4)),"HABILITA","NO HABILITA")) -> NO OFERTADO | BK10: 5500 | BL10: 0 | BM10: =BK10+BL10 -> 5500 | BN10: =$D10*BM10 -> 5500 | BO10: =+IF(BM10=0,"NO OFERTADO",IF(BM10<=($G10*(1+$EL$4)),"HABILITA","NO HABILITA")) -> HABILITA | BR10: =BP10+BQ10 -> 0 | BS10: =$D10*BR10 -> 0 | BT10: =+IF(BR10=0,"NO OFERTADO",IF(BR10<=($G10*(1+$EL$4)),"HABILITA","NO HABILITA")) -> NO OFERTADO | BW10: =BU10+BV10 -> 0 | BX10: =$D10*BW10 -> 0 | BY10: =+IF(BW10=0,"NO OFERTADO",IF(BW10<=($G10*(1+$EL$4)),"HABILITA","NO HABILITA")) -> NO OFERTADO | CB10: =BZ10+CA10 -> 0 | CC10: =$D10*CB10 -> 0 | CD10: =+IF(CB10=0,"NO OFERTADO",IF(CB10<=($G10*(1+$EL$4)),"HABILITA","NO HABILITA")) -> NO OFERTADO | CG10: =CE10+CF10 -> 0 | CH10: =$D10*CG10 -> 0 | CI10: =+IF(CG10=0,"NO OFERTADO",IF(CG10<=($G10*(1+$EL$4)),"HABILITA","NO HABILITA")) -> NO OFERTADO | CJ10: 14321 | CK10: 0 | CL10: =CJ10+CK10 -> 14321 | CM10: =$D10*CL10 -> 14321 | CN10: =+IF(CL10=0,"NO OFERTADO",IF(CL10<=($G10*(1+$EL$4)),"HABILITA","NO HABILITA")) -> NO HABILITA | CQ10: =CO10+CP10 -> 0 | CR10: =$D10*CQ10 -> 0 | CS10: =+IF(CQ10=0,"NO OFERTADO",IF(CQ10<=($G10*(1+$EL$4)),"HABILITA","NO HABILITA")) -> NO OFERTADO | CT10: 6458 | CU10: 0 | CV10: =CT10+CU10 -> 6458 | CW10: =$D10*CV10 -> 6458 | CX10: =+IF(CV10=0,"NO OFERTADO",IF(CV10<=($G10*(1+$EL$4)),"HABILITA","NO HABILITA")) -> HABILITA | DA10: =CY10+CZ10 -> 0 | DB10: =$D10*DA10 -> 0 | DC10: =+IF(DA10=0,"NO OFERTADO",IF(DA10<=($G10*(1+$EL$4)),"HABILITA","NO HABILITA")) -> NO OFERTADO | DF10: =DD10+DE10 -> 0 | DG10: =$D10*DF10 -> 0 | DH10: =+IF(DF10=0,"NO OFERTADO",IF(DF10<=($G10*(1+$EL$4)),"HABILITA","NO HABILITA")) -> NO OFERTADO | DK10: =DI10+DJ10 -> 0 | DL10: =$D10*DK10 -> 0 | DM10: =+IF(DK10=0,"NO OFERTADO",IF(DK10<=($G10*(1+$EL$4)),"HABILITA","NO HABILITA")) -> NO OFERTADO | DP10: =DN10+DO10 -> 0 | DQ10: =$D10*DP10 -> 0 | DR10: =+IF(DP10=0,"NO OFERTADO",IF(DP10<=($G10*(1+$EL$4)),"HABILITA","NO HABILITA")) -> NO OFERTADO | DU10: =DS10+DT10 -> 0 | DV10: =$D10*DU10 -> 0 | DW10: =+IF(DU10=0,"NO OFERTADO",IF(DU10<=($G10*(1+$EL$4)),"HABILITA","NO HABILITA")) -> NO OFERTADO | DY10: =DX10*0.19 -> 0 | DZ10: =DX10+DY10 -> 0 | EA10: =$D10*DZ10 -> 0 | EB10: =+IF(DZ10=0,"NO OFERTADO",IF(DZ10<=($G10*(1+$EQ$4)),"HABILITA","NO HABILITA")) -> NO OFERTADO | EE10: =EC10+ED10 -> 0 | EF10: =$D10*EE10 -> 0 | EG10: =+IF(EE10=0,"NO OFERTADO",IF(EE10<=($G10*(1+$EQ$4)),"HABILITA","NO HABILITA")) -> NO OFERTADO | EJ10: =EH10+EI10 -> 0 | EK10: =$D10*EJ10 -> 0 | EL10: =+IF(EJ10=0,"NO OFERTADO",IF(EJ10<=($G10*(1+$EL$4)),"HABILITA","NO HABILITA")) -> NO OFERTADO
A11: 2 | B11: ACIDO POLIGLICOLICO CALIBRE 0, AGUJA CURVA REDONDA DE 24 A 26 MM 1/2 CIRCULO, HEBRA DE 70 CM O MAS | C11: 1 UNIDAD DE SOBRE | D11: 1 | E11: UN | F11: 32.333333 | G11: 6912.829 | J11: =H11+I11 -> 0 | K11: =$D11*J11 -> 0 | L11: =+IF(J11=0,"NO OFERTADO",IF(J11<=($G11*(1+$EL$4)),"HABILITA","NO HABILITA")) -> NO OFERTADO | M11: 9000 | N11: 0 | O11: =M11+N11 -> 9000 | P11: =$D11*O11 -> 9000 | Q11: =+IF(O11=0,"NO OFERTADO",IF(O11<=($G11*(1+$EL$4)),"HABILITA","NO HABILITA")) -> NO HABILITA | R11: 6300 | S11: 0 | T11: =R11+S11 -> 6300 | U11: =$D11*T11 -> 6300 | V11: =+IF(T11=0,"NO OFERTADO",IF(T11<=($G11*(1+$EL$4)),"HABILITA","NO HABILITA")) -> HABILITA | Y11: =W11+X11 -> 0 | Z11: =$D11*Y11 -> 0 | AA11: =+IF(Y11=0,"NO OFERTADO",IF(Y11<=($G11*(1+$EL$4)),"HABILITA","NO HABILITA")) -> NO OFERTADO | AD11: =AB11+AC11 -> 0 | AE11: =$D11*AD11 -> 0 | AF11: =+IF(AD11=0,"NO OFERTADO",IF(AD11<=($G11*(1+$EL$4)),"HABILITA","NO HABILITA")) -> NO OFERTADO | AI11: =AG11+AH11 -> 0 | AJ11: =$D11*AI11 -> 0 | AK11: =+IF(AI11=0,"NO OFERTADO",IF(AI11<=($G11*(1+$EL$4)),"HABILITA","NO HABILITA")) -> NO OFERTADO | AN11: =AL11+AM11 -> 0 | AO11: =$D11*AN11 -> 0 | AP11: =+IF(AN11=0,"NO OFERTADO",IF(AN11<=($G11*(1+$EL$4)),"HABILITA","NO HABILITA")) -> NO OFERTADO | AS11: =AQ11+AR11 -> 0 | AT11: =$D11*AS11 -> 0 | AU11: =+IF(AS11=0,"NO OFERTADO",IF(AS11<=($G11*(1+$EL$4)),"HABILITA","NO HABILITA")) -> NO OFERTADO | AV11: 7386 | AW11: 0 | AX11: =AV11+AW11 -> 7386 | AY11: =$D11*AX11 -> 7386 | AZ11: =+IF(AX11=0,"NO OFERTADO",IF(AX11<=($G11*(1+$EL$4)),"HABILITA","NO HABILITA")) -> HABILITA | BB11: =BA11*0.19 -> 0 | BC11: =BA11+BB11 -> 0 | BD11: =$D11*BC11 -> 0 | BE11: =+IF(BC11=0,"NO OFERTADO",IF(BC11<=($G11*(1+$EL$4)),"HABILITA","NO HABILITA")) -> NO OFERTADO | BH11: =BF11+BG11 -> 0 | BI11: =$D11*BH11 -> 0 | BJ11: =+IF(BH11=0,"NO OFERTADO",IF(BH11<=($G11*(1+$EL$4)),"HABILITA","NO HABILITA")) -> NO OFERTADO | BK11: 5500 | BL11: 0 | BM11: =BK11+BL11 -> 5500 | BN11: =$D11*BM11 -> 5500 | BO11: =+IF(BM11=0,"NO OFERTADO",IF(BM11<=($G11*(1+$EL$4)),"HABILITA","NO HABILITA")) -> HABILITA | BR11: =BP11+BQ11 -> 0 | BS11: =$D11*BR11 -> 0 | BT11: =+IF(BR11=0,"NO OFERTADO",IF(BR11<=($G11*(1+$EL$4)),"HABILITA","NO HABILITA")) -> NO OFERTADO | BW11: =BU11+BV11 -> 0 | BX11: =$D11*BW11 -> 0 | BY11: =+IF(BW11=0,"NO OFERTADO",IF(BW11<=($G11*(1+$EL$4)),"HABILITA","NO HABILITA")) -> NO OFERTADO | CB11: =BZ11+CA11 -> 0 | CC11: =$D11*CB11 -> 0 | CD11: =+IF(CB11=0,"NO OFERTADO",IF(CB11<=($G11*(1+$EL$4)),"HABILITA","NO HABILITA")) -> NO OFERTADO | CG11: =CE11+CF11 -> 0 | CH11: =$D11*CG11 -> 0 | CI11: =+IF(CG11=0,"NO OFERTADO",IF(CG11<=($G11*(1+$EL$4)),"HABILITA","NO HABILITA")) -> NO OFERTADO | CL11: =CJ11+CK11 -> 0 | CM11: =$D11*CL11 -> 0 | CN11: =+IF(CL11=0,"NO OFERTADO",IF(CL11<=($G11*(1+$EL$4)),"HABILITA","NO HABILITA")) -> NO OFERTADO | CQ11: =CO11+CP11 -> 0 | CR11: =$D11*CQ11 -> 0 | CS11: =+IF(CQ11=0,"NO OFERTADO",IF(CQ11<=($G11*(1+$EL$4)),"HABILITA","NO HABILITA")) -> NO OFERTADO | CT11: 6458 | CU11: 0 | CV11: =CT11+CU11 -> 6458 | CW11: =$D11*CV11 -> 6458 | CX11: =+IF(CV11=0,"NO OFERTADO",IF(CV11<=($G11*(1+$EL$4)),"HABILITA","NO HABILITA")) -> HABILITA | DA11: =CY11+CZ11 -> 0 | DB11: =$D11*DA11 -> 0 | DC11: =+IF(DA11=0,"NO OFERTADO",IF(DA11<=($G11*(1+$EL$4)),"HABILITA","NO HABILITA")) -> NO OFERTADO | DF11: =DD11+DE11 -> 0 | DG11: =$D11*DF11 -> 0 | DH11: =+IF(DF11=0,"NO OFERTADO",IF(DF11<=($G11*(1+$EL$4)),"HABILITA","NO HABILITA")) -> NO OFERTADO | DK11: =DI11+DJ11 -> 0 | DL11: =$D11*DK11 -> 0 | DM11: =+IF(DK11=0,"NO OFERTADO",IF(DK11<=($G11*(1+$EL$4)),"HABILITA","NO HABILITA")) -> NO OFERTADO | DP11: =DN11+DO11 -> 0 | DQ11: =$D11*DP11 -> 0 | DR11: =+IF(DP11=0,"NO OFERTADO",IF(DP11<=($G11*(1+$EL$4)),"HABILITA","NO HABILITA")) -> NO OFERTADO | DU11: =DS11+DT11 -> 0 | DV11: =$D11*DU11 -> 0 | DW11: =+IF(DU11=0,"NO OFERTADO",IF(DU11<=($G11*(1+$EL$4)),"HABILITA","NO HABILITA")) -> NO OFERTADO | DY11: =DX11*0.19 -> 0 | DZ11: =DX11+DY11 -> 0 | EA11: =$D11*DZ11 -> 0 | EB11: =+IF(DZ11=0,"NO OFERTADO",IF(DZ11<=($G11*(1+$EQ$4)),"HABILITA","NO HABILITA")) -> NO OFERTADO | EE11: =EC11+ED11 -> 0 | EF11: =$D11*EE11 -> 0 | EG11: =+IF(EE11=0,"NO OFERTADO",IF(EE11<=($G11*(1+$EQ$4)),"HABILITA","NO HABILITA")) -> NO OFERTADO | EJ11: =EH11+EI11 -> 0 | EK11: =$D11*EJ11 -> 0 | EL11: =+IF(EJ11=0,"NO OFERTADO",IF(EJ11<=($G11*(1+$EL$4)),"HABILITA","NO HABILITA")) -> NO OFERTADO
A12: 3 | B12: ACIDO POLIGLICOLICO CALIBRE 3/0, AGUJA CURVA REDONDA DE 24 A 26 MM 1/2 CIRCULO, HEBRA DE 70 CM O MAS | C12: 1 UNIDAD DE SOBRE | D12: 1 | E12: UN | F12: 209 | G12: 10100 | J12: =H12+I12 -> 0 | K12: =$D12*J12 -> 0 | L12: =+IF(J12=0,"NO OFERTADO",IF(J12<=($G12*(1+$EL$4)),"HABILITA","NO HABILITA")) -> NO OFERTADO | M12: 9100 | N12: 0 | O12: =M12+N12 -> 9100 | P12: =$D12*O12 -> 9100 | Q12: =+IF(O12=0,"NO OFERTADO",IF(O12<=($G12*(1+$EL$4)),"HABILITA","NO HABILITA")) -> HABILITA | R12: 6200 | S12: 0 | T12: =R12+S12 -> 6200 | U12: =$D12*T12 -> 6200 | V12: =+IF(T12=0,"NO OFERTADO",IF(T12<=($G12*(1+$EL$4)),"HABILITA","NO HABILITA")) -> HABILITA | Y12: =W12+X12 -> 0 | Z12: =$D12*Y12 -> 0 | AA12: =+IF(Y12=0,"NO OFERTADO",IF(Y12<=($G12*(1+$EL$4)),"HABILITA","NO HABILITA")) -> NO OFERTADO | AD12: =AB12+AC12 -> 0 | AE12: =$D12*AD12 -> 0 | AF12: =+IF(AD12=0,"NO OFERTADO",IF(AD12<=($G12*(1+$EL$4)),"HABILITA","NO HABILITA")) -> NO OFERTADO | AI12: =AG12+AH12 -> 0 | AJ12: =$D12*AI12 -> 0 | AK12: =+IF(AI12=0,"NO OFERTADO",IF(AI12<=($G12*(1+$EL$4)),"HABILITA","NO HABILITA")) -> NO OFERTADO | AN12: =AL12+AM12 -> 0 | AO12: =$D12*AN12 -> 0 | AP12: =+IF(AN12=0,"NO OFERTADO",IF(AN12<=($G12*(1+$EL$4)),"HABILITA","NO HABILITA")) -> NO OFERTADO | AS12: =AQ12+AR12 -> 0 | AT12: =$D12*AS12 -> 0 | AU12: =+IF(AS12=0,"NO OFERTADO",IF(AS12<=($G12*(1+$EL$4)),"HABILITA","NO HABILITA")) -> NO OFERTADO | AV12: 8000 | AW12: 0 | AX12: =AV12+AW12 -> 8000 | AY12: =$D12*AX12 -> 8000 | AZ12: =+IF(AX12=0,"NO OFERTADO",IF(AX12<=($G12*(1+$EL$4)),"HABILITA","NO HABILITA")) -> HABILITA | BB12: =BA12*0.19 -> 0 | BC12: =BA12+BB12 -> 0 | BD12: =$D12*BC12 -> 0 | BE12: =+IF(BC12=0,"NO OFERTADO",IF(BC12<=($G12*(1+$EL$4)),"HABILITA","NO HABILITA")) -> NO OFERTADO | BH12: =BF12+BG12 -> 0 | BI12: =$D12*BH12 -> 0 | BJ12: =+IF(BH12=0,"NO OFERTADO",IF(BH12<=($G12*(1+$EL$4)),"HABILITA","NO HABILITA")) -> NO OFERTADO | BK12: 7550 | BL12: 0 | BM12: =BK12+BL12 -> 7550 | BN12: =$D12*BM12 -> 7550 | BO12: =+IF(BM12=0,"NO OFERTADO",IF(BM12<=($G12*(1+$EL$4)),"HABILITA","NO HABILITA")) -> HABILITA | BR12: =BP12+BQ12 -> 0 | BS12: =$D12*BR12 -> 0 | BT12: =+IF(BR12=0,"NO OFERTADO",IF(BR12<=($G12*(1+$EL$4)),"HABILITA","NO HABILITA")) -> NO OFERTADO | BW12: =BU12+BV12 -> 0 | BX12: =$D12*BW12 -> 0 | BY12: =+IF(BW12=0,"NO OFERTADO",IF(BW12<=($G12*(1+$EL$4)),"HABILITA","NO HABILITA")) -> NO OFERTADO | CB12: =BZ12+CA12 -> 0 | CC12: =$D12*CB12 -> 0 | CD12: =+IF(CB12=0,"NO OFERTADO",IF(CB12<=($G12*(1+$EL$4)),"HABILITA","NO HABILITA")) -> NO OFERTADO | CG12: =CE12+CF12 -> 0 | CH12: =$D12*CG12 -> 0 | CI12: =+IF(CG12=0,"NO OFERTADO",IF(CG12<=($G12*(1+$EL$4)),"HABILITA","NO HABILITA")) -> NO OFERTADO | CL12: =CJ12+CK12 -> 0 | CM12: =$D12*CL12 -> 0 | CN12: =+IF(CL12=0,"NO OFERTADO",IF(CL12<=($G12*(1+$EL$4)),"HABILITA","NO HABILITA")) -> NO OFERTADO | CQ12: =CO12+CP12 -> 0 | CR12: =$D12*CQ12 -> 0 | CS12: =+IF(CQ12=0,"NO OFERTADO",IF(CQ12<=($G12*(1+$EL$4)),"HABILITA","NO HABILITA")) -> NO OFERTADO | CT12: 5698 | CU12: 0 | CV12: =CT12+CU12 -> 5698 | CW12: =$D12*CV12 -> 5698 | CX12: =+IF(CV12=0,"NO OFERTADO",IF(CV12<=($G12*(1+$EL$4)),"HABILITA","NO HABILITA")) -> HABILITA | DA12: =CY12+CZ12 -> 0 | DB12: =$D12*DA12 -> 0 | DC12: =+IF(DA12=0,"NO OFERTADO",IF(DA12<=($G12*(1+$EL$4)),"HABILITA","NO HABILITA")) -> NO OFERTADO | DF12: =DD12+DE12 -> 0 | DG12: =$D12*DF12 -> 0 | DH12: =+IF(DF12=0,"NO OFERTADO",IF(DF12<=($G12*(1+$EL$4)),"HABILITA","NO HABILITA")) -> NO OFERTADO | DK12: =DI12+DJ12 -> 0 | DL12: =$D12*DK12 -> 0 | DM12: =+IF(DK12=0,"NO OFERTADO",IF(DK12<=($G12*(1+$EL$4)),"HABILITA","NO HABILITA")) -> NO OFERTADO | DP12: =DN12+DO12 -> 0 | DQ12: =$D12*DP12 -> 0 | DR12: =+IF(DP12=0,"NO OFERTADO",IF(DP12<=($G12*(1+$EL$4)),"HABILITA","NO HABILITA")) -> NO OFERTADO | DU12: =DS12+DT12 -> 0 | DV12: =$D12*DU12 -> 0 | DW12: =+IF(DU12=0,"NO OFERTADO",IF(DU12<=($G12*(1+$EL$4)),"HABILITA","NO HABILITA")) -> NO OFERTADO | DY12: =DX12*0.19 -> 0 | DZ12: =DX12+DY12 -> 0 | EA12: =$D12*DZ12 -> 0 | EB12: =+IF(DZ12=0,"NO OFERTADO",IF(DZ12<=($G12*(1+$EQ$4)),"HABILITA","NO HABILITA")) -> NO OFERTADO | EE12: =EC12+ED12 -> 0 | EF12: =$D12*EE12 -> 0 | EG12: =+IF(EE12=0,"NO OFERTADO",IF(EE12<=($G12*(1+$EQ$4)),"HABILITA","NO HABILITA")) -> NO OFERTADO | EJ12: =EH12+EI12 -> 0 | EK12: =$D12*EJ12 -> 0 | EL12: =+IF(EJ12=0,"NO OFERTADO",IF(EJ12<=($G12*(1+$EL$4)),"HABILITA","NO HABILITA")) -> NO OFERTADO
A13: 4 | B13: ACIDO POLIGLICOLICO CALIBRE 6/0, AGUJA CURVA REDONDA DE 15 A 16 MM 1/2 CIRCULO, HEBRA DE 70 CM O MAS | C13: 1 UNIDAD DE SOBRE | D13: 1 | E13: UN | F13: 1 | G13: 7475 | J13: =H13+I13 -> 0 | K13: =$D13*J13 -> 0 | L13: =+IF(J13=0,"NO OFERTADO",IF(J13<=($G13*(1+$EL$4)),"HABILITA","NO HABILITA")) -> NO OFERTADO | M13: 11000 | N13: 0 | O13: =M13+N13 -> 11000 | P13: =$D13*O13 -> 11000 | Q13: =+IF(O13=0,"NO OFERTADO",IF(O13<=($G13*(1+$EL$4)),"HABILITA","NO HABILITA")) -> NO HABILITA | T13: =R13+S13 -> 0 | U13: =$D13*T13 -> 0 | V13: =+IF(T13=0,"NO OFERTADO",IF(T13<=($G13*(1+$EL$4)),"HABILITA","NO HABILITA")) -> NO OFERTADO | Y13: =W13+X13 -> 0 | Z13: =$D13*Y13 -> 0 | AA13: =+IF(Y13=0,"NO OFERTADO",IF(Y13<=($G13*(1+$EL$4)),"HABILITA","NO HABILITA")) -> NO OFERTADO | AD13: =AB13+AC13 -> 0 | AE13: =$D13*AD13 -> 0 | AF13: =+IF(AD13=0,"NO OFERTADO",IF(AD13<=($G13*(1+$EL$4)),"HABILITA","NO HABILITA")) -> NO OFERTADO | AI13: =AG13+AH13 -> 0 | AJ13: =$D13*AI13 -> 0 | AK13: =+IF(AI13=0,"NO OFERTADO",IF(AI13<=($G13*(1+$EL$4)),"HABILITA","NO HABILITA")) -> NO OFERTADO | AN13: =AL13+AM13 -> 0 | AO13: =$D13*AN13 -> 0 | AP13: =+IF(AN13=0,"NO OFERTADO",IF(AN13<=($G13*(1+$EL$4)),"HABILITA","NO HABILITA")) -> NO OFERTADO | AS13: =AQ13+AR13 -> 0 | AT13: =$D13*AS13 -> 0 | AU13: =+IF(AS13=0,"NO OFERTADO",IF(AS13<=($G13*(1+$EL$4)),"HABILITA","NO HABILITA")) -> NO OFERTADO | AX13: =AV13+AW13 -> 0 | AY13: =$D13*AX13 -> 0 | AZ13: =+IF(AX13=0,"NO OFERTADO",IF(AX13<=($G13*(1+$EL$4)),"HABILITA","NO HABILITA")) -> NO OFERTADO | BB13: =BA13*0.19 -> 0 | BC13: =BA13+BB13 -> 0 | BD13: =$D13*BC13 -> 0 | BE13: =+IF(BC13=0,"NO OFERTADO",IF(BC13<=($G13*(1+$EL$4)),"HABILITA","NO HABILITA")) -> NO OFERTADO | BH13: =BF13+BG13 -> 0 | BI13: =$D13*BH13 -> 0 | BJ13: =+IF(BH13=0,"NO OFERTADO",IF(BH13<=($G13*(1+$EL$4)),"HABILITA","NO HABILITA")) -> NO OFERTADO | BK13: 6500 | BL13: 0 | BM13: =BK13+BL13 -> 6500 | BN13: =$D13*BM13 -> 6500 | BO13: =+IF(BM13=0,"NO OFERTADO",IF(BM13<=($G13*(1+$EL$4)),"HABILITA","NO HABILITA")) -> HABILITA | BR13: =BP13+BQ13 -> 0 | BS13: =$D13*BR13 -> 0 | BT13: =+IF(BR13=0,"NO OFERTADO",IF(BR13<=($G13*(1+$EL$4)),"HABILITA","NO HABILITA")) -> NO OFERTADO | BW13: =BU13+BV13 -> 0 | BX13: =$D13*BW13 -> 0 | BY13: =+IF(BW13=0,"NO OFERTADO",IF(BW13<=($G13*(1+$EL$4)),"HABILITA","NO HABILITA")) -> NO OFERTADO | CB13: =BZ13+CA13 -> 0 | CC13: =$D13*CB13 -> 0 | CD13: =+IF(CB13=0,"NO OFERTADO",IF(CB13<=($G13*(1+$EL$4)),"HABILITA","NO HABILITA")) -> NO OFERTADO | CG13: =CE13+CF13 -> 0 | CH13: =$D13*CG13 -> 0 | CI13: =+IF(CG13=0,"NO OFERTADO",IF(CG13<=($G13*(1+$EL$4)),"HABILITA","NO HABILITA")) -> NO OFERTADO | CL13: =CJ13+CK13 -> 0 | CM13: =$D13*CL13 -> 0 | CN13: =+IF(CL13=0,"NO OFERTADO",IF(CL13<=($G13*(1+$EL$4)),"HABILITA","NO HABILITA")) -> NO OFERTADO | CQ13: =CO13+CP13 -> 0 | CR13: =$D13*CQ13 -> 0 | CS13: =+IF(CQ13=0,"NO OFERTADO",IF(CQ13<=($G13*(1+$EL$4)),"HABILITA","NO HABILITA")) -> NO OFERTADO | CT13: 7020 | CU13: 0 | CV13: =CT13+CU13 -> 7020 | CW13: =$D13*CV13 -> 7020 | CX13: =+IF(CV13=0,"NO OFERTADO",IF(CV13<=($G13*(1+$EL$4)),"HABILITA","NO HABILITA")) -> HABILITA | DA13: =CY13+CZ13 -> 0 | DB13: =$D13*DA13 -> 0 | DC13: =+IF(DA13=0,"NO OFERTADO",IF(DA13<=($G13*(1+$EL$4)),"HABILITA","NO HABILITA")) -> NO OFERTADO | DF13: =DD13+DE13 -> 0 | DG13: =$D13*DF13 -> 0 | DH13: =+IF(DF13=0,"NO OFERTADO",IF(DF13<=($G13*(1+$EL$4)),"HABILITA","NO HABILITA")) -> NO OFERTADO | DK13: =DI13+DJ13 -> 0 | DL13: =$D13*DK13 -> 0 | DM13: =+IF(DK13=0,"NO OFERTADO",IF(DK13<=($G13*(1+$EL$4)),"HABILITA","NO HABILITA")) -> NO OFERTADO | DP13: =DN13+DO13 -> 0 | DQ13: =$D13*DP13 -> 0 | DR13: =+IF(DP13=0,"NO OFERTADO",IF(DP13<=($G13*(1+$EL$4)),"HABILITA","NO HABILITA")) -> NO OFERTADO | DU13: =DS13+DT13 -> 0 | DV13: =$D13*DU13 -> 0 | DW13: =+IF(DU13=0,"NO OFERTADO",IF(DU13<=($G13*(1+$EL$4)),"HABILITA","NO HABILITA")) -> NO OFERTADO | DY13: =DX13*0.19 -> 0 | DZ13: =DX13+DY13 -> 0 | EA13: =$D13*DZ13 -> 0 | EB13: =+IF(DZ13=0,"NO OFERTADO",IF(DZ13<=($G13*(1+$EQ$4)),"HABILITA","NO HABILITA")) -> NO OFERTADO | EE13: =EC13+ED13 -> 0 | EF13: =$D13*EE13 -> 0 | EG13: =+IF(EE13=0,"NO OFERTADO",IF(EE13<=($G13*(1+$EQ$4)),"HABILITA","NO HABILITA")) -> NO OFERTADO | EJ13: =EH13+EI13 -> 0 | EK13: =$D13*EJ13 -> 0 | EL13: =+IF(EJ13=0,"NO OFERTADO",IF(EJ13<=($G13*(1+$EL$4)),"HABILITA","NO HABILITA")) -> NO OFERTADO
A14: 5 | B14: ACIDO POLIGLICOLICO CALIBRE 7/0 DOBLE AGUJA ESPATULADA DE 6,4 A 6,5 MM 3/8 DE CIRCULO, HEBRA DE 30 CM O MAS | C14: 1 UNIDAD DE SOBRE | D14: 1 | E14: UN | F14: 1 | G14: 34500 | J14: =H14+I14 -> 0 | K14: =$D14*J14 -> 0 | L14: =+IF(J14=0,"NO OFERTADO",IF(J14<=($G14*(1+$EL$4)),"HABILITA","NO HABILITA")) -> NO OFERTADO | M14: 29600 | N14: 0 | O14: =M14+N14 -> 29600 | P14: =$D14*O14 -> 29600 | Q14: =+IF(O14=0,"NO OFERTADO",IF(O14<=($G14*(1+$EL$4)),"HABILITA","NO HABILITA")) -> HABILITA | R14: 22000 | S14: 0 | T14: =R14+S14 -> 22000 | U14: =$D14*T14 -> 22000 | V14: =+IF(T14=0,"NO OFERTADO",IF(T14<=($G14*(1+$EL$4)),"HABILITA","NO HABILITA")) -> HABILITA | Y14: =W14+X14 -> 0 | Z14: =$D14*Y14 -> 0 | AA14: =+IF(Y14=0,"NO OFERTADO",IF(Y14<=($G14*(1+$EL$4)),"HABILITA","NO HABILITA")) -> NO OFERTADO | AD14: =AB14+AC14 -> 0 | AE14: =$D14*AD14 -> 0 | AF14: =+IF(AD14=0,"NO OFERTADO",IF(AD14<=($G14*(1+$EL$4)),"HABILITA","NO HABILITA")) -> NO OFERTADO | AI14: =AG14+AH14 -> 0 | AJ14: =$D14*AI14 -> 0 | AK14: =+IF(AI14=0,"NO OFERTADO",IF(AI14<=($G14*(1+$EL$4)),"HABILITA","NO HABILITA")) -> NO OFERTADO | AN14: =AL14+AM14 -> 0 | AO14: =$D14*AN14 -> 0 | AP14: =+IF(AN14=0,"NO OFERTADO",IF(AN14<=($G14*(1+$EL$4)),"HABILITA","NO HABILITA")) -> NO OFERTADO | AS14: =AQ14+AR14 -> 0 | AT14: =$D14*AS14 -> 0 | AU14: =+IF(AS14=0,"NO OFERTADO",IF(AS14<=($G14*(1+$EL$4)),"HABILITA","NO HABILITA")) -> NO OFERTADO | AX14: =AV14+AW14 -> 0 | AY14: =$D14*AX14 -> 0 | AZ14: =+IF(AX14=0,"NO OFERTADO",IF(AX14<=($G14*(1+$EL$4)),"HABILITA","NO HABILITA")) -> NO OFERTADO | BB14: =BA14*0.19 -> 0 | BC14: =BA14+BB14 -> 0 | BD14: =$D14*BC14 -> 0 | BE14: =+IF(BC14=0,"NO OFERTADO",IF(BC14<=($G14*(1+$EL$4)),"HABILITA","NO HABILITA")) -> NO OFERTADO | BH14: =BF14+BG14 -> 0 | BI14: =$D14*BH14 -> 0 | BJ14: =+IF(BH14=0,"NO OFERTADO",IF(BH14<=($G14*(1+$EL$4)),"HABILITA","NO HABILITA")) -> NO OFERTADO | BK14: 30000 | BL14: 0 | BM14: =BK14+BL14 -> 30000 | BN14: =$D14*BM14 -> 30000 | BO14: =+IF(BM14=0,"NO OFERTADO",IF(BM14<=($G14*(1+$EL$4)),"HABILITA","NO HABILITA")) -> HABILITA | BR14: =BP14+BQ14 -> 0 | BS14: =$D14*BR14 -> 0 | BT14: =+IF(BR14=0,"NO OFERTADO",IF(BR14<=($G14*(1+$EL$4)),"HABILITA","NO HABILITA")) -> NO OFERTADO | BW14: =BU14+BV14 -> 0 | BX14: =$D14*BW14 -> 0 | BY14: =+IF(BW14=0,"NO OFERTADO",IF(BW14<=($G14*(1+$EL$4)),"HABILITA","NO HABILITA")) -> NO OFERTADO | CB14: =BZ14+CA14 -> 0 | CC14: =$D14*CB14 -> 0 | CD14: =+IF(CB14=0,"NO OFERTADO",IF(CB14<=($G14*(1+$EL$4)),"HABILITA","NO HABILITA")) -> NO OFERTADO | CG14: =CE14+CF14 -> 0 | CH14: =$D14*CG14 -> 0 | CI14: =+IF(CG14=0,"NO OFERTADO",IF(CG14<=($G14*(1+$EL$4)),"HABILITA","NO HABILITA")) -> NO OFERTADO | CL14: =CJ14+CK14 -> 0 | CM14: =$D14*CL14 -> 0 | CN14: =+IF(CL14=0,"NO OFERTADO",IF(CL14<=($G14*(1+$EL$4)),"HABILITA","NO HABILITA")) -> NO OFERTADO | CQ14: =CO14+CP14 -> 0 | CR14: =$D14*CQ14 -> 0 | CS14: =+IF(CQ14=0,"NO OFERTADO",IF(CQ14<=($G14*(1+$EL$4)),"HABILITA","NO HABILITA")) -> NO OFERTADO | CV14: =CT14+CU14 -> 0 | CW14: =$D14*CV14 -> 0 | CX14: =+IF(CV14=0,"NO OFERTADO",IF(CV14<=($G14*(1+$EL$4)),"HABILITA","NO HABILITA")) -> NO OFERTADO | DA14: =CY14+CZ14 -> 0 | DB14: =$D14*DA14 -> 0 | DC14: =+IF(DA14=0,"NO OFERTADO",IF(DA14<=($G14*(1+$EL$4)),"HABILITA","NO HABILITA")) -> NO OFERTADO | DF14: =DD14+DE14 -> 0 | DG14: =$D14*DF14 -> 0 | DH14: =+IF(DF14=0,"NO OFERTADO",IF(DF14<=($G14*(1+$EL$4)),"HABILITA","NO HABILITA")) -> NO OFERTADO | DK14: =DI14+DJ14 -> 0 | DL14: =$D14*DK14 -> 0 | DM14: =+IF(DK14=0,"NO OFERTADO",IF(DK14<=($G14*(1+$EL$4)),"HABILITA","NO HABILITA")) -> NO OFERTADO | DP14: =DN14+DO14 -> 0 | DQ14: =$D14*DP14 -> 0 | DR14: =+IF(DP14=0,"NO OFERTADO",IF(DP14<=($G14*(1+$EL$4)),"HABILITA","NO HABILITA")) -> NO OFERTADO | DU14: =DS14+DT14 -> 0 | DV14: =$D14*DU14 -> 0 | DW14: =+IF(DU14=0,"NO OFERTADO",IF(DU14<=($G14*(1+$EL$4)),"HABILITA","NO HABILITA")) -> NO OFERTADO | DY14: =DX14*0.19 -> 0 | DZ14: =DX14+DY14 -> 0 | EA14: =$D14*DZ14 -> 0 | EB14: =+IF(DZ14=0,"NO OFERTADO",IF(DZ14<=($G14*(1+$EQ$4)),"HABILITA","NO HABILITA")) -> NO OFERTADO | EE14: =EC14+ED14 -> 0 | EF14: =$D14*EE14 -> 0 | EG14: =+IF(EE14=0,"NO OFERTADO",IF(EE14<=($G14*(1+$EQ$4)),"HABILITA","NO HABILITA")) -> NO OFERTADO | EJ14: =EH14+EI14 -> 0 | EK14: =$D14*EJ14 -> 0 | EL14: =+IF(EJ14=0,"NO OFERTADO",IF(EJ14<=($G14*(1+$EL$4)),"HABILITA","NO HABILITA")) -> NO OFERTADO
A15: 6 | B15: ACIDO POLIGLICOLICO CALIBRE 8/0 DOBLE AGUJA ESPATULADA DE 6,4 A 6,5 MM 3/8 DE CIRCULO, HEBRA DE 20 CM O MAS | C15: 1 UNIDAD DE SOBRE | D15: 1 | E15: UN | F15: 1 | G15: 34500 | J15: =H15+I15 -> 0 | K15: =$D15*J15 -> 0 | L15: =+IF(J15=0,"NO OFERTADO",IF(J15<=($G15*(1+$EL$4)),"HABILITA","NO HABILITA")) -> NO OFERTADO | N15: 0 | O15: =M15+N15 -> 0 | P15: =$D15*O15 -> 0 | Q15: =+IF(O15=0,"NO OFERTADO",IF(O15<=($G15*(1+$EL$4)),"HABILITA","NO HABILITA")) -> NO OFERTADO | R15: 20000 | S15: 0 | T15: =R15+S15 -> 20000 | U15: =$D15*T15 -> 20000 | V15: =+IF(T15=0,"NO OFERTADO",IF(T15<=($G15*(1+$EL$4)),"HABILITA","NO HABILITA")) -> HABILITA | Y15: =W15+X15 -> 0 | Z15: =$D15*Y15 -> 0 | AA15: =+IF(Y15=0,"NO OFERTADO",IF(Y15<=($G15*(1+$EL$4)),"HABILITA","NO HABILITA")) -> NO OFERTADO | AD15: =AB15+AC15 -> 0 | AE15: =$D15*AD15 -> 0 | AF15: =+IF(AD15=0,"NO OFERTADO",IF(AD15<=($G15*(1+$EL$4)),"HABILITA","NO HABILITA")) -> NO OFERTADO | AI15: =AG15+AH15 -> 0 | AJ15: =$D15*AI15 -> 0 | AK15: =+IF(AI15=0,"NO OFERTADO",IF(AI15<=($G15*(1+$EL$4)),"HABILITA","NO HABILITA")) -> NO OFERTADO | AN15: =AL15+AM15 -> 0 | AO15: =$D15*AN15 -> 0 | AP15: =+IF(AN15=0,"NO OFERTADO",IF(AN15<=($G15*(1+$EL$4)),"HABILITA","NO HABILITA")) -> NO OFERTADO | AS15: =AQ15+AR15 -> 0 | AT15: =$D15*AS15 -> 0 | AU15: =+IF(AS15=0,"NO OFERTADO",IF(AS15<=($G15*(1+$EL$4)),"HABILITA","NO HABILITA")) -> NO OFERTADO | AV15: 33409 | AW15: 0 | AX15: =AV15+AW15 -> 33409 | AY15: =$D15*AX15 -> 33409 | AZ15: =+IF(AX15=0,"NO OFERTADO",IF(AX15<=($G15*(1+$EL$4)),"HABILITA","NO HABILITA")) -> HABILITA | BB15: =BA15*0.19 -> 0 | BC15: =BA15+BB15 -> 0 | BD15: =$D15*BC15 -> 0 | BE15: =+IF(BC15=0,"NO OFERTADO",IF(BC15<=($G15*(1+$EL$4)),"HABILITA","NO HABILITA")) -> NO OFERTADO | BH15: =BF15+BG15 -> 0 | BI15: =$D15*BH15 -> 0 | BJ15: =+IF(BH15=0,"NO OFERTADO",IF(BH15<=($G15*(1+$EL$4)),"HABILITA","NO HABILITA")) -> NO OFERTADO | BK15: 30000 | BL15: 0 | BM15: =BK15+BL15 -> 30000 | BN15: =$D15*BM15 -> 30000 | BO15: =+IF(BM15=0,"NO OFERTADO",IF(BM15<=($G15*(1+$EL$4)),"HABILITA","NO HABILITA")) -> HABILITA | BR15: =BP15+BQ15 -> 0 | BS15: =$D15*BR15 -> 0 | BT15: =+IF(BR15=0,"NO OFERTADO",IF(BR15<=($G15*(1+$EL$4)),"HABILITA","NO HABILITA")) -> NO OFERTADO | BW15: =BU15+BV15 -> 0 | BX15: =$D15*BW15 -> 0 | BY15: =+IF(BW15=0,"NO OFERTADO",IF(BW15<=($G15*(1+$EL$4)),"HABILITA","NO HABILITA")) -> NO OFERTADO | CB15: =BZ15+CA15 -> 0 | CC15: =$D15*CB15 -> 0 | CD15: =+IF(CB15=0,"NO OFERTADO",IF(CB15<=($G15*(1+$EL$4)),"HABILITA","NO HABILITA")) -> NO OFERTADO | CG15: =CE15+CF15 -> 0 | CH15: =$D15*CG15 -> 0 | CI15: =+IF(CG15=0,"NO OFERTADO",IF(CG15<=($G15*(1+$EL$4)),"HABILITA","NO HABILITA")) -> NO OFERTADO | CL15: =CJ15+CK15 -> 0 | CM15: =$D15*CL15 -> 0 | CN15: =+IF(CL15=0,"NO OFERTADO",IF(CL15<=($G15*(1+$EL$4)),"HABILITA","NO HABILITA")) -> NO OFERTADO | CQ15: =CO15+CP15 -> 0 | CR15: =$D15*CQ15 -> 0 | CS15: =+IF(CQ15=0,"NO OFERTADO",IF(CQ15<=($G15*(1+$EL$4)),"HABILITA","NO HABILITA")) -> NO OFERTADO | CV15: =CT15+CU15 -> 0 | CW15: =$D15*CV15 -> 0 | CX15: =+IF(CV15=0,"NO OFERTADO",IF(CV15<=($G15*(1+$EL$4)),"HABILITA","NO HABILITA")) -> NO OFERTADO | DA15: =CY15+CZ15 -> 0 | DB15: =$D15*DA15 -> 0 | DC15: =+IF(DA15=0,"NO OFERTADO",IF(DA15<=($G15*(1+$EL$4)),"HABILITA","NO HABILITA")) -> NO OFERTADO | DF15: =DD15+DE15 -> 0 | DG15: =$D15*DF15 -> 0 | DH15: =+IF(DF15=0,"NO OFERTADO",IF(DF15<=($G15*(1+$EL$4)),"HABILITA","NO HABILITA")) -> NO OFERTADO | DK15: =DI15+DJ15 -> 0 | DL15: =$D15*DK15 -> 0 | DM15: =+IF(DK15=0,"NO OFERTADO",IF(DK15<=($G15*(1+$EL$4)),"HABILITA","NO HABILITA")) -> NO OFERTADO | DP15: =DN15+DO15 -> 0 | DQ15: =$D15*DP15 -> 0 | DR15: =+IF(DP15=0,"NO OFERTADO",IF(DP15<=($G15*(1+$EL$4)),"HABILITA","NO HABILITA")) -> NO OFERTADO | DU15: =DS15+DT15 -> 0 | DV15: =$D15*DU15 -> 0 | DW15: =+IF(DU15=0,"NO OFERTADO",IF(DU15<=($G15*(1+$EL$4)),"HABILITA","NO HABILITA")) -> NO OFERTADO | DY15: =DX15*0.19 -> 0 | DZ15: =DX15+DY15 -> 0 | EA15: =$D15*DZ15 -> 0 | EB15: =+IF(DZ15=0,"NO OFERTADO",IF(DZ15<=($G15*(1+$EQ$4)),"HABILITA","NO HABILITA")) -> NO OFERTADO | EE15: =EC15+ED15 -> 0 | EF15: =$D15*EE15 -> 0 | EG15: =+IF(EE15=0,"NO OFERTADO",IF(EE15<=($G15*(1+$EQ$4)),"HABILITA","NO HABILITA")) -> NO OFERTADO | EJ15: =EH15+EI15 -> 0 | EK15: =$D15*EJ15 -> 0 | EL15: =+IF(EJ15=0,"NO OFERTADO",IF(EJ15<=($G15*(1+$EL$4)),"HABILITA","NO HABILITA")) -> NO OFERTADO
A16: 7 | B16: ACIDO POLIGLICOLICO CALIBRE 1, AGUJA CURVA REDONDA DE 34 A 37 MM 1/2 CIRCULO, HEBRA DE 70 CM O MAS | C16: 1 UNIDAD DE SOBRE | D16: 1 | E16: UN | F16: 1062.6667 | G16: 8672.4582 | J16: =H16+I16 -> 0 | K16: =$D16*J16 -> 0 | L16: =+IF(J16=0,"NO OFERTADO",IF(J16<=($G16*(1+$EL$4)),"HABILITA","NO HABILITA")) -> NO OFERTADO | M16: 8500 | N16: 0 | O16: =M16+N16 -> 8500 | P16: =$D16*O16 -> 8500 | Q16: =+IF(O16=0,"NO OFERTADO",IF(O16<=($G16*(1+$EL$4)),"HABILITA","NO HABILITA")) -> HABILITA | R16: 7400 | S16: 0 | T16: =R16+S16 -> 7400 | U16: =$D16*T16 -> 7400 | V16: =+IF(T16=0,"NO OFERTADO",IF(T16<=($G16*(1+$EL$4)),"HABILITA","NO HABILITA")) -> HABILITA | Y16: =W16+X16 -> 0 | Z16: =$D16*Y16 -> 0 | AA16: =+IF(Y16=0,"NO OFERTADO",IF(Y16<=($G16*(1+$EL$4)),"HABILITA","NO HABILITA")) -> NO OFERTADO | AD16: =AB16+AC16 -> 0 | AE16: =$D16*AD16 -> 0 | AF16: =+IF(AD16=0,"NO OFERTADO",IF(AD16<=($G16*(1+$EL$4)),"HABILITA","NO HABILITA")) -> NO OFERTADO | AI16: =AG16+AH16 -> 0 | AJ16: =$D16*AI16 -> 0 | AK16: =+IF(AI16=0,"NO OFERTADO",IF(AI16<=($G16*(1+$EL$4)),"HABILITA","NO HABILITA")) -> NO OFERTADO | AN16: =AL16+AM16 -> 0 | AO16: =$D16*AN16 -> 0 | AP16: =+IF(AN16=0,"NO OFERTADO",IF(AN16<=($G16*(1+$EL$4)),"HABILITA","NO HABILITA")) -> NO OFERTADO | AS16: =AQ16+AR16 -> 0 | AT16: =$D16*AS16 -> 0 | AU16: =+IF(AS16=0,"NO OFERTADO",IF(AS16<=($G16*(1+$EL$4)),"HABILITA","NO HABILITA")) -> NO OFERTADO | AV16: 8693 | AW16: 0 | AX16: =AV16+AW16 -> 8693 | AY16: =$D16*AX16 -> 8693 | AZ16: =+IF(AX16=0,"NO OFERTADO",IF(AX16<=($G16*(1+$EL$4)),"HABILITA","NO HABILITA")) -> HABILITA | BB16: =BA16*0.19 -> 0 | BC16: =BA16+BB16 -> 0 | BD16: =$D16*BC16 -> 0 | BE16: =+IF(BC16=0,"NO OFERTADO",IF(BC16<=($G16*(1+$EL$4)),"HABILITA","NO HABILITA")) -> NO OFERTADO | BH16: =BF16+BG16 -> 0 | BI16: =$D16*BH16 -> 0 | BJ16: =+IF(BH16=0,"NO OFERTADO",IF(BH16<=($G16*(1+$EL$4)),"HABILITA","NO HABILITA")) -> NO OFERTADO | BK16: 6900 | BL16: 0 | BM16: =BK16+BL16 -> 6900 | BN16: =$D16*BM16 -> 6900 | BO16: =+IF(BM16=0,"NO OFERTADO",IF(BM16<=($G16*(1+$EL$4)),"HABILITA","NO HABILITA")) -> HABILITA | BR16: =BP16+BQ16 -> 0 | BS16: =$D16*BR16 -> 0 | BT16: =+IF(BR16=0,"NO OFERTADO",IF(BR16<=($G16*(1+$EL$4)),"HABILITA","NO HABILITA")) -> NO OFERTADO | BW16: =BU16+BV16 -> 0 | BX16: =$D16*BW16 -> 0 | BY16: =+IF(BW16=0,"NO OFERTADO",IF(BW16<=($G16*(1+$EL$4)),"HABILITA","NO HABILITA")) -> NO OFERTADO | CB16: =BZ16+CA16 -> 0 | CC16: =$D16*CB16 -> 0 | CD16: =+IF(CB16=0,"NO OFERTADO",IF(CB16<=($G16*(1+$EL$4)),"HABILITA","NO HABILITA")) -> NO OFERTADO | CG16: =CE16+CF16 -> 0 | CH16: =$D16*CG16 -> 0 | CI16: =+IF(CG16=0,"NO OFERTADO",IF(CG16<=($G16*(1+$EL$4)),"HABILITA","NO HABILITA")) -> NO OFERTADO | CL16: =CJ16+CK16 -> 0 | CM16: =$D16*CL16 -> 0 | CN16: =+IF(CL16=0,"NO OFERTADO",IF(CL16<=($G16*(1+$EL$4)),"HABILITA","NO HABILITA")) -> NO OFERTADO | CQ16: =CO16+CP16 -> 0 | CR16: =$D16*CQ16 -> 0 | CS16: =+IF(CQ16=0,"NO OFERTADO",IF(CQ16<=($G16*(1+$EL$4)),"HABILITA","NO HABILITA")) -> NO OFERTADO | CT16: 6735 | CU16: 0 | CV16: =CT16+CU16 -> 6735 | CW16: =$D16*CV16 -> 6735 | CX16: =+IF(CV16=0,"NO OFERTADO",IF(CV16<=($G16*(1+$EL$4)),"HABILITA","NO HABILITA")) -> HABILITA | DA16: =CY16+CZ16 -> 0 | DB16: =$D16*DA16 -> 0 | DC16: =+IF(DA16=0,"NO OFERTADO",IF(DA16<=($G16*(1+$EL$4)),"HABILITA","NO HABILITA")) -> NO OFERTADO | DF16: =DD16+DE16 -> 0 | DG16: =$D16*DF16 -> 0 | DH16: =+IF(DF16=0,"NO OFERTADO",IF(DF16<=($G16*(1+$EL$4)),"HABILITA","NO HABILITA")) -> NO OFERTADO | DK16: =DI16+DJ16 -> 0 | DL16: =$D16*DK16 -> 0 | DM16: =+IF(DK16=0,"NO OFERTADO",IF(DK16<=($G16*(1+$EL$4)),"HABILITA","NO HABILITA")) -> NO OFERTADO | DP16: =DN16+DO16 -> 0 | DQ16: =$D16*DP16 -> 0 | DR16: =+IF(DP16=0,"NO OFERTADO",IF(DP16<=($G16*(1+$EL$4)),"HABILITA","NO HABILITA")) -> NO OFERTADO | DU16: =DS16+DT16 -> 0 | DV16: =$D16*DU16 -> 0 | DW16: =+IF(DU16=0,"NO OFERTADO",IF(DU16<=($G16*(1+$EL$4)),"HABILITA","NO HABILITA")) -> NO OFERTADO | DY16: =DX16*0.19 -> 0 | DZ16: =DX16+DY16 -> 0 | EA16: =$D16*DZ16 -> 0 | EB16: =+IF(DZ16=0,"NO OFERTADO",IF(DZ16<=($G16*(1+$EQ$4)),"HABILITA","NO HABILITA")) -> NO OFERTADO | EE16: =EC16+ED16 -> 0 | EF16: =$D16*EE16 -> 0 | EG16: =+IF(EE16=0,"NO OFERTADO",IF(EE16<=($G16*(1+$EQ$4)),"HABILITA","NO HABILITA")) -> NO OFERTADO | EJ16: =EH16+EI16 -> 0 | EK16: =$D16*EJ16 -> 0 | EL16: =+IF(EJ16=0,"NO OFERTADO",IF(EJ16<=($G16*(1+$EL$4)),"HABILITA","NO HABILITA")) -> NO OFERTADO
A17: 8 | B17: ACIDO POLIGLICOLICO CALIBRE 2/0, AGUJA CURVA REDONDA DE 36 A 37 MM 1/2 CIRCULO, HEBRA DE 70 CM O MAS | C17: 1 UNIDAD DE SOBRE | D17: 1 | E17: UN | F17: 87 | G17: 6912.829 | J17: =H17+I17 -> 0 | K17: =$D17*J17 -> 0 | L17: =+IF(J17=0,"NO OFERTADO",IF(J17<=($G17*(1+$EL$4)),"HABILITA","NO HABILITA")) -> NO OFERTADO | M17: 9000 | N17: 0 | O17: =M17+N17 -> 9000 | P17: =$D17*O17 -> 9000 | Q17: =+IF(O17=0,"NO OFERTADO",IF(O17<=($G17*(1+$EL$4)),"HABILITA","NO HABILITA")) -> NO HABILITA | R17: 6550 | S17: 0 | T17: =R17+S17 -> 6550 | U17: =$D17*T17 -> 6550 | V17: =+IF(T17=0,"NO OFERTADO",IF(T17<=($G17*(1+$EL$4)),"HABILITA","NO HABILITA")) -> HABILITA | Y17: =W17+X17 -> 0 | Z17: =$D17*Y17 -> 0 | AA17: =+IF(Y17=0,"NO OFERTADO",IF(Y17<=($G17*(1+$EL$4)),"HABILITA","NO HABILITA")) -> NO OFERTADO | AD17: =AB17+AC17 -> 0 | AE17: =$D17*AD17 -> 0 | AF17: =+IF(AD17=0,"NO OFERTADO",IF(AD17<=($G17*(1+$EL$4)),"HABILITA","NO HABILITA")) -> NO OFERTADO | AI17: =AG17+AH17 -> 0 | AJ17: =$D17*AI17 -> 0 | AK17: =+IF(AI17=0,"NO OFERTADO",IF(AI17<=($G17*(1+$EL$4)),"HABILITA","NO HABILITA")) -> NO OFERTADO | AN17: =AL17+AM17 -> 0 | AO17: =$D17*AN17 -> 0 | AP17: =+IF(AN17=0,"NO OFERTADO",IF(AN17<=($G17*(1+$EL$4)),"HABILITA","NO HABILITA")) -> NO OFERTADO | AS17: =AQ17+AR17 -> 0 | AT17: =$D17*AS17 -> 0 | AU17: =+IF(AS17=0,"NO OFERTADO",IF(AS17<=($G17*(1+$EL$4)),"HABILITA","NO HABILITA")) -> NO OFERTADO | AV17: 8239 | AW17: 0 | AX17: =AV17+AW17 -> 8239 | AY17: =$D17*AX17 -> 8239 | AZ17: =+IF(AX17=0,"NO OFERTADO",IF(AX17<=($G17*(1+$EL$4)),"HABILITA","NO HABILITA")) -> HABILITA | BB17: =BA17*0.19 -> 0 | BC17: =BA17+BB17 -> 0 | BD17: =$D17*BC17 -> 0 | BE17: =+IF(BC17=0,"NO OFERTADO",IF(BC17<=($G17*(1+$EL$4)),"HABILITA","NO HABILITA")) -> NO OFERTADO | BH17: =BF17+BG17 -> 0 | BI17: =$D17*BH17 -> 0 | BJ17: =+IF(BH17=0,"NO OFERTADO",IF(BH17<=($G17*(1+$EL$4)),"HABILITA","NO HABILITA")) -> NO OFERTADO | BK17: 5500 | BL17: 0 | BM17: =BK17+BL17 -> 5500 | BN17: =$D17*BM17 -> 5500 | BO17: =+IF(BM17=0,"NO OFERTADO",IF(BM17<=($G17*(1+$EL$4)),"HABILITA","NO HABILITA")) -> HABILITA | BR17: =BP17+BQ17 -> 0 | BS17: =$D17*BR17 -> 0 | BT17: =+IF(BR17=0,"NO OFERTADO",IF(BR17<=($G17*(1+$EL$4)),"HABILITA","NO HABILITA")) -> NO OFERTADO | BW17: =BU17+BV17 -> 0 | BX17: =$D17*BW17 -> 0 | BY17: =+IF(BW17=0,"NO OFERTADO",IF(BW17<=($G17*(1+$EL$4)),"HABILITA","NO HABILITA")) -> NO OFERTADO | CB17: =BZ17+CA17 -> 0 | CC17: =$D17*CB17 -> 0 | CD17: =+IF(CB17=0,"NO OFERTADO",IF(CB17<=($G17*(1+$EL$4)),"HABILITA","NO HABILITA")) -> NO OFERTADO | CG17: =CE17+CF17 -> 0 | CH17: =$D17*CG17 -> 0 | CI17: =+IF(CG17=0,"NO OFERTADO",IF(CG17<=($G17*(1+$EL$4)),"HABILITA","NO HABILITA")) -> NO OFERTADO | CL17: =CJ17+CK17 -> 0 | CM17: =$D17*CL17 -> 0 | CN17: =+IF(CL17=0,"NO OFERTADO",IF(CL17<=($G17*(1+$EL$4)),"HABILITA","NO HABILITA")) -> NO OFERTADO | CQ17: =CO17+CP17 -> 0 | CR17: =$D17*CQ17 -> 0 | CS17: =+IF(CQ17=0,"NO OFERTADO",IF(CQ17<=($G17*(1+$EL$4)),"HABILITA","NO HABILITA")) -> NO OFERTADO | CT17: 6274 | CU17: 0 | CV17: =CT17+CU17 -> 6274 | CW17: =$D17*CV17 -> 6274 | CX17: =+IF(CV17=0,"NO OFERTADO",IF(CV17<=($G17*(1+$EL$4)),"HABILITA","NO HABILITA")) -> HABILITA | DA17: =CY17+CZ17 -> 0 | DB17: =$D17*DA17 -> 0 | DC17: =+IF(DA17=0,"NO OFERTADO",IF(DA17<=($G17*(1+$EL$4)),"HABILITA","NO HABILITA")) -> NO OFERTADO | DF17: =DD17+DE17 -> 0 | DG17: =$D17*DF17 -> 0 | DH17: =+IF(DF17=0,"NO OFERTADO",IF(DF17<=($G17*(1+$EL$4)),"HABILITA","NO HABILITA")) -> NO OFERTADO | DK17: =DI17+DJ17 -> 0 | DL17: =$D17*DK17 -> 0 | DM17: =+IF(DK17=0,"NO OFERTADO",IF(DK17<=($G17*(1+$EL$4)),"HABILITA","NO HABILITA")) -> NO OFERTADO | DP17: =DN17+DO17 -> 0 | DQ17: =$D17*DP17 -> 0 | DR17: =+IF(DP17=0,"NO OFERTADO",IF(DP17<=($G17*(1+$EL$4)),"HABILITA","NO HABILITA")) -> NO OFERTADO | DU17: =DS17+DT17 -> 0 | DV17: =$D17*DU17 -> 0 | DW17: =+IF(DU17=0,"NO OFERTADO",IF(DU17<=($G17*(1+$EL$4)),"HABILITA","NO HABILITA")) -> NO OFERTADO | DY17: =DX17*0.19 -> 0 | DZ17: =DX17+DY17 -> 0 | EA17: =$D17*DZ17 -> 0 | EB17: =+IF(DZ17=0,"NO OFERTADO",IF(DZ17<=($G17*(1+$EQ$4)),"HABILITA","NO HABILITA")) -> NO OFERTADO | EE17: =EC17+ED17 -> 0 | EF17: =$D17*EE17 -> 0 | EG17: =+IF(EE17=0,"NO OFERTADO",IF(EE17<=($G17*(1+$EQ$4)),"HABILITA","NO HABILITA")) -> NO OFERTADO | EJ17: =EH17+EI17 -> 0 | EK17: =$D17*EJ17 -> 0 | EL17: =+IF(EJ17=0,"NO OFERTADO",IF(EJ17<=($G17*(1+$EL$4)),"HABILITA","NO HABILITA")) -> NO OFERTADO
A18: 9 | B18: ACIDO POLIGLICOLICO CALIBRE 2/0, AGUJA CURVA REDONDA DE 24 A 27 MM 1/2 CIRCULO, HEBRA DE 70 CM O MAS | C18: 1 UNIDAD DE SOBRE | D18: 1 | E18: UN | F18: 1 | G18: 6912.829 | J18: =H18+I18 -> 0 | K18: =$D18*J18 -> 0 | L18: =+IF(J18=0,"NO OFERTADO",IF(J18<=($G18*(1+$EL$4)),"HABILITA","NO HABILITA")) -> NO OFERTADO | M18: 8500 | N18: 0 | O18: =M18+N18 -> 8500 | P18: =$D18*O18 -> 8500 | Q18: =+IF(O18=0,"NO OFERTADO",IF(O18<=($G18*(1+$EL$4)),"HABILITA","NO HABILITA")) -> HABILITA | R18: 6550 | S18: 0 | T18: =R18+S18 -> 6550 | U18: =$D18*T18 -> 6550 | V18: =+IF(T18=0,"NO OFERTADO",IF(T18<=($G18*(1+$EL$4)),"HABILITA","NO HABILITA")) -> HABILITA | Y18: =W18+X18 -> 0 | Z18: =$D18*Y18 -> 0 | AA18: =+IF(Y18=0,"NO OFERTADO",IF(Y18<=($G18*(1+$EL$4)),"HABILITA","NO HABILITA")) -> NO OFERTADO | AD18: =AB18+AC18 -> 0 | AE18: =$D18*AD18 -> 0 | AF18: =+IF(AD18=0,"NO OFERTADO",IF(AD18<=($G18*(1+$EL$4)),"HABILITA","NO HABILITA")) -> NO OFERTADO | AI18: =AG18+AH18 -> 0 | AJ18: =$D18*AI18 -> 0 | AK18: =+IF(AI18=0,"NO OFERTADO",IF(AI18<=($G18*(1+$EL$4)),"HABILITA","NO HABILITA")) -> NO OFERTADO | AN18: =AL18+AM18 -> 0 | AO18: =$D18*AN18 -> 0 | AP18: =+IF(AN18=0,"NO OFERTADO",IF(AN18<=($G18*(1+$EL$4)),"HABILITA","NO HABILITA")) -> NO OFERTADO | AS18: =AQ18+AR18 -> 0 | AT18: =$D18*AS18 -> 0 | AU18: =+IF(AS18=0,"NO OFERTADO",IF(AS18<=($G18*(1+$EL$4)),"HABILITA","NO HABILITA")) -> NO OFERTADO | AV18: 7670 | AW18: 0 | AX18: =AV18+AW18 -> 7670 | AY18: =$D18*AX18 -> 7670 | AZ18: =+IF(AX18=0,"NO OFERTADO",IF(AX18<=($G18*(1+$EL$4)),"HABILITA","NO HABILITA")) -> HABILITA | BB18: =BA18*0.19 -> 0 | BC18: =BA18+BB18 -> 0 | BD18: =$D18*BC18 -> 0 | BE18: =+IF(BC18=0,"NO OFERTADO",IF(BC18<=($G18*(1+$EL$4)),"HABILITA","NO HABILITA")) -> NO OFERTADO | BH18: =BF18+BG18 -> 0 | BI18: =$D18*BH18 -> 0 | BJ18: =+IF(BH18=0,"NO OFERTADO",IF(BH18<=($G18*(1+$EL$4)),"HABILITA","NO HABILITA")) -> NO OFERTADO | BK18: 5500 | BL18: 0 | BM18: =BK18+BL18 -> 5500 | BN18: =$D18*BM18 -> 5500 | BO18: =+IF(BM18=0,"NO OFERTADO",IF(BM18<=($G18*(1+$EL$4)),"HABILITA","NO HABILITA")) -> HABILITA | BR18: =BP18+BQ18 -> 0 | BS18: =$D18*BR18 -> 0 | BT18: =+IF(BR18=0,"NO OFERTADO",IF(BR18<=($G18*(1+$EL$4)),"HABILITA","NO HABILITA")) -> NO OFERTADO | BW18: =BU18+BV18 -> 0 | BX18: =$D18*BW18 -> 0 | BY18: =+IF(BW18=0,"NO OFERTADO",IF(BW18<=($G18*(1+$EL$4)),"HABILITA","NO HABILITA")) -> NO OFERTADO | CB18: =BZ18+CA18 -> 0 | CC18: =$D18*CB18 -> 0 | CD18: =+IF(CB18=0,"NO OFERTADO",IF(CB18<=($G18*(1+$EL$4)),"HABILITA","NO HABILITA")) -> NO OFERTADO | CG18: =CE18+CF18 -> 0 | CH18: =$D18*CG18 -> 0 | CI18: =+IF(CG18=0,"NO OFERTADO",IF(CG18<=($G18*(1+$EL$4)),"HABILITA","NO HABILITA")) -> NO OFERTADO | CL18: =CJ18+CK18 -> 0 | CM18: =$D18*CL18 -> 0 | CN18: =+IF(CL18=0,"NO OFERTADO",IF(CL18<=($G18*(1+$EL$4)),"HABILITA","NO HABILITA")) -> NO OFERTADO | CQ18: =CO18+CP18 -> 0 | CR18: =$D18*CQ18 -> 0 | CS18: =+IF(CQ18=0,"NO OFERTADO",IF(CQ18<=($G18*(1+$EL$4)),"HABILITA","NO HABILITA")) -> NO OFERTADO | CT18: 5638 | CU18: 0 | CV18: =CT18+CU18 -> 5638 | CW18: =$D18*CV18 -> 5638 | CX18: =+IF(CV18=0,"NO OFERTADO",IF(CV18<=($G18*(1+$EL$4)),"HABILITA","NO HABILITA")) -> HABILITA | DA18: =CY18+CZ18 -> 0 | DB18: =$D18*DA18 -> 0 | DC18: =+IF(DA18=0,"NO OFERTADO",IF(DA18<=($G18*(1+$EL$4)),"HABILITA","NO HABILITA")) -> NO OFERTADO | DF18: =DD18+DE18 -> 0 | DG18: =$D18*DF18 -> 0 | DH18: =+IF(DF18=0,"NO OFERTADO",IF(DF18<=($G18*(1+$EL$4)),"HABILITA","NO HABILITA")) -> NO OFERTADO | DK18: =DI18+DJ18 -> 0 | DL18: =$D18*DK18 -> 0 | DM18: =+IF(DK18=0,"NO OFERTADO",IF(DK18<=($G18*(1+$EL$4)),"HABILITA","NO HABILITA")) -> NO OFERTADO | DP18: =DN18+DO18 -> 0 | DQ18: =$D18*DP18 -> 0 | DR18: =+IF(DP18=0,"NO OFERTADO",IF(DP18<=($G18*(1+$EL$4)),"HABILITA","NO HABILITA")) -> NO OFERTADO | DU18: =DS18+DT18 -> 0 | DV18: =$D18*DU18 -> 0 | DW18: =+IF(DU18=0,"NO OFERTADO",IF(DU18<=($G18*(1+$EL$4)),"HABILITA","NO HABILITA")) -> NO OFERTADO | DY18: =DX18*0.19 -> 0 | DZ18: =DX18+DY18 -> 0 | EA18: =$D18*DZ18 -> 0 | EB18: =+IF(DZ18=0,"NO OFERTADO",IF(DZ18<=($G18*(1+$EQ$4)),"HABILITA","NO HABILITA")) -> NO OFERTADO | EE18: =EC18+ED18 -> 0 | EF18: =$D18*EE18 -> 0 | EG18: =+IF(EE18=0,"NO OFERTADO",IF(EE18<=($G18*(1+$EQ$4)),"HABILITA","NO HABILITA")) -> NO OFERTADO | EJ18: =EH18+EI18 -> 0 | EK18: =$D18*EJ18 -> 0 | EL18: =+IF(EJ18=0,"NO OFERTADO",IF(EJ18<=($G18*(1+$EL$4)),"HABILITA","NO HABILITA")) -> NO OFERTADO
A19: 10 | B19: ACIDO POLIGLICOLICO CALIBRE 3/0, AGUJA CURVA CORTANTE DE 17 A 19 MM 3/8 CIRCULO, HEBRA DE 70 CM O MAS | C19: 1 UNIDAD DE SOBRE | D19: 1 | E19: UN | F19: 41 | G19: 6472.9217 | J19: =H19+I19 -> 0 | K19: =$D19*J19 -> 0 | L19: =+IF(J19=0,"NO OFERTADO",IF(J19<=($G19*(1+$EL$4)),"HABILITA","NO HABILITA")) -> NO OFERTADO | M19: 9000 | N19: 0 | O19: =M19+N19 -> 9000 | P19: =$D19*O19 -> 9000 | Q19: =+IF(O19=0,"NO OFERTADO",IF(O19<=($G19*(1+$EL$4)),"HABILITA","NO HABILITA")) -> NO HABILITA | R19: 5450 | S19: 0 | T19: =R19+S19 -> 5450 | U19: =$D19*T19 -> 5450 | V19: =+IF(T19=0,"NO OFERTADO",IF(T19<=($G19*(1+$EL$4)),"HABILITA","NO HABILITA")) -> HABILITA | Y19: =W19+X19 -> 0 | Z19: =$D19*Y19 -> 0 | AA19: =+IF(Y19=0,"NO OFERTADO",IF(Y19<=($G19*(1+$EL$4)),"HABILITA","NO HABILITA")) -> NO OFERTADO | AD19: =AB19+AC19 -> 0 | AE19: =$D19*AD19 -> 0 | AF19: =+IF(AD19=0,"NO OFERTADO",IF(AD19<=($G19*(1+$EL$4)),"HABILITA","NO HABILITA")) -> NO OFERTADO | AI19: =AG19+AH19 -> 0 | AJ19: =$D19*AI19 -> 0 | AK19: =+IF(AI19=0,"NO OFERTADO",IF(AI19<=($G19*(1+$EL$4)),"HABILITA","NO HABILITA")) -> NO OFERTADO | AN19: =AL19+AM19 -> 0 | AO19: =$D19*AN19 -> 0 | AP19: =+IF(AN19=0,"NO OFERTADO",IF(AN19<=($G19*(1+$EL$4)),"HABILITA","NO HABILITA")) -> NO OFERTADO | AS19: =AQ19+AR19 -> 0 | AT19: =$D19*AS19 -> 0 | AU19: =+IF(AS19=0,"NO OFERTADO",IF(AS19<=($G19*(1+$EL$4)),"HABILITA","NO HABILITA")) -> NO OFERTADO | AV19: 6364 | AW19: 0 | AX19: =AV19+AW19 -> 6364 | AY19: =$D19*AX19 -> 6364 | AZ19: =+IF(AX19=0,"NO OFERTADO",IF(AX19<=($G19*(1+$EL$4)),"HABILITA","NO HABILITA")) -> HABILITA | BB19: =BA19*0.19 -> 0 | BC19: =BA19+BB19 -> 0 | BD19: =$D19*BC19 -> 0 | BE19: =+IF(BC19=0,"NO OFERTADO",IF(BC19<=($G19*(1+$EL$4)),"HABILITA","NO HABILITA")) -> NO OFERTADO | BH19: =BF19+BG19 -> 0 | BI19: =$D19*BH19 -> 0 | BJ19: =+IF(BH19=0,"NO OFERTADO",IF(BH19<=($G19*(1+$EL$4)),"HABILITA","NO HABILITA")) -> NO OFERTADO | BK19: 5150 | BL19: 0 | BM19: =BK19+BL19 -> 5150 | BN19: =$D19*BM19 -> 5150 | BO19: =+IF(BM19=0,"NO OFERTADO",IF(BM19<=($G19*(1+$EL$4)),"HABILITA","NO HABILITA")) -> HABILITA | BR19: =BP19+BQ19 -> 0 | BS19: =$D19*BR19 -> 0 | BT19: =+IF(BR19=0,"NO OFERTADO",IF(BR19<=($G19*(1+$EL$4)),"HABILITA","NO HABILITA")) -> NO OFERTADO | BW19: =BU19+BV19 -> 0 | BX19: =$D19*BW19 -> 0 | BY19: =+IF(BW19=0,"NO OFERTADO",IF(BW19<=($G19*(1+$EL$4)),"HABILITA","NO HABILITA")) -> NO OFERTADO | CB19: =BZ19+CA19 -> 0 | CC19: =$D19*CB19 -> 0 | CD19: =+IF(CB19=0,"NO OFERTADO",IF(CB19<=($G19*(1+$EL$4)),"HABILITA","NO HABILITA")) -> NO OFERTADO | CG19: =CE19+CF19 -> 0 | CH19: =$D19*CG19 -> 0 | CI19: =+IF(CG19=0,"NO OFERTADO",IF(CG19<=($G19*(1+$EL$4)),"HABILITA","NO HABILITA")) -> NO OFERTADO | CL19: =CJ19+CK19 -> 0 | CM19: =$D19*CL19 -> 0 | CN19: =+IF(CL19=0,"NO OFERTADO",IF(CL19<=($G19*(1+$EL$4)),"HABILITA","NO HABILITA")) -> NO OFERTADO | CQ19: =CO19+CP19 -> 0 | CR19: =$D19*CQ19 -> 0 | CS19: =+IF(CQ19=0,"NO OFERTADO",IF(CQ19<=($G19*(1+$EL$4)),"HABILITA","NO HABILITA")) -> NO OFERTADO | CT19: 5500 | CU19: 0 | CV19: =CT19+CU19 -> 5500 | CW19: =$D19*CV19 -> 5500 | CX19: =+IF(CV19=0,"NO OFERTADO",IF(CV19<=($G19*(1+$EL$4)),"HABILITA","NO HABILITA")) -> HABILITA | DA19: =CY19+CZ19 -> 0 | DB19: =$D19*DA19 -> 0 | DC19: =+IF(DA19=0,"NO OFERTADO",IF(DA19<=($G19*(1+$EL$4)),"HABILITA","NO HABILITA")) -> NO OFERTADO | DF19: =DD19+DE19 -> 0 | DG19: =$D19*DF19 -> 0 | DH19: =+IF(DF19=0,"NO OFERTADO",IF(DF19<=($G19*(1+$EL$4)),"HABILITA","NO HABILITA")) -> NO OFERTADO | DK19: =DI19+DJ19 -> 0 | DL19: =$D19*DK19 -> 0 | DM19: =+IF(DK19=0,"NO OFERTADO",IF(DK19<=($G19*(1+$EL$4)),"HABILITA","NO HABILITA")) -> NO OFERTADO | DP19: =DN19+DO19 -> 0 | DQ19: =$D19*DP19 -> 0 | DR19: =+IF(DP19=0,"NO OFERTADO",IF(DP19<=($G19*(1+$EL$4)),"HABILITA","NO HABILITA")) -> NO OFERTADO | DU19: =DS19+DT19 -> 0 | DV19: =$D19*DU19 -> 0 | DW19: =+IF(DU19=0,"NO OFERTADO",IF(DU19<=($G19*(1+$EL$4)),"HABILITA","NO HABILITA")) -> NO OFERTADO | DY19: =DX19*0.19 -> 0 | DZ19: =DX19+DY19 -> 0 | EA19: =$D19*DZ19 -> 0 | EB19: =+IF(DZ19=0,"NO OFERTADO",IF(DZ19<=($G19*(1+$EQ$4)),"HABILITA","NO HABILITA")) -> NO OFERTADO | EE19: =EC19+ED19 -> 0 | EF19: =$D19*EE19 -> 0 | EG19: =+IF(EE19=0,"NO OFERTADO",IF(EE19<=($G19*(1+$EQ$4)),"HABILITA","NO HABILITA")) -> NO OFERTADO | EJ19: =EH19+EI19 -> 0 | EK19: =$D19*EJ19 -> 0 | EL19: =+IF(EJ19=0,"NO OFERTADO",IF(EJ19<=($G19*(1+$EL$4)),"HABILITA","NO HABILITA")) -> NO OFERTADO
A20: 11 | B20: ACIDO POLIGLICOLICO CALIBRE 4/0, AGUJA CURVA CORTANTE DE 17 A 19 MM 3/8 CIRCULO, HEBRA DE 45 CM O MAS | C20: 1 UNIDAD DE SOBRE | D20: 1 | E20: UN | F20: 1 | G20: 8034 | J20: =H20+I20 -> 0 | K20: =$D20*J20 -> 0 | L20: =+IF(J20=0,"NO OFERTADO",IF(J20<=($G20*(1+$EL$4)),"HABILITA","NO HABILITA")) -> NO OFERTADO | M20: 8000 | N20: 0 | O20: =M20+N20 -> 8000 | P20: =$D20*O20 -> 8000 | Q20: =+IF(O20=0,"NO OFERTADO",IF(O20<=($G20*(1+$EL$4)),"HABILITA","NO HABILITA")) -> HABILITA | R20: 5750 | S20: 0 | T20: =R20+S20 -> 5750 | U20: =$D20*T20 -> 5750 | V20: =+IF(T20=0,"NO OFERTADO",IF(T20<=($G20*(1+$EL$4)),"HABILITA","NO HABILITA")) -> HABILITA | Y20: =W20+X20 -> 0 | Z20: =$D20*Y20 -> 0 | AA20: =+IF(Y20=0,"NO OFERTADO",IF(Y20<=($G20*(1+$EL$4)),"HABILITA","NO HABILITA")) -> NO OFERTADO | AD20: =AB20+AC20 -> 0 | AE20: =$D20*AD20 -> 0 | AF20: =+IF(AD20=0,"NO OFERTADO",IF(AD20<=($G20*(1+$EL$4)),"HABILITA","NO HABILITA")) -> NO OFERTADO | AI20: =AG20+AH20 -> 0 | AJ20: =$D20*AI20 -> 0 | AK20: =+IF(AI20=0,"NO OFERTADO",IF(AI20<=($G20*(1+$EL$4)),"HABILITA","NO HABILITA")) -> NO OFERTADO | AN20: =AL20+AM20 -> 0 | AO20: =$D20*AN20 -> 0 | AP20: =+IF(AN20=0,"NO OFERTADO",IF(AN20<=($G20*(1+$EL$4)),"HABILITA","NO HABILITA")) -> NO OFERTADO | AS20: =AQ20+AR20 -> 0 | AT20: =$D20*AS20 -> 0 | AU20: =+IF(AS20=0,"NO OFERTADO",IF(AS20<=($G20*(1+$EL$4)),"HABILITA","NO HABILITA")) -> NO OFERTADO | AV20: 7438 | AW20: 0 | AX20: =AV20+AW20 -> 7438 | AY20: =$D20*AX20 -> 7438 | AZ20: =+IF(AX20=0,"NO OFERTADO",IF(AX20<=($G20*(1+$EL$4)),"HABILITA","NO HABILITA")) -> HABILITA | BB20: =BA20*0.19 -> 0 | BC20: =BA20+BB20 -> 0 | BD20: =$D20*BC20 -> 0 | BE20: =+IF(BC20=0,"NO OFERTADO",IF(BC20<=($G20*(1+$EL$4)),"HABILITA","NO HABILITA")) -> NO OFERTADO | BH20: =BF20+BG20 -> 0 | BI20: =$D20*BH20 -> 0 | BJ20: =+IF(BH20=0,"NO OFERTADO",IF(BH20<=($G20*(1+$EL$4)),"HABILITA","NO HABILITA")) -> NO OFERTADO | BK20: 6500 | BL20: 0 | BM20: =BK20+BL20 -> 6500 | BN20: =$D20*BM20 -> 6500 | BO20: =+IF(BM20=0,"NO OFERTADO",IF(BM20<=($G20*(1+$EL$4)),"HABILITA","NO HABILITA")) -> HABILITA | BR20: =BP20+BQ20 -> 0 | BS20: =$D20*BR20 -> 0 | BT20: =+IF(BR20=0,"NO OFERTADO",IF(BR20<=($G20*(1+$EL$4)),"HABILITA","NO HABILITA")) -> NO OFERTADO | BW20: =BU20+BV20 -> 0 | BX20: =$D20*BW20 -> 0 | BY20: =+IF(BW20=0,"NO OFERTADO",IF(BW20<=($G20*(1+$EL$4)),"HABILITA","NO HABILITA")) -> NO OFERTADO | CB20: =BZ20+CA20 -> 0 | CC20: =$D20*CB20 -> 0 | CD20: =+IF(CB20=0,"NO OFERTADO",IF(CB20<=($G20*(1+$EL$4)),"HABILITA","NO HABILITA")) -> NO OFERTADO | CG20: =CE20+CF20 -> 0 | CH20: =$D20*CG20 -> 0 | CI20: =+IF(CG20=0,"NO OFERTADO",IF(CG20<=($G20*(1+$EL$4)),"HABILITA","NO HABILITA")) -> NO OFERTADO | CL20: =CJ20+CK20 -> 0 | CM20: =$D20*CL20 -> 0 | CN20: =+IF(CL20=0,"NO OFERTADO",IF(CL20<=($G20*(1+$EL$4)),"HABILITA","NO HABILITA")) -> NO OFERTADO | CQ20: =CO20+CP20 -> 0 | CR20: =$D20*CQ20 -> 0 | CS20: =+IF(CQ20=0,"NO OFERTADO",IF(CQ20<=($G20*(1+$EL$4)),"HABILITA","NO HABILITA")) -> NO OFERTADO | CT20: 5689 | CU20: 0 | CV20: =CT20+CU20 -> 5689 | CW20: =$D20*CV20 -> 5689 | CX20: =+IF(CV20=0,"NO OFERTADO",IF(CV20<=($G20*(1+$EL$4)),"HABILITA","NO HABILITA")) -> HABILITA | DA20: =CY20+CZ20 -> 0 | DB20: =$D20*DA20 -> 0 | DC20: =+IF(DA20=0,"NO OFERTADO",IF(DA20<=($G20*(1+$EL$4)),"HABILITA","NO HABILITA")) -> NO OFERTADO | DF20: =DD20+DE20 -> 0 | DG20: =$D20*DF20 -> 0 | DH20: =+IF(DF20=0,"NO OFERTADO",IF(DF20<=($G20*(1+$EL$4)),"HABILITA","NO HABILITA")) -> NO OFERTADO | DK20: =DI20+DJ20 -> 0 | DL20: =$D20*DK20 -> 0 | DM20: =+IF(DK20=0,"NO OFERTADO",IF(DK20<=($G20*(1+$EL$4)),"HABILITA","NO HABILITA")) -> NO OFERTADO | DP20: =DN20+DO20 -> 0 | DQ20: =$D20*DP20 -> 0 | DR20: =+IF(DP20=0,"NO OFERTADO",IF(DP20<=($G20*(1+$EL$4)),"HABILITA","NO HABILITA")) -> NO OFERTADO | DU20: =DS20+DT20 -> 0 | DV20: =$D20*DU20 -> 0 | DW20: =+IF(DU20=0,"NO OFERTADO",IF(DU20<=($G20*(1+$EL$4)),"HABILITA","NO HABILITA")) -> NO OFERTADO | DY20: =DX20*0.19 -> 0 | DZ20: =DX20+DY20 -> 0 | EA20: =$D20*DZ20 -> 0 | EB20: =+IF(DZ20=0,"NO OFERTADO",IF(DZ20<=($G20*(1+$EQ$4)),"HABILITA","NO HABILITA")) -> NO OFERTADO | EE20: =EC20+ED20 -> 0 | EF20: =$D20*EE20 -> 0 | EG20: =+IF(EE20=0,"NO OFERTADO",IF(EE20<=($G20*(1+$EQ$4)),"HABILITA","NO HABILITA")) -> NO OFERTADO | EJ20: =EH20+EI20 -> 0 | EK20: =$D20*EJ20 -> 0 | EL20: =+IF(EJ20=0,"NO OFERTADO",IF(EJ20<=($G20*(1+$EL$4)),"HABILITA","NO HABILITA")) -> NO OFERTADO
A21: 12 | B21: ACIDO POLIGLICOLICO CALIBRE 4/0, AGUJA CURVA REDONDA DE 17 MM 1/2 CIRCULO, HEBRA DE 70 CM O MAS | C21: 1 UNIDAD DE SOBRE | D21: 1 | E21: UN | F21: 189 | G21: 6787.1412 | J21: =H21+I21 -> 0 | K21: =$D21*J21 -> 0 | L21: =+IF(J21=0,"NO OFERTADO",IF(J21<=($G21*(1+$EL$4)),"HABILITA","NO HABILITA")) -> NO OFERTADO | M21: 6780 | N21: 0 | O21: =M21+N21 -> 6780 | P21: =$D21*O21 -> 6780 | Q21: =+IF(O21=0,"NO OFERTADO",IF(O21<=($G21*(1+$EL$4)),"HABILITA","NO HABILITA")) -> HABILITA | R21: 5900 | S21: 0 | T21: =R21+S21 -> 5900 | U21: =$D21*T21 -> 5900 | V21: =+IF(T21=0,"NO OFERTADO",IF(T21<=($G21*(1+$EL$4)),"HABILITA","NO HABILITA")) -> HABILITA | Y21: =W21+X21 -> 0 | Z21: =$D21*Y21 -> 0 | AA21: =+IF(Y21=0,"NO OFERTADO",IF(Y21<=($G21*(1+$EL$4)),"HABILITA","NO HABILITA")) -> NO OFERTADO | AD21: =AB21+AC21 -> 0 | AE21: =$D21*AD21 -> 0 | AF21: =+IF(AD21=0,"NO OFERTADO",IF(AD21<=($G21*(1+$EL$4)),"HABILITA","NO HABILITA")) -> NO OFERTADO | AI21: =AG21+AH21 -> 0 | AJ21: =$D21*AI21 -> 0 | AK21: =+IF(AI21=0,"NO OFERTADO",IF(AI21<=($G21*(1+$EL$4)),"HABILITA","NO HABILITA")) -> NO OFERTADO | AN21: =AL21+AM21 -> 0 | AO21: =$D21*AN21 -> 0 | AP21: =+IF(AN21=0,"NO OFERTADO",IF(AN21<=($G21*(1+$EL$4)),"HABILITA","NO HABILITA")) -> NO OFERTADO | AS21: =AQ21+AR21 -> 0 | AT21: =$D21*AS21 -> 0 | AU21: =+IF(AS21=0,"NO OFERTADO",IF(AS21<=($G21*(1+$EL$4)),"HABILITA","NO HABILITA")) -> NO OFERTADO | AV21: 6932 | AW21: 0 | AX21: =AV21+AW21 -> 6932 | AY21: =$D21*AX21 -> 6932 | AZ21: =+IF(AX21=0,"NO OFERTADO",IF(AX21<=($G21*(1+$EL$4)),"HABILITA","NO HABILITA")) -> HABILITA | BB21: =BA21*0.19 -> 0 | BC21: =BA21+BB21 -> 0 | BD21: =$D21*BC21 -> 0 | BE21: =+IF(BC21=0,"NO OFERTADO",IF(BC21<=($G21*(1+$EL$4)),"HABILITA","NO HABILITA")) -> NO OFERTADO | BH21: =BF21+BG21 -> 0 | BI21: =$D21*BH21 -> 0 | BJ21: =+IF(BH21=0,"NO OFERTADO",IF(BH21<=($G21*(1+$EL$4)),"HABILITA","NO HABILITA")) -> NO OFERTADO | BK21: 5400 | BL21: 0 | BM21: =BK21+BL21 -> 5400 | BN21: =$D21*BM21 -> 5400 | BO21: =+IF(BM21=0,"NO OFERTADO",IF(BM21<=($G21*(1+$EL$4)),"HABILITA","NO HABILITA")) -> HABILITA | BR21: =BP21+BQ21 -> 0 | BS21: =$D21*BR21 -> 0 | BT21: =+IF(BR21=0,"NO OFERTADO",IF(BR21<=($G21*(1+$EL$4)),"HABILITA","NO HABILITA")) -> NO OFERTADO | BW21: =BU21+BV21 -> 0 | BX21: =$D21*BW21 -> 0 | BY21: =+IF(BW21=0,"NO OFERTADO",IF(BW21<=($G21*(1+$EL$4)),"HABILITA","NO HABILITA")) -> NO OFERTADO | CB21: =BZ21+CA21 -> 0 | CC21: =$D21*CB21 -> 0 | CD21: =+IF(CB21=0,"NO OFERTADO",IF(CB21<=($G21*(1+$EL$4)),"HABILITA","NO HABILITA")) -> NO OFERTADO | CG21: =CE21+CF21 -> 0 | CH21: =$D21*CG21 -> 0 | CI21: =+IF(CG21=0,"NO OFERTADO",IF(CG21<=($G21*(1+$EL$4)),"HABILITA","NO HABILITA")) -> NO OFERTADO | CL21: =CJ21+CK21 -> 0 | CM21: =$D21*CL21 -> 0 | CN21: =+IF(CL21=0,"NO OFERTADO",IF(CL21<=($G21*(1+$EL$4)),"HABILITA","NO HABILITA")) -> NO OFERTADO | CQ21: =CO21+CP21 -> 0 | CR21: =$D21*CQ21 -> 0 | CS21: =+IF(CQ21=0,"NO OFERTADO",IF(CQ21<=($G21*(1+$EL$4)),"HABILITA","NO HABILITA")) -> NO OFERTADO | CT21: 6991 | CU21: 0 | CV21: =CT21+CU21 -> 6991 | CW21: =$D21*CV21 -> 6991 | CX21: =+IF(CV21=0,"NO OFERTADO",IF(CV21<=($G21*(1+$EL$4)),"HABILITA","NO HABILITA")) -> HABILITA | DA21: =CY21+CZ21 -> 0 | DB21: =$D21*DA21 -> 0 | DC21: =+IF(DA21=0,"NO OFERTADO",IF(DA21<=($G21*(1+$EL$4)),"HABILITA","NO HABILITA")) -> NO OFERTADO | DF21: =DD21+DE21 -> 0 | DG21: =$D21*DF21 -> 0 | DH21: =+IF(DF21=0,"NO OFERTADO",IF(DF21<=($G21*(1+$EL$4)),"HABILITA","NO HABILITA")) -> NO OFERTADO | DK21: =DI21+DJ21 -> 0 | DL21: =$D21*DK21 -> 0 | DM21: =+IF(DK21=0,"NO OFERTADO",IF(DK21<=($G21*(1+$EL$4)),"HABILITA","NO HABILITA")) -> NO OFERTADO | DP21: =DN21+DO21 -> 0 | DQ21: =$D21*DP21 -> 0 | DR21: =+IF(DP21=0,"NO OFERTADO",IF(DP21<=($G21*(1+$EL$4)),"HABILITA","NO HABILITA")) -> NO OFERTADO | DU21: =DS21+DT21 -> 0 | DV21: =$D21*DU21 -> 0 | DW21: =+IF(DU21=0,"NO OFERTADO",IF(DU21<=($G21*(1+$EL$4)),"HABILITA","NO HABILITA")) -> NO OFERTADO | DY21: =DX21*0.19 -> 0 | DZ21: =DX21+DY21 -> 0 | EA21: =$D21*DZ21 -> 0 | EB21: =+IF(DZ21=0,"NO OFERTADO",IF(DZ21<=($G21*(1+$EQ$4)),"HABILITA","NO HABILITA")) -> NO OFERTADO | EE21: =EC21+ED21 -> 0 | EF21: =$D21*EE21 -> 0 | EG21: =+IF(EE21=0,"NO OFERTADO",IF(EE21<=($G21*(1+$EQ$4)),"HABILITA","NO HABILITA")) -> NO OFERTADO | EJ21: =EH21+EI21 -> 0 | EK21: =$D21*EJ21 -> 0 | EL21: =+IF(EJ21=0,"NO OFERTADO",IF(EJ21<=($G21*(1+$EL$4)),"HABILITA","NO HABILITA")) -> NO OFERTADO
A22: 13 | B22: ACIDO POLIGLICOLICO ANTIBACTERIAL CALIBRE 0, AGUJA CURVA REDONDA DE 36 A 37 MM 1/2 CIRCULO, HEBRA DE 70 CM O MAS | C22: 1 UNIDAD DE SOBRE | D22: 1 | E22: UN | F22: 1 | G22: 10100 | J22: =H22+I22 -> 0 | K22: =$D22*J22 -> 0 | L22: =+IF(J22=0,"NO OFERTADO",IF(J22<=($G22*(1+$EL$4)),"HABILITA","NO HABILITA")) -> NO OFERTADO | M22: 9100 | N22: 0 | O22: =M22+N22 -> 9100 | P22: =$D22*O22 -> 9100 | Q22: =+IF(O22=0,"NO OFERTADO",IF(O22<=($G22*(1+$EL$4)),"HABILITA","NO HABILITA")) -> HABILITA | T22: =R22+S22 -> 0 | U22: =$D22*T22 -> 0 | V22: =+IF(T22=0,"NO OFERTADO",IF(T22<=($G22*(1+$EL$4)),"HABILITA","NO HABILITA")) -> NO OFERTADO | Y22: =W22+X22 -> 0 | Z22: =$D22*Y22 -> 0 | AA22: =+IF(Y22=0,"NO OFERTADO",IF(Y22<=($G22*(1+$EL$4)),"HABILITA","NO HABILITA")) -> NO OFERTADO | AD22: =AB22+AC22 -> 0 | AE22: =$D22*AD22 -> 0 | AF22: =+IF(AD22=0,"NO OFERTADO",IF(AD22<=($G22*(1+$EL$4)),"HABILITA","NO HABILITA")) -> NO OFERTADO | AI22: =AG22+AH22 -> 0 | AJ22: =$D22*AI22 -> 0 | AK22: =+IF(AI22=0,"NO OFERTADO",IF(AI22<=($G22*(1+$EL$4)),"HABILITA","NO HABILITA")) -> NO OFERTADO | AN22: =AL22+AM22 -> 0 | AO22: =$D22*AN22 -> 0 | AP22: =+IF(AN22=0,"NO OFERTADO",IF(AN22<=($G22*(1+$EL$4)),"HABILITA","NO HABILITA")) -> NO OFERTADO | AS22: =AQ22+AR22 -> 0 | AT22: =$D22*AS22 -> 0 | AU22: =+IF(AS22=0,"NO OFERTADO",IF(AS22<=($G22*(1+$EL$4)),"HABILITA","NO HABILITA")) -> NO OFERTADO | AX22: =AV22+AW22 -> 0 | AY22: =$D22*AX22 -> 0 | AZ22: =+IF(AX22=0,"NO OFERTADO",IF(AX22<=($G22*(1+$EL$4)),"HABILITA","NO HABILITA")) -> NO OFERTADO | BB22: =BA22*0.19 -> 0 | BC22: =BA22+BB22 -> 0 | BD22: =$D22*BC22 -> 0 | BE22: =+IF(BC22=0,"NO OFERTADO",IF(BC22<=($G22*(1+$EL$4)),"HABILITA","NO HABILITA")) -> NO OFERTADO | BH22: =BF22+BG22 -> 0 | BI22: =$D22*BH22 -> 0 | BJ22: =+IF(BH22=0,"NO OFERTADO",IF(BH22<=($G22*(1+$EL$4)),"HABILITA","NO HABILITA")) -> NO OFERTADO | BK22: 5500 | BL22: 0 | BM22: =BK22+BL22 -> 5500 | BN22: =$D22*BM22 -> 5500 | BO22: =+IF(BM22=0,"NO OFERTADO",IF(BM22<=($G22*(1+$EL$4)),"HABILITA","NO HABILITA")) -> HABILITA | BR22: =BP22+BQ22 -> 0 | BS22: =$D22*BR22 -> 0 | BT22: =+IF(BR22=0,"NO OFERTADO",IF(BR22<=($G22*(1+$EL$4)),"HABILITA","NO HABILITA")) -> NO OFERTADO | BW22: =BU22+BV22 -> 0 | BX22: =$D22*BW22 -> 0 | BY22: =+IF(BW22=0,"NO OFERTADO",IF(BW22<=($G22*(1+$EL$4)),"HABILITA","NO HABILITA")) -> NO OFERTADO | CB22: =BZ22+CA22 -> 0 | CC22: =$D22*CB22 -> 0 | CD22: =+IF(CB22=0,"NO OFERTADO",IF(CB22<=($G22*(1+$EL$4)),"HABILITA","NO HABILITA")) -> NO OFERTADO | CG22: =CE22+CF22 -> 0 | CH22: =$D22*CG22 -> 0 | CI22: =+IF(CG22=0,"NO OFERTADO",IF(CG22<=($G22*(1+$EL$4)),"HABILITA","NO HABILITA")) -> NO OFERTADO | CL22: =CJ22+CK22 -> 0 | CM22: =$D22*CL22 -> 0 | CN22: =+IF(CL22=0,"NO OFERTADO",IF(CL22<=($G22*(1+$EL$4)),"HABILITA","NO HABILITA")) -> NO OFERTADO | CQ22: =CO22+CP22 -> 0 | CR22: =$D22*CQ22 -> 0 | CS22: =+IF(CQ22=0,"NO OFERTADO",IF(CQ22<=($G22*(1+$EL$4)),"HABILITA","NO HABILITA")) -> NO OFERTADO | CV22: =CT22+CU22 -> 0 | CW22: =$D22*CV22 -> 0 | CX22: =+IF(CV22=0,"NO OFERTADO",IF(CV22<=($G22*(1+$EL$4)),"HABILITA","NO HABILITA")) -> NO OFERTADO | DA22: =CY22+CZ22 -> 0 | DB22: =$D22*DA22 -> 0 | DC22: =+IF(DA22=0,"NO OFERTADO",IF(DA22<=($G22*(1+$EL$4)),"HABILITA","NO HABILITA")) -> NO OFERTADO | DF22: =DD22+DE22 -> 0 | DG22: =$D22*DF22 -> 0 | DH22: =+IF(DF22=0,"NO OFERTADO",IF(DF22<=($G22*(1+$EL$4)),"HABILITA","NO HABILITA")) -> NO OFERTADO | DK22: =DI22+DJ22 -> 0 | DL22: =$D22*DK22 -> 0 | DM22: =+IF(DK22=0,"NO OFERTADO",IF(DK22<=($G22*(1+$EL$4)),"HABILITA","NO HABILITA")) -> NO OFERTADO | DP22: =DN22+DO22 -> 0 | DQ22: =$D22*DP22 -> 0 | DR22: =+IF(DP22=0,"NO OFERTADO",IF(DP22<=($G22*(1+$EL$4)),"HABILITA","NO HABILITA")) -> NO OFERTADO | DU22: =DS22+DT22 -> 0 | DV22: =$D22*DU22 -> 0 | DW22: =+IF(DU22=0,"NO OFERTADO",IF(DU22<=($G22*(1+$EL$4)),"HABILITA","NO HABILITA")) -> NO OFERTADO | DY22: =DX22*0.19 -> 0 | DZ22: =DX22+DY22 -> 0 | EA22: =$D22*DZ22 -> 0 | EB22: =+IF(DZ22=0,"NO OFERTADO",IF(DZ22<=($G22*(1+$EQ$4)),"HABILITA","NO HABILITA")) -> NO OFERTADO | EE22: =EC22+ED22 -> 0 | EF22: =$D22*EE22 -> 0 | EG22: =+IF(EE22=0,"NO OFERTADO",IF(EE22<=($G22*(1+$EQ$4)),"HABILITA","NO HABILITA")) -> NO OFERTADO | EJ22: =EH22+EI22 -> 0 | EK22: =$D22*EJ22 -> 0 | EL22: =+IF(EJ22=0,"NO OFERTADO",IF(EJ22<=($G22*(1+$EL$4)),"HABILITA","NO HABILITA")) -> NO OFERTADO
A23: 14 | B23: ACIDO POLIGLICOLICO ANTIBACTERIAL CALIBRE 2/0, AGUJA CURVA REDONDA DE 36 A 37 MM 1/2 CIRCULO, HEBRA DE 70 CM O MAS | C23: 1 UNIDAD DE SOBRE | D23: 1 | E23: UN | F23: 1 | G23: 10100 | J23: =H23+I23 -> 0 | K23: =$D23*J23 -> 0 | L23: =+IF(J23=0,"NO OFERTADO",IF(J23<=($G23*(1+$EL$4)),"HABILITA","NO HABILITA")) -> NO OFERTADO | M23: 9000 | N23: 0 | O23: =M23+N23 -> 9000 | P23: =$D23*O23 -> 9000 | Q23: =+IF(O23=0,"NO OFERTADO",IF(O23<=($G23*(1+$EL$4)),"HABILITA","NO HABILITA")) -> HABILITA | T23: =R23+S23 -> 0 | U23: =$D23*T23 -> 0 | V23: =+IF(T23=0,"NO OFERTADO",IF(T23<=($G23*(1+$EL$4)),"HABILITA","NO HABILITA")) -> NO OFERTADO | Y23: =W23+X23 -> 0 | Z23: =$D23*Y23 -> 0 | AA23: =+IF(Y23=0,"NO OFERTADO",IF(Y23<=($G23*(1+$EL$4)),"HABILITA","NO HABILITA")) -> NO OFERTADO | AD23: =AB23+AC23 -> 0 | AE23: =$D23*AD23 -> 0 | AF23: =+IF(AD23=0,"NO OFERTADO",IF(AD23<=($G23*(1+$EL$4)),"HABILITA","NO HABILITA")) -> NO OFERTADO | AI23: =AG23+AH23 -> 0 | AJ23: =$D23*AI23 -> 0 | AK23: =+IF(AI23=0,"NO OFERTADO",IF(AI23<=($G23*(1+$EL$4)),"HABILITA","NO HABILITA")) -> NO OFERTADO | AN23: =AL23+AM23 -> 0 | AO23: =$D23*AN23 -> 0 | AP23: =+IF(AN23=0,"NO OFERTADO",IF(AN23<=($G23*(1+$EL$4)),"HABILITA","NO HABILITA")) -> NO OFERTADO | AS23: =AQ23+AR23 -> 0 | AT23: =$D23*AS23 -> 0 | AU23: =+IF(AS23=0,"NO OFERTADO",IF(AS23<=($G23*(1+$EL$4)),"HABILITA","NO HABILITA")) -> NO OFERTADO | AX23: =AV23+AW23 -> 0 | AY23: =$D23*AX23 -> 0 | AZ23: =+IF(AX23=0,"NO OFERTADO",IF(AX23<=($G23*(1+$EL$4)),"HABILITA","NO HABILITA")) -> NO OFERTADO | BB23: =BA23*0.19 -> 0 | BC23: =BA23+BB23 -> 0 | BD23: =$D23*BC23 -> 0 | BE23: =+IF(BC23=0,"NO OFERTADO",IF(BC23<=($G23*(1+$EL$4)),"HABILITA","NO HABILITA")) -> NO OFERTADO | BH23: =BF23+BG23 -> 0 | BI23: =$D23*BH23 -> 0 | BJ23: =+IF(BH23=0,"NO OFERTADO",IF(BH23<=($G23*(1+$EL$4)),"HABILITA","NO HABILITA")) -> NO OFERTADO | BK23: 5500 | BL23: 0 | BM23: =BK23+BL23 -> 5500 | BN23: =$D23*BM23 -> 5500 | BO23: =+IF(BM23=0,"NO OFERTADO",IF(BM23<=($G23*(1+$EL$4)),"HABILITA","NO HABILITA")) -> HABILITA | BR23: =BP23+BQ23 -> 0 | BS23: =$D23*BR23 -> 0 | BT23: =+IF(BR23=0,"NO OFERTADO",IF(BR23<=($G23*(1+$EL$4)),"HABILITA","NO HABILITA")) -> NO OFERTADO | BW23: =BU23+BV23 -> 0 | BX23: =$D23*BW23 -> 0 | BY23: =+IF(BW23=0,"NO OFERTADO",IF(BW23<=($G23*(1+$EL$4)),"HABILITA","NO HABILITA")) -> NO OFERTADO | CB23: =BZ23+CA23 -> 0 | CC23: =$D23*CB23 -> 0 | CD23: =+IF(CB23=0,"NO OFERTADO",IF(CB23<=($G23*(1+$EL$4)),"HABILITA","NO HABILITA")) -> NO OFERTADO | CG23: =CE23+CF23 -> 0 | CH23: =$D23*CG23 -> 0 | CI23: =+IF(CG23=0,"NO OFERTADO",IF(CG23<=($G23*(1+$EL$4)),"HABILITA","NO HABILITA")) -> NO OFERTADO | CL23: =CJ23+CK23 -> 0 | CM23: =$D23*CL23 -> 0 | CN23: =+IF(CL23=0,"NO OFERTADO",IF(CL23<=($G23*(1+$EL$4)),"HABILITA","NO HABILITA")) -> NO OFERTADO | CQ23: =CO23+CP23 -> 0 | CR23: =$D23*CQ23 -> 0 | CS23: =+IF(CQ23=0,"NO OFERTADO",IF(CQ23<=($G23*(1+$EL$4)),"HABILITA","NO HABILITA")) -> NO OFERTADO | CV23: =CT23+CU23 -> 0 | CW23: =$D23*CV23 -> 0 | CX23: =+IF(CV23=0,"NO OFERTADO",IF(CV23<=($G23*(1+$EL$4)),"HABILITA","NO HABILITA")) -> NO OFERTADO | DA23: =CY23+CZ23 -> 0 | DB23: =$D23*DA23 -> 0 | DC23: =+IF(DA23=0,"NO OFERTADO",IF(DA23<=($G23*(1+$EL$4)),"HABILITA","NO HABILITA")) -> NO OFERTADO | DF23: =DD23+DE23 -> 0 | DG23: =$D23*DF23 -> 0 | DH23: =+IF(DF23=0,"NO OFERTADO",IF(DF23<=($G23*(1+$EL$4)),"HABILITA","NO HABILITA")) -> NO OFERTADO | DK23: =DI23+DJ23 -> 0 | DL23: =$D23*DK23 -> 0 | DM23: =+IF(DK23=0,"NO OFERTADO",IF(DK23<=($G23*(1+$EL$4)),"HABILITA","NO HABILITA")) -> NO OFERTADO | DP23: =DN23+DO23 -> 0 | DQ23: =$D23*DP23 -> 0 | DR23: =+IF(DP23=0,"NO OFERTADO",IF(DP23<=($G23*(1+$EL$4)),"HABILITA","NO HABILITA")) -> NO OFERTADO | DU23: =DS23+DT23 -> 0 | DV23: =$D23*DU23 -> 0 | DW23: =+IF(DU23=0,"NO OFERTADO",IF(DU23<=($G23*(1+$EL$4)),"HABILITA","NO HABILITA")) -> NO OFERTADO | DY23: =DX23*0.19 -> 0 | DZ23: =DX23+DY23 -> 0 | EA23: =$D23*DZ23 -> 0 | EB23: =+IF(DZ23=0,"NO OFERTADO",IF(DZ23<=($G23*(1+$EQ$4)),"HABILITA","NO HABILITA")) -> NO OFERTADO | EE23: =EC23+ED23 -> 0 | EF23: =$D23*EE23 -> 0 | EG23: =+IF(EE23=0,"NO OFERTADO",IF(EE23<=($G23*(1+$EQ$4)),"HABILITA","NO HABILITA")) -> NO OFERTADO | EJ23: =EH23+EI23 -> 0 | EK23: =$D23*EJ23 -> 0 | EL23: =+IF(EJ23=0,"NO OFERTADO",IF(EJ23<=($G23*(1+$EL$4)),"HABILITA","NO HABILITA")) -> NO OFERTADO
A24: 15 | B24: ACIDO POLIGLICOLICO ANTIBACTERIAL CALIBRE 5/0, AGUJA CURVA REDONDA DE 17 A 20 MM 1/2 CIRCULO, HEBRA DE 70 CM O MAS | C24: 1 UNIDAD DE SOBRE | D24: 1 | E24: UN | F24: 1 | G24: 6842.5 | J24: =H24+I24 -> 0 | K24: =$D24*J24 -> 0 | L24: =+IF(J24=0,"NO OFERTADO",IF(J24<=($G24*(1+$EL$4)),"HABILITA","NO HABILITA")) -> NO OFERTADO | M24: 6800 | N24: 0 | O24: =M24+N24 -> 6800 | P24: =$D24*O24 -> 6800 | Q24: =+IF(O24=0,"NO OFERTADO",IF(O24<=($G24*(1+$EL$4)),"HABILITA","NO HABILITA")) -> HABILITA | T24: =R24+S24 -> 0 | U24: =$D24*T24 -> 0 | V24: =+IF(T24=0,"NO OFERTADO",IF(T24<=($G24*(1+$EL$4)),"HABILITA","NO HABILITA")) -> NO OFERTADO | Y24: =W24+X24 -> 0 | Z24: =$D24*Y24 -> 0 | AA24: =+IF(Y24=0,"NO OFERTADO",IF(Y24<=($G24*(1+$EL$4)),"HABILITA","NO HABILITA")) -> NO OFERTADO | AD24: =AB24+AC24 -> 0 | AE24: =$D24*AD24 -> 0 | AF24: =+IF(AD24=0,"NO OFERTADO",IF(AD24<=($G24*(1+$EL$4)),"HABILITA","NO HABILITA")) -> NO OFERTADO | AI24: =AG24+AH24 -> 0 | AJ24: =$D24*AI24 -> 0 | AK24: =+IF(AI24=0,"NO OFERTADO",IF(AI24<=($G24*(1+$EL$4)),"HABILITA","NO HABILITA")) -> NO OFERTADO | AN24: =AL24+AM24 -> 0 | AO24: =$D24*AN24 -> 0 | AP24: =+IF(AN24=0,"NO OFERTADO",IF(AN24<=($G24*(1+$EL$4)),"HABILITA","NO HABILITA")) -> NO OFERTADO | AS24: =AQ24+AR24 -> 0 | AT24: =$D24*AS24 -> 0 | AU24: =+IF(AS24=0,"NO OFERTADO",IF(AS24<=($G24*(1+$EL$4)),"HABILITA","NO HABILITA")) -> NO OFERTADO | AX24: =AV24+AW24 -> 0 | AY24: =$D24*AX24 -> 0 | AZ24: =+IF(AX24=0,"NO OFERTADO",IF(AX24<=($G24*(1+$EL$4)),"HABILITA","NO HABILITA")) -> NO OFERTADO | BB24: =BA24*0.19 -> 0 | BC24: =BA24+BB24 -> 0 | BD24: =$D24*BC24 -> 0 | BE24: =+IF(BC24=0,"NO OFERTADO",IF(BC24<=($G24*(1+$EL$4)),"HABILITA","NO HABILITA")) -> NO OFERTADO | BH24: =BF24+BG24 -> 0 | BI24: =$D24*BH24 -> 0 | BJ24: =+IF(BH24=0,"NO OFERTADO",IF(BH24<=($G24*(1+$EL$4)),"HABILITA","NO HABILITA")) -> NO OFERTADO | BK24: 5950 | BL24: 0 | BM24: =BK24+BL24 -> 5950 | BN24: =$D24*BM24 -> 5950 | BO24: =+IF(BM24=0,"NO OFERTADO",IF(BM24<=($G24*(1+$EL$4)),"HABILITA","NO HABILITA")) -> HABILITA | BR24: =BP24+BQ24 -> 0 | BS24: =$D24*BR24 -> 0 | BT24: =+IF(BR24=0,"NO OFERTADO",IF(BR24<=($G24*(1+$EL$4)),"HABILITA","NO HABILITA")) -> NO OFERTADO | BW24: =BU24+BV24 -> 0 | BX24: =$D24*BW24 -> 0 | BY24: =+IF(BW24=0,"NO OFERTADO",IF(BW24<=($G24*(1+$EL$4)),"HABILITA","NO HABILITA")) -> NO OFERTADO | CB24: =BZ24+CA24 -> 0 | CC24: =$D24*CB24 -> 0 | CD24: =+IF(CB24=0,"NO OFERTADO",IF(CB24<=($G24*(1+$EL$4)),"HABILITA","NO HABILITA")) -> NO OFERTADO | CG24: =CE24+CF24 -> 0 | CH24: =$D24*CG24 -> 0 | CI24: =+IF(CG24=0,"NO OFERTADO",IF(CG24<=($G24*(1+$EL$4)),"HABILITA","NO HABILITA")) -> NO OFERTADO | CL24: =CJ24+CK24 -> 0 | CM24: =$D24*CL24 -> 0 | CN24: =+IF(CL24=0,"NO OFERTADO",IF(CL24<=($G24*(1+$EL$4)),"HABILITA","NO HABILITA")) -> NO OFERTADO | CQ24: =CO24+CP24 -> 0 | CR24: =$D24*CQ24 -> 0 | CS24: =+IF(CQ24=0,"NO OFERTADO",IF(CQ24<=($G24*(1+$EL$4)),"HABILITA","NO HABILITA")) -> NO OFERTADO | CV24: =CT24+CU24 -> 0 | CW24: =$D24*CV24 -> 0 | CX24: =+IF(CV24=0,"NO OFERTADO",IF(CV24<=($G24*(1+$EL$4)),"HABILITA","NO HABILITA")) -> NO OFERTADO | DA24: =CY24+CZ24 -> 0 | DB24: =$D24*DA24 -> 0 | DC24: =+IF(DA24=0,"NO OFERTADO",IF(DA24<=($G24*(1+$EL$4)),"HABILITA","NO HABILITA")) -> NO OFERTADO | DF24: =DD24+DE24 -> 0 | DG24: =$D24*DF24 -> 0 | DH24: =+IF(DF24=0,"NO OFERTADO",IF(DF24<=($G24*(1+$EL$4)),"HABILITA","NO HABILITA")) -> NO OFERTADO | DK24: =DI24+DJ24 -> 0 | DL24: =$D24*DK24 -> 0 | DM24: =+IF(DK24=0,"NO OFERTADO",IF(DK24<=($G24*(1+$EL$4)),"HABILITA","NO HABILITA")) -> NO OFERTADO | DP24: =DN24+DO24 -> 0 | DQ24: =$D24*DP24 -> 0 | DR24: =+IF(DP24=0,"NO OFERTADO",IF(DP24<=($G24*(1+$EL$4)),"HABILITA","NO HABILITA")) -> NO OFERTADO | DU24: =DS24+DT24 -> 0 | DV24: =$D24*DU24 -> 0 | DW24: =+IF(DU24=0,"NO OFERTADO",IF(DU24<=($G24*(1+$EL$4)),"HABILITA","NO HABILITA")) -> NO OFERTADO | DY24: =DX24*0.19 -> 0 | DZ24: =DX24+DY24 -> 0 | EA24: =$D24*DZ24 -> 0 | EB24: =+IF(DZ24=0,"NO OFERTADO",IF(DZ24<=($G24*(1+$EQ$4)),"HABILITA","NO HABILITA")) -> NO OFERTADO | EE24: =EC24+ED24 -> 0 | EF24: =$D24*EE24 -> 0 | EG24: =+IF(EE24=0,"NO OFERTADO",IF(EE24<=($G24*(1+$EQ$4)),"HABILITA","NO HABILITA")) -> NO OFERTADO | EJ24: =EH24+EI24 -> 0 | EK24: =$D24*EJ24 -> 0 | EL24: =+IF(EJ24=0,"NO OFERTADO",IF(EJ24<=($G24*(1+$EL$4)),"HABILITA","NO HABILITA")) -> NO OFERTADO
A25: 16 | B25: ACIDO POLIGLICOLICO ANTIBACTERIAL CALIBRE 3/0, AGUJA CURVA REDONDA DE 19 A 22 MM 1/2 CIRCULO, HEBRA DE 70 CM O MAS | C25: 1 UNIDAD DE SOBRE | D25: 1 | E25: UN | F25: 1 | G25: 10100 | J25: =H25+I25 -> 0 | K25: =$D25*J25 -> 0 | L25: =+IF(J25=0,"NO OFERTADO",IF(J25<=($G25*(1+$EL$4)),"HABILITA","NO HABILITA")) -> NO OFERTADO | M25: 9100 | N25: 0 | O25: =M25+N25 -> 9100 | P25: =$D25*O25 -> 9100 | Q25: =+IF(O25=0,"NO OFERTADO",IF(O25<=($G25*(1+$EL$4)),"HABILITA","NO HABILITA")) -> HABILITA | T25: =R25+S25 -> 0 | U25: =$D25*T25 -> 0 | V25: =+IF(T25=0,"NO OFERTADO",IF(T25<=($G25*(1+$EL$4)),"HABILITA","NO HABILITA")) -> NO OFERTADO | Y25: =W25+X25 -> 0 | Z25: =$D25*Y25 -> 0 | AA25: =+IF(Y25=0,"NO OFERTADO",IF(Y25<=($G25*(1+$EL$4)),"HABILITA","NO HABILITA")) -> NO OFERTADO | AD25: =AB25+AC25 -> 0 | AE25: =$D25*AD25 -> 0 | AF25: =+IF(AD25=0,"NO OFERTADO",IF(AD25<=($G25*(1+$EL$4)),"HABILITA","NO HABILITA")) -> NO OFERTADO | AI25: =AG25+AH25 -> 0 | AJ25: =$D25*AI25 -> 0 | AK25: =+IF(AI25=0,"NO OFERTADO",IF(AI25<=($G25*(1+$EL$4)),"HABILITA","NO HABILITA")) -> NO OFERTADO | AN25: =AL25+AM25 -> 0 | AO25: =$D25*AN25 -> 0 | AP25: =+IF(AN25=0,"NO OFERTADO",IF(AN25<=($G25*(1+$EL$4)),"HABILITA","NO HABILITA")) -> NO OFERTADO | AS25: =AQ25+AR25 -> 0 | AT25: =$D25*AS25 -> 0 | AU25: =+IF(AS25=0,"NO OFERTADO",IF(AS25<=($G25*(1+$EL$4)),"HABILITA","NO HABILITA")) -> NO OFERTADO | AX25: =AV25+AW25 -> 0 | AY25: =$D25*AX25 -> 0 | AZ25: =+IF(AX25=0,"NO OFERTADO",IF(AX25<=($G25*(1+$EL$4)),"HABILITA","NO HABILITA")) -> NO OFERTADO | BB25: =BA25*0.19 -> 0 | BC25: =BA25+BB25 -> 0 | BD25: =$D25*BC25 -> 0 | BE25: =+IF(BC25=0,"NO OFERTADO",IF(BC25<=($G25*(1+$EL$4)),"HABILITA","NO HABILITA")) -> NO OFERTADO | BH25: =BF25+BG25 -> 0 | BI25: =$D25*BH25 -> 0 | BJ25: =+IF(BH25=0,"NO OFERTADO",IF(BH25<=($G25*(1+$EL$4)),"HABILITA","NO HABILITA")) -> NO OFERTADO | BK25: 7500 | BL25: 0 | BM25: =BK25+BL25 -> 7500 | BN25: =$D25*BM25 -> 7500 | BO25: =+IF(BM25=0,"NO OFERTADO",IF(BM25<=($G25*(1+$EL$4)),"HABILITA","NO HABILITA")) -> HABILITA | BR25: =BP25+BQ25 -> 0 | BS25: =$D25*BR25 -> 0 | BT25: =+IF(BR25=0,"NO OFERTADO",IF(BR25<=($G25*(1+$EL$4)),"HABILITA","NO HABILITA")) -> NO OFERTADO | BW25: =BU25+BV25 -> 0 | BX25: =$D25*BW25 -> 0 | BY25: =+IF(BW25=0,"NO OFERTADO",IF(BW25<=($G25*(1+$EL$4)),"HABILITA","NO HABILITA")) -> NO OFERTADO | CB25: =BZ25+CA25 -> 0 | CC25: =$D25*CB25 -> 0 | CD25: =+IF(CB25=0,"NO OFERTADO",IF(CB25<=($G25*(1+$EL$4)),"HABILITA","NO HABILITA")) -> NO OFERTADO | CG25: =CE25+CF25 -> 0 | CH25: =$D25*CG25 -> 0 | CI25: =+IF(CG25=0,"NO OFERTADO",IF(CG25<=($G25*(1+$EL$4)),"HABILITA","NO HABILITA")) -> NO OFERTADO | CL25: =CJ25+CK25 -> 0 | CM25: =$D25*CL25 -> 0 | CN25: =+IF(CL25=0,"NO OFERTADO",IF(CL25<=($G25*(1+$EL$4)),"HABILITA","NO HABILITA")) -> NO OFERTADO | CQ25: =CO25+CP25 -> 0 | CR25: =$D25*CQ25 -> 0 | CS25: =+IF(CQ25=0,"NO OFERTADO",IF(CQ25<=($G25*(1+$EL$4)),"HABILITA","NO HABILITA")) -> NO OFERTADO | CV25: =CT25+CU25 -> 0 | CW25: =$D25*CV25 -> 0 | CX25: =+IF(CV25=0,"NO OFERTADO",IF(CV25<=($G25*(1+$EL$4)),"HABILITA","NO HABILITA")) -> NO OFERTADO | DA25: =CY25+CZ25 -> 0 | DB25: =$D25*DA25 -> 0 | DC25: =+IF(DA25=0,"NO OFERTADO",IF(DA25<=($G25*(1+$EL$4)),"HABILITA","NO HABILITA")) -> NO OFERTADO | DF25: =DD25+DE25 -> 0 | DG25: =$D25*DF25 -> 0 | DH25: =+IF(DF25=0,"NO OFERTADO",IF(DF25<=($G25*(1+$EL$4)),"HABILITA","NO HABILITA")) -> NO OFERTADO | DK25: =DI25+DJ25 -> 0 | DL25: =$D25*DK25 -> 0 | DM25: =+IF(DK25=0,"NO OFERTADO",IF(DK25<=($G25*(1+$EL$4)),"HABILITA","NO HABILITA")) -> NO OFERTADO | DP25: =DN25+DO25 -> 0 | DQ25: =$D25*DP25 -> 0 | DR25: =+IF(DP25=0,"NO OFERTADO",IF(DP25<=($G25*(1+$EL$4)),"HABILITA","NO HABILITA")) -> NO OFERTADO | DU25: =DS25+DT25 -> 0 | DV25: =$D25*DU25 -> 0 | DW25: =+IF(DU25=0,"NO OFERTADO",IF(DU25<=($G25*(1+$EL$4)),"HABILITA","NO HABILITA")) -> NO OFERTADO | DY25: =DX25*0.19 -> 0 | DZ25: =DX25+DY25 -> 0 | EA25: =$D25*DZ25 -> 0 | EB25: =+IF(DZ25=0,"NO OFERTADO",IF(DZ25<=($G25*(1+$EQ$4)),"HABILITA","NO HABILITA")) -> NO OFERTADO | EE25: =EC25+ED25 -> 0 | EF25: =$D25*EE25 -> 0 | EG25: =+IF(EE25=0,"NO OFERTADO",IF(EE25<=($G25*(1+$EQ$4)),"HABILITA","NO HABILITA")) -> NO OFERTADO | EJ25: =EH25+EI25 -> 0 | EK25: =$D25*EJ25 -> 0 | EL25: =+IF(EJ25=0,"NO OFERTADO",IF(EJ25<=($G25*(1+$EL$4)),"HABILITA","NO HABILITA")) -> NO OFERTADO
A26: 17 | B26: ACIDO POLIGLICOLICO ANTIBACTERIAL CALIBRE 0, AGUJA CURVA REDONDA DE 24 A 26 MM 1/2 CIRCULO, HEBRA DE 70 CM O MAS | C26: 1 UNIDAD DE SOBRE | D26: 1 | E26: UN | F26: 1 | G26: 10100 | J26: =H26+I26 -> 0 | K26: =$D26*J26 -> 0 | L26: =+IF(J26=0,"NO OFERTADO",IF(J26<=($G26*(1+$EL$4)),"HABILITA","NO HABILITA")) -> NO OFERTADO | M26: 9100 | N26: 0 | O26: =M26+N26 -> 9100 | P26: =$D26*O26 -> 9100 | Q26: =+IF(O26=0,"NO OFERTADO",IF(O26<=($G26*(1+$EL$4)),"HABILITA","NO HABILITA")) -> HABILITA | T26: =R26+S26 -> 0 | U26: =$D26*T26 -> 0 | V26: =+IF(T26=0,"NO OFERTADO",IF(T26<=($G26*(1+$EL$4)),"HABILITA","NO HABILITA")) -> NO OFERTADO | Y26: =W26+X26 -> 0 | Z26: =$D26*Y26 -> 0 | AA26: =+IF(Y26=0,"NO OFERTADO",IF(Y26<=($G26*(1+$EL$4)),"HABILITA","NO HABILITA")) -> NO OFERTADO | AD26: =AB26+AC26 -> 0 | AE26: =$D26*AD26 -> 0 | AF26: =+IF(AD26=0,"NO OFERTADO",IF(AD26<=($G26*(1+$EL$4)),"HABILITA","NO HABILITA")) -> NO OFERTADO | AI26: =AG26+AH26 -> 0 | AJ26: =$D26*AI26 -> 0 | AK26: =+IF(AI26=0,"NO OFERTADO",IF(AI26<=($G26*(1+$EL$4)),"HABILITA","NO HABILITA")) -> NO OFERTADO | AN26: =AL26+AM26 -> 0 | AO26: =$D26*AN26 -> 0 | AP26: =+IF(AN26=0,"NO OFERTADO",IF(AN26<=($G26*(1+$EL$4)),"HABILITA","NO HABILITA")) -> NO OFERTADO | AS26: =AQ26+AR26 -> 0 | AT26: =$D26*AS26 -> 0 | AU26: =+IF(AS26=0,"NO OFERTADO",IF(AS26<=($G26*(1+$EL$4)),"HABILITA","NO HABILITA")) -> NO OFERTADO | AX26: =AV26+AW26 -> 0 | AY26: =$D26*AX26 -> 0 | AZ26: =+IF(AX26=0,"NO OFERTADO",IF(AX26<=($G26*(1+$EL$4)),"HABILITA","NO HABILITA")) -> NO OFERTADO | BB26: =BA26*0.19 -> 0 | BC26: =BA26+BB26 -> 0 | BD26: =$D26*BC26 -> 0 | BE26: =+IF(BC26=0,"NO OFERTADO",IF(BC26<=($G26*(1+$EL$4)),"HABILITA","NO HABILITA")) -> NO OFERTADO | BH26: =BF26+BG26 -> 0 | BI26: =$D26*BH26 -> 0 | BJ26: =+IF(BH26=0,"NO OFERTADO",IF(BH26<=($G26*(1+$EL$4)),"HABILITA","NO HABILITA")) -> NO OFERTADO | BK26: 5500 | BL26: 0 | BM26: =BK26+BL26 -> 5500 | BN26: =$D26*BM26 -> 5500 | BO26: =+IF(BM26=0,"NO OFERTADO",IF(BM26<=($G26*(1+$EL$4)),"HABILITA","NO HABILITA")) -> HABILITA | BR26: =BP26+BQ26 -> 0 | BS26: =$D26*BR26 -> 0 | BT26: =+IF(BR26=0,"NO OFERTADO",IF(BR26<=($G26*(1+$EL$4)),"HABILITA","NO HABILITA")) -> NO OFERTADO | BW26: =BU26+BV26 -> 0 | BX26: =$D26*BW26 -> 0 | BY26: =+IF(BW26=0,"NO OFERTADO",IF(BW26<=($G26*(1+$EL$4)),"HABILITA","NO HABILITA")) -> NO OFERTADO | CB26: =BZ26+CA26 -> 0 | CC26: =$D26*CB26 -> 0 | CD26: =+IF(CB26=0,"NO OFERTADO",IF(CB26<=($G26*(1+$EL$4)),"HABILITA","NO HABILITA")) -> NO OFERTADO | CG26: =CE26+CF26 -> 0 | CH26: =$D26*CG26 -> 0 | CI26: =+IF(CG26=0,"NO OFERTADO",IF(CG26<=($G26*(1+$EL$4)),"HABILITA","NO HABILITA")) -> NO OFERTADO | CL26: =CJ26+CK26 -> 0 | CM26: =$D26*CL26 -> 0 | CN26: =+IF(CL26=0,"NO OFERTADO",IF(CL26<=($G26*(1+$EL$4)),"HABILITA","NO HABILITA")) -> NO OFERTADO | CQ26: =CO26+CP26 -> 0 | CR26: =$D26*CQ26 -> 0 | CS26: =+IF(CQ26=0,"NO OFERTADO",IF(CQ26<=($G26*(1+$EL$4)),"HABILITA","NO HABILITA")) -> NO OFERTADO | CV26: =CT26+CU26 -> 0 | CW26: =$D26*CV26 -> 0 | CX26: =+IF(CV26=0,"NO OFERTADO",IF(CV26<=($G26*(1+$EL$4)),"HABILITA","NO HABILITA")) -> NO OFERTADO | DA26: =CY26+CZ26 -> 0 | DB26: =$D26*DA26 -> 0 | DC26: =+IF(DA26=0,"NO OFERTADO",IF(DA26<=($G26*(1+$EL$4)),"HABILITA","NO HABILITA")) -> NO OFERTADO | DF26: =DD26+DE26 -> 0 | DG26: =$D26*DF26 -> 0 | DH26: =+IF(DF26=0,"NO OFERTADO",IF(DF26<=($G26*(1+$EL$4)),"HABILITA","NO HABILITA")) -> NO OFERTADO | DK26: =DI26+DJ26 -> 0 | DL26: =$D26*DK26 -> 0 | DM26: =+IF(DK26=0,"NO OFERTADO",IF(DK26<=($G26*(1+$EL$4)),"HABILITA","NO HABILITA")) -> NO OFERTADO | DP26: =DN26+DO26 -> 0 | DQ26: =$D26*DP26 -> 0 | DR26: =+IF(DP26=0,"NO OFERTADO",IF(DP26<=($G26*(1+$EL$4)),"HABILITA","NO HABILITA")) -> NO OFERTADO | DU26: =DS26+DT26 -> 0 | DV26: =$D26*DU26 -> 0 | DW26: =+IF(DU26=0,"NO OFERTADO",IF(DU26<=($G26*(1+$EL$4)),"HABILITA","NO HABILITA")) -> NO OFERTADO | DY26: =DX26*0.19 -> 0 | DZ26: =DX26+DY26 -> 0 | EA26: =$D26*DZ26 -> 0 | EB26: =+IF(DZ26=0,"NO OFERTADO",IF(DZ26<=($G26*(1+$EQ$4)),"HABILITA","NO HABILITA")) -> NO OFERTADO | EE26: =EC26+ED26 -> 0 | EF26: =$D26*EE26 -> 0 | EG26: =+IF(EE26=0,"NO OFERTADO",IF(EE26<=($G26*(1+$EQ$4)),"HABILITA","NO HABILITA")) -> NO OFERTADO | EJ26: =EH26+EI26 -> 0 | EK26: =$D26*EJ26 -> 0 | EL26: =+IF(EJ26=0,"NO OFERTADO",IF(EJ26<=($G26*(1+$EL$4)),"HABILITA","NO HABILITA")) -> NO OFERTADO
A27: 18 | B27: ACIDO POLIGLICOLICO ANTIBACTERIAL CALIBRE 1, AGUJA CURVA REDONDA DE 34 A 37 MM 1/2 CIRCULO, HEBRA DE 70 CM O MAS | C27: 1 UNIDAD DE SOBRE | D27: 1 | E27: UN | F27: 1 | G27: 10100 | J27: =H27+I27 -> 0 | K27: =$D27*J27 -> 0 | L27: =+IF(J27=0,"NO OFERTADO",IF(J27<=($G27*(1+$EL$4)),"HABILITA","NO HABILITA")) -> NO OFERTADO | M27: 8500 | N27: 0 | O27: =M27+N27 -> 8500 | P27: =$D27*O27 -> 8500 | Q27: =+IF(O27=0,"NO OFERTADO",IF(O27<=($G27*(1+$EL$4)),"HABILITA","NO HABILITA")) -> HABILITA | T27: =R27+S27 -> 0 | U27: =$D27*T27 -> 0 | V27: =+IF(T27=0,"NO OFERTADO",IF(T27<=($G27*(1+$EL$4)),"HABILITA","NO HABILITA")) -> NO OFERTADO | Y27: =W27+X27 -> 0 | Z27: =$D27*Y27 -> 0 | AA27: =+IF(Y27=0,"NO OFERTADO",IF(Y27<=($G27*(1+$EL$4)),"HABILITA","NO HABILITA")) -> NO OFERTADO | AD27: =AB27+AC27 -> 0 | AE27: =$D27*AD27 -> 0 | AF27: =+IF(AD27=0,"NO OFERTADO",IF(AD27<=($G27*(1+$EL$4)),"HABILITA","NO HABILITA")) -> NO OFERTADO | AI27: =AG27+AH27 -> 0 | AJ27: =$D27*AI27 -> 0 | AK27: =+IF(AI27=0,"NO OFERTADO",IF(AI27<=($G27*(1+$EL$4)),"HABILITA","NO HABILITA")) -> NO OFERTADO | AN27: =AL27+AM27 -> 0 | AO27: =$D27*AN27 -> 0 | AP27: =+IF(AN27=0,"NO OFERTADO",IF(AN27<=($G27*(1+$EL$4)),"HABILITA","NO HABILITA")) -> NO OFERTADO | AS27: =AQ27+AR27 -> 0 | AT27: =$D27*AS27 -> 0 | AU27: =+IF(AS27=0,"NO OFERTADO",IF(AS27<=($G27*(1+$EL$4)),"HABILITA","NO HABILITA")) -> NO OFERTADO | AX27: =AV27+AW27 -> 0 | AY27: =$D27*AX27 -> 0 | AZ27: =+IF(AX27=0,"NO OFERTADO",IF(AX27<=($G27*(1+$EL$4)),"HABILITA","NO HABILITA")) -> NO OFERTADO | BB27: =BA27*0.19 -> 0 | BC27: =BA27+BB27 -> 0 | BD27: =$D27*BC27 -> 0 | BE27: =+IF(BC27=0,"NO OFERTADO",IF(BC27<=($G27*(1+$EL$4)),"HABILITA","NO HABILITA")) -> NO OFERTADO | BH27: =BF27+BG27 -> 0 | BI27: =$D27*BH27 -> 0 | BJ27: =+IF(BH27=0,"NO OFERTADO",IF(BH27<=($G27*(1+$EL$4)),"HABILITA","NO HABILITA")) -> NO OFERTADO | BK27: 6900 | BL27: 0 | BM27: =BK27+BL27 -> 6900 | BN27: =$D27*BM27 -> 6900 | BO27: =+IF(BM27=0,"NO OFERTADO",IF(BM27<=($G27*(1+$EL$4)),"HABILITA","NO HABILITA")) -> HABILITA | BR27: =BP27+BQ27 -> 0 | BS27: =$D27*BR27 -> 0 | BT27: =+IF(BR27=0,"NO OFERTADO",IF(BR27<=($G27*(1+$EL$4)),"HABILITA","NO HABILITA")) -> NO OFERTADO | BW27: =BU27+BV27 -> 0 | BX27: =$D27*BW27 -> 0 | BY27: =+IF(BW27=0,"NO OFERTADO",IF(BW27<=($G27*(1+$EL$4)),"HABILITA","NO HABILITA")) -> NO OFERTADO | CB27: =BZ27+CA27 -> 0 | CC27: =$D27*CB27 -> 0 | CD27: =+IF(CB27=0,"NO OFERTADO",IF(CB27<=($G27*(1+$EL$4)),"HABILITA","NO HABILITA")) -> NO OFERTADO | CG27: =CE27+CF27 -> 0 | CH27: =$D27*CG27 -> 0 | CI27: =+IF(CG27=0,"NO OFERTADO",IF(CG27<=($G27*(1+$EL$4)),"HABILITA","NO HABILITA")) -> NO OFERTADO | CL27: =CJ27+CK27 -> 0 | CM27: =$D27*CL27 -> 0 | CN27: =+IF(CL27=0,"NO OFERTADO",IF(CL27<=($G27*(1+$EL$4)),"HABILITA","NO HABILITA")) -> NO OFERTADO | CQ27: =CO27+CP27 -> 0 | CR27: =$D27*CQ27 -> 0 | CS27: =+IF(CQ27=0,"NO OFERTADO",IF(CQ27<=($G27*(1+$EL$4)),"HABILITA","NO HABILITA")) -> NO OFERTADO | CV27: =CT27+CU27 -> 0 | CW27: =$D27*CV27 -> 0 | CX27: =+IF(CV27=0,"NO OFERTADO",IF(CV27<=($G27*(1+$EL$4)),"HABILITA","NO HABILITA")) -> NO OFERTADO | DA27: =CY27+CZ27 -> 0 | DB27: =$D27*DA27 -> 0 | DC27: =+IF(DA27=0,"NO OFERTADO",IF(DA27<=($G27*(1+$EL$4)),"HABILITA","NO HABILITA")) -> NO OFERTADO | DF27: =DD27+DE27 -> 0 | DG27: =$D27*DF27 -> 0 | DH27: =+IF(DF27=0,"NO OFERTADO",IF(DF27<=($G27*(1+$EL$4)),"HABILITA","NO HABILITA")) -> NO OFERTADO | DK27: =DI27+DJ27 -> 0 | DL27: =$D27*DK27 -> 0 | DM27: =+IF(DK27=0,"NO OFERTADO",IF(DK27<=($G27*(1+$EL$4)),"HABILITA","NO HABILITA")) -> NO OFERTADO | DP27: =DN27+DO27 -> 0 | DQ27: =$D27*DP27 -> 0 | DR27: =+IF(DP27=0,"NO OFERTADO",IF(DP27<=($G27*(1+$EL$4)),"HABILITA","NO HABILITA")) -> NO OFERTADO | DU27: =DS27+DT27 -> 0 | DV27: =$D27*DU27 -> 0 | DW27: =+IF(DU27=0,"NO OFERTADO",IF(DU27<=($G27*(1+$EL$4)),"HABILITA","NO HABILITA")) -> NO OFERTADO | DY27: =DX27*0.19 -> 0 | DZ27: =DX27+DY27 -> 0 | EA27: =$D27*DZ27 -> 0 | EB27: =+IF(DZ27=0,"NO OFERTADO",IF(DZ27<=($G27*(1+$EQ$4)),"HABILITA","NO HABILITA")) -> NO OFERTADO | EE27: =EC27+ED27 -> 0 | EF27: =$D27*EE27 -> 0 | EG27: =+IF(EE27=0,"NO OFERTADO",IF(EE27<=($G27*(1+$EQ$4)),"HABILITA","NO HABILITA")) -> NO OFERTADO | EJ27: =EH27+EI27 -> 0 | EK27: =$D27*EJ27 -> 0 | EL27: =+IF(EJ27=0,"NO OFERTADO",IF(EJ27<=($G27*(1+$EL$4)),"HABILITA","NO HABILITA")) -> NO OFERTADO
A28: 19 | B28: ACIDO POLIGLICOLICO ANTIBACTERIAL CALIBRE 2/0, AGUJA CURVA REDONDA DE 24 A 27 MM 1/2 CIRCULO, HEBRA DE 70 CM O MAS | C28: 1 UNIDAD DE SOBRE | D28: 1 | E28: UN | F28: 205.66667 | G28: 10100 | J28: =H28+I28 -> 0 | K28: =$D28*J28 -> 0 | L28: =+IF(J28=0,"NO OFERTADO",IF(J28<=($G28*(1+$EL$4)),"HABILITA","NO HABILITA")) -> NO OFERTADO | M28: 8500 | N28: 0 | O28: =M28+N28 -> 8500 | P28: =$D28*O28 -> 8500 | Q28: =+IF(O28=0,"NO OFERTADO",IF(O28<=($G28*(1+$EL$4)),"HABILITA","NO HABILITA")) -> HABILITA | T28: =R28+S28 -> 0 | U28: =$D28*T28 -> 0 | V28: =+IF(T28=0,"NO OFERTADO",IF(T28<=($G28*(1+$EL$4)),"HABILITA","NO HABILITA")) -> NO OFERTADO | Y28: =W28+X28 -> 0 | Z28: =$D28*Y28 -> 0 | AA28: =+IF(Y28=0,"NO OFERTADO",IF(Y28<=($G28*(1+$EL$4)),"HABILITA","NO HABILITA")) -> NO OFERTADO | AD28: =AB28+AC28 -> 0 | AE28: =$D28*AD28 -> 0 | AF28: =+IF(AD28=0,"NO OFERTADO",IF(AD28<=($G28*(1+$EL$4)),"HABILITA","NO HABILITA")) -> NO OFERTADO | AI28: =AG28+AH28 -> 0 | AJ28: =$D28*AI28 -> 0 | AK28: =+IF(AI28=0,"NO OFERTADO",IF(AI28<=($G28*(1+$EL$4)),"HABILITA","NO HABILITA")) -> NO OFERTADO | AN28: =AL28+AM28 -> 0 | AO28: =$D28*AN28 -> 0 | AP28: =+IF(AN28=0,"NO OFERTADO",IF(AN28<=($G28*(1+$EL$4)),"HABILITA","NO HABILITA")) -> NO OFERTADO | AS28: =AQ28+AR28 -> 0 | AT28: =$D28*AS28 -> 0 | AU28: =+IF(AS28=0,"NO OFERTADO",IF(AS28<=($G28*(1+$EL$4)),"HABILITA","NO HABILITA")) -> NO OFERTADO | AX28: =AV28+AW28 -> 0 | AY28: =$D28*AX28 -> 0 | AZ28: =+IF(AX28=0,"NO OFERTADO",IF(AX28<=($G28*(1+$EL$4)),"HABILITA","NO HABILITA")) -> NO OFERTADO | BB28: =BA28*0.19 -> 0 | BC28: =BA28+BB28 -> 0 | BD28: =$D28*BC28 -> 0 | BE28: =+IF(BC28=0,"NO OFERTADO",IF(BC28<=($G28*(1+$EL$4)),"HABILITA","NO HABILITA")) -> NO OFERTADO | BH28: =BF28+BG28 -> 0 | BI28: =$D28*BH28 -> 0 | BJ28: =+IF(BH28=0,"NO OFERTADO",IF(BH28<=($G28*(1+$EL$4)),"HABILITA","NO HABILITA")) -> NO OFERTADO | BK28: 5500 | BL28: 0 | BM28: =BK28+BL28 -> 5500 | BN28: =$D28*BM28 -> 5500 | BO28: =+IF(BM28=0,"NO OFERTADO",IF(BM28<=($G28*(1+$EL$4)),"HABILITA","NO HABILITA")) -> HABILITA | BR28: =BP28+BQ28 -> 0 | BS28: =$D28*BR28 -> 0 | BT28: =+IF(BR28=0,"NO OFERTADO",IF(BR28<=($G28*(1+$EL$4)),"HABILITA","NO HABILITA")) -> NO OFERTADO | BW28: =BU28+BV28 -> 0 | BX28: =$D28*BW28 -> 0 | BY28: =+IF(BW28=0,"NO OFERTADO",IF(BW28<=($G28*(1+$EL$4)),"HABILITA","NO HABILITA")) -> NO OFERTADO | CB28: =BZ28+CA28 -> 0 | CC28: =$D28*CB28 -> 0 | CD28: =+IF(CB28=0,"NO OFERTADO",IF(CB28<=($G28*(1+$EL$4)),"HABILITA","NO HABILITA")) -> NO OFERTADO | CG28: =CE28+CF28 -> 0 | CH28: =$D28*CG28 -> 0 | CI28: =+IF(CG28=0,"NO OFERTADO",IF(CG28<=($G28*(1+$EL$4)),"HABILITA","NO HABILITA")) -> NO OFERTADO | CL28: =CJ28+CK28 -> 0 | CM28: =$D28*CL28 -> 0 | CN28: =+IF(CL28=0,"NO OFERTADO",IF(CL28<=($G28*(1+$EL$4)),"HABILITA","NO HABILITA")) -> NO OFERTADO | CQ28: =CO28+CP28 -> 0 | CR28: =$D28*CQ28 -> 0 | CS28: =+IF(CQ28=0,"NO OFERTADO",IF(CQ28<=($G28*(1+$EL$4)),"HABILITA","NO HABILITA")) -> NO OFERTADO | CV28: =CT28+CU28 -> 0 | CW28: =$D28*CV28 -> 0 | CX28: =+IF(CV28=0,"NO OFERTADO",IF(CV28<=($G28*(1+$EL$4)),"HABILITA","NO HABILITA")) -> NO OFERTADO | DA28: =CY28+CZ28 -> 0 | DB28: =$D28*DA28 -> 0 | DC28: =+IF(DA28=0,"NO OFERTADO",IF(DA28<=($G28*(1+$EL$4)),"HABILITA","NO HABILITA")) -> NO OFERTADO | DF28: =DD28+DE28 -> 0 | DG28: =$D28*DF28 -> 0 | DH28: =+IF(DF28=0,"NO OFERTADO",IF(DF28<=($G28*(1+$EL$4)),"HABILITA","NO HABILITA")) -> NO OFERTADO | DK28: =DI28+DJ28 -> 0 | DL28: =$D28*DK28 -> 0 | DM28: =+IF(DK28=0,"NO OFERTADO",IF(DK28<=($G28*(1+$EL$4)),"HABILITA","NO HABILITA")) -> NO OFERTADO | DP28: =DN28+DO28 -> 0 | DQ28: =$D28*DP28 -> 0 | DR28: =+IF(DP28=0,"NO OFERTADO",IF(DP28<=($G28*(1+$EL$4)),"HABILITA","NO HABILITA")) -> NO OFERTADO | DU28: =DS28+DT28 -> 0 | DV28: =$D28*DU28 -> 0 | DW28: =+IF(DU28=0,"NO OFERTADO",IF(DU28<=($G28*(1+$EL$4)),"HABILITA","NO HABILITA")) -> NO OFERTADO | DY28: =DX28*0.19 -> 0 | DZ28: =DX28+DY28 -> 0 | EA28: =$D28*DZ28 -> 0 | EB28: =+IF(DZ28=0,"NO OFERTADO",IF(DZ28<=($G28*(1+$EQ$4)),"HABILITA","NO HABILITA")) -> NO OFERTADO | EE28: =EC28+ED28 -> 0 | EF28: =$D28*EE28 -> 0 | EG28: =+IF(EE28=0,"NO OFERTADO",IF(EE28<=($G28*(1+$EQ$4)),"HABILITA","NO HABILITA")) -> NO OFERTADO | EJ28: =EH28+EI28 -> 0 | EK28: =$D28*EJ28 -> 0 | EL28: =+IF(EJ28=0,"NO OFERTADO",IF(EJ28<=($G28*(1+$EL$4)),"HABILITA","NO HABILITA")) -> NO OFERTADO
A29: 20 | B29: ACIDO GLICOLICO Y ACIDO LACTICO O POLIGLACTINA 910 CALIBRE 4/0 CON AGUJA CURVA REDONDA DE 17 MM 1/2 CIRCULO, HEBRA DE 70 CM O MAS, DE CORTO TERMINO | C29: 1 UNIDAD DE SOBRE | D29: 1 | E29: UN | F29: 1 | G29: 10100 | J29: =H29+I29 -> 0 | K29: =$D29*J29 -> 0 | L29: =+IF(J29=0,"NO OFERTADO",IF(J29<=($G29*(1+$EL$4)),"HABILITA","NO HABILITA")) -> NO OFERTADO | M29: 9100 | N29: 0 | O29: =M29+N29 -> 9100 | P29: =$D29*O29 -> 9100 | Q29: =+IF(O29=0,"NO OFERTADO",IF(O29<=($G29*(1+$EL$4)),"HABILITA","NO HABILITA")) -> HABILITA | R29: 8500 | S29: 0 | T29: =R29+S29 -> 8500 | U29: =$D29*T29 -> 8500 | V29: =+IF(T29=0,"NO OFERTADO",IF(T29<=($G29*(1+$EL$4)),"HABILITA","NO HABILITA")) -> HABILITA | Y29: =W29+X29 -> 0 | Z29: =$D29*Y29 -> 0 | AA29: =+IF(Y29=0,"NO OFERTADO",IF(Y29<=($G29*(1+$EL$4)),"HABILITA","NO HABILITA")) -> NO OFERTADO | AD29: =AB29+AC29 -> 0 | AE29: =$D29*AD29 -> 0 | AF29: =+IF(AD29=0,"NO OFERTADO",IF(AD29<=($G29*(1+$EL$4)),"HABILITA","NO HABILITA")) -> NO OFERTADO | AI29: =AG29+AH29 -> 0 | AJ29: =$D29*AI29 -> 0 | AK29: =+IF(AI29=0,"NO OFERTADO",IF(AI29<=($G29*(1+$EL$4)),"HABILITA","NO HABILITA")) -> NO OFERTADO | AN29: =AL29+AM29 -> 0 | AO29: =$D29*AN29 -> 0 | AP29: =+IF(AN29=0,"NO OFERTADO",IF(AN29<=($G29*(1+$EL$4)),"HABILITA","NO HABILITA")) -> NO OFERTADO | AS29: =AQ29+AR29 -> 0 | AT29: =$D29*AS29 -> 0 | AU29: =+IF(AS29=0,"NO OFERTADO",IF(AS29<=($G29*(1+$EL$4)),"HABILITA","NO HABILITA")) -> NO OFERTADO | AX29: =AV29+AW29 -> 0 | AY29: =$D29*AX29 -> 0 | AZ29: =+IF(AX29=0,"NO OFERTADO",IF(AX29<=($G29*(1+$EL$4)),"HABILITA","NO HABILITA")) -> NO OFERTADO | BB29: =BA29*0.19 -> 0 | BC29: =BA29+BB29 -> 0 | BD29: =$D29*BC29 -> 0 | BE29: =+IF(BC29=0,"NO OFERTADO",IF(BC29<=($G29*(1+$EL$4)),"HABILITA","NO HABILITA")) -> NO OFERTADO | BH29: =BF29+BG29 -> 0 | BI29: =$D29*BH29 -> 0 | BJ29: =+IF(BH29=0,"NO OFERTADO",IF(BH29<=($G29*(1+$EL$4)),"HABILITA","NO HABILITA")) -> NO OFERTADO | BK29: 8600 | BL29: 0 | BM29: =BK29+BL29 -> 8600 | BN29: =$D29*BM29 -> 8600 | BO29: =+IF(BM29=0,"NO OFERTADO",IF(BM29<=($G29*(1+$EL$4)),"HABILITA","NO HABILITA")) -> HABILITA | BR29: =BP29+BQ29 -> 0 | BS29: =$D29*BR29 -> 0 | BT29: =+IF(BR29=0,"NO OFERTADO",IF(BR29<=($G29*(1+$EL$4)),"HABILITA","NO HABILITA")) -> NO OFERTADO | BW29: =BU29+BV29 -> 0 | BX29: =$D29*BW29 -> 0 | BY29: =+IF(BW29=0,"NO OFERTADO",IF(BW29<=($G29*(1+$EL$4)),"HABILITA","NO HABILITA")) -> NO OFERTADO | CB29: =BZ29+CA29 -> 0 | CC29: =$D29*CB29 -> 0 | CD29: =+IF(CB29=0,"NO OFERTADO",IF(CB29<=($G29*(1+$EL$4)),"HABILITA","NO HABILITA")) -> NO OFERTADO | CG29: =CE29+CF29 -> 0 | CH29: =$D29*CG29 -> 0 | CI29: =+IF(CG29=0,"NO OFERTADO",IF(CG29<=($G29*(1+$EL$4)),"HABILITA","NO HABILITA")) -> NO OFERTADO | CL29: =CJ29+CK29 -> 0 | CM29: =$D29*CL29 -> 0 | CN29: =+IF(CL29=0,"NO OFERTADO",IF(CL29<=($G29*(1+$EL$4)),"HABILITA","NO HABILITA")) -> NO OFERTADO | CQ29: =CO29+CP29 -> 0 | CR29: =$D29*CQ29 -> 0 | CS29: =+IF(CQ29=0,"NO OFERTADO",IF(CQ29<=($G29*(1+$EL$4)),"HABILITA","NO HABILITA")) -> NO OFERTADO | CV29: =CT29+CU29 -> 0 | CW29: =$D29*CV29 -> 0 | CX29: =+IF(CV29=0,"NO OFERTADO",IF(CV29<=($G29*(1+$EL$4)),"HABILITA","NO HABILITA")) -> NO OFERTADO | DA29: =CY29+CZ29 -> 0 | DB29: =$D29*DA29 -> 0 | DC29: =+IF(DA29=0,"NO OFERTADO",IF(DA29<=($G29*(1+$EL$4)),"HABILITA","NO HABILITA")) -> NO OFERTADO | DF29: =DD29+DE29 -> 0 | DG29: =$D29*DF29 -> 0 | DH29: =+IF(DF29=0,"NO OFERTADO",IF(DF29<=($G29*(1+$EL$4)),"HABILITA","NO HABILITA")) -> NO OFERTADO | DK29: =DI29+DJ29 -> 0 | DL29: =$D29*DK29 -> 0 | DM29: =+IF(DK29=0,"NO OFERTADO",IF(DK29<=($G29*(1+$EL$4)),"HABILITA","NO HABILITA")) -> NO OFERTADO | DP29: =DN29+DO29 -> 0 | DQ29: =$D29*DP29 -> 0 | DR29: =+IF(DP29=0,"NO OFERTADO",IF(DP29<=($G29*(1+$EL$4)),"HABILITA","NO HABILITA")) -> NO OFERTADO | DU29: =DS29+DT29 -> 0 | DV29: =$D29*DU29 -> 0 | DW29: =+IF(DU29=0,"NO OFERTADO",IF(DU29<=($G29*(1+$EL$4)),"HABILITA","NO HABILITA")) -> NO OFERTADO | DY29: =DX29*0.19 -> 0 | DZ29: =DX29+DY29 -> 0 | EA29: =$D29*DZ29 -> 0 | EB29: =+IF(DZ29=0,"NO OFERTADO",IF(DZ29<=($G29*(1+$EQ$4)),"HABILITA","NO HABILITA")) -> NO OFERTADO | EE29: =EC29+ED29 -> 0 | EF29: =$D29*EE29 -> 0 | EG29: =+IF(EE29=0,"NO OFERTADO",IF(EE29<=($G29*(1+$EQ$4)),"HABILITA","NO HABILITA")) -> NO OFERTADO | EJ29: =EH29+EI29 -> 0 | EK29: =$D29*EJ29 -> 0 | EL29: =+IF(EJ29=0,"NO OFERTADO",IF(EJ29<=($G29*(1+$EL$4)),"HABILITA","NO HABILITA")) -> NO OFERTADO
A30: 21 | B30: ACIDO POLIGLICOLICO ANTIBACTERIIAL CALIBRE 4/0, AGUJA CURVA REDONDA DE 17 MM 1/2 CIRCULO, HEBRA DE 70 CM O MAS | C30: 1 UNIDAD DE SOBRE | D30: 1 | E30: UN | F30: 1 | G30: 10100 | J30: =H30+I30 -> 0 | K30: =$D30*J30 -> 0 | L30: =+IF(J30=0,"NO OFERTADO",IF(J30<=($G30*(1+$EL$4)),"HABILITA","NO HABILITA")) -> NO OFERTADO | M30: 8500 | N30: 0 | O30: =M30+N30 -> 8500 | P30: =$D30*O30 -> 8500 | Q30: =+IF(O30=0,"NO OFERTADO",IF(O30<=($G30*(1+$EL$4)),"HABILITA","NO HABILITA")) -> HABILITA | T30: =R30+S30 -> 0 | U30: =$D30*T30 -> 0 | V30: =+IF(T30=0,"NO OFERTADO",IF(T30<=($G30*(1+$EL$4)),"HABILITA","NO HABILITA")) -> NO OFERTADO | Y30: =W30+X30 -> 0 | Z30: =$D30*Y30 -> 0 | AA30: =+IF(Y30=0,"NO OFERTADO",IF(Y30<=($G30*(1+$EL$4)),"HABILITA","NO HABILITA")) -> NO OFERTADO | AD30: =AB30+AC30 -> 0 | AE30: =$D30*AD30 -> 0 | AF30: =+IF(AD30=0,"NO OFERTADO",IF(AD30<=($G30*(1+$EL$4)),"HABILITA","NO HABILITA")) -> NO OFERTADO | AI30: =AG30+AH30 -> 0 | AJ30: =$D30*AI30 -> 0 | AK30: =+IF(AI30=0,"NO OFERTADO",IF(AI30<=($G30*(1+$EL$4)),"HABILITA","NO HABILITA")) -> NO OFERTADO | AN30: =AL30+AM30 -> 0 | AO30: =$D30*AN30 -> 0 | AP30: =+IF(AN30=0,"NO OFERTADO",IF(AN30<=($G30*(1+$EL$4)),"HABILITA","NO HABILITA")) -> NO OFERTADO | AS30: =AQ30+AR30 -> 0 | AT30: =$D30*AS30 -> 0 | AU30: =+IF(AS30=0,"NO OFERTADO",IF(AS30<=($G30*(1+$EL$4)),"HABILITA","NO HABILITA")) -> NO OFERTADO | AX30: =AV30+AW30 -> 0 | AY30: =$D30*AX30 -> 0 | AZ30: =+IF(AX30=0,"NO OFERTADO",IF(AX30<=($G30*(1+$EL$4)),"HABILITA","NO HABILITA")) -> NO OFERTADO | BB30: =BA30*0.19 -> 0 | BC30: =BA30+BB30 -> 0 | BD30: =$D30*BC30 -> 0 | BE30: =+IF(BC30=0,"NO OFERTADO",IF(BC30<=($G30*(1+$EL$4)),"HABILITA","NO HABILITA")) -> NO OFERTADO | BH30: =BF30+BG30 -> 0 | BI30: =$D30*BH30 -> 0 | BJ30: =+IF(BH30=0,"NO OFERTADO",IF(BH30<=($G30*(1+$EL$4)),"HABILITA","NO HABILITA")) -> NO OFERTADO | BK30: 5400 | BL30: 0 | BM30: =BK30+BL30 -> 5400 | BN30: =$D30*BM30 -> 5400 | BO30: =+IF(BM30=0,"NO OFERTADO",IF(BM30<=($G30*(1+$EL$4)),"HABILITA","NO HABILITA")) -> HABILITA | BR30: =BP30+BQ30 -> 0 | BS30: =$D30*BR30 -> 0 | BT30: =+IF(BR30=0,"NO OFERTADO",IF(BR30<=($G30*(1+$EL$4)),"HABILITA","NO HABILITA")) -> NO OFERTADO | BW30: =BU30+BV30 -> 0 | BX30: =$D30*BW30 -> 0 | BY30: =+IF(BW30=0,"NO OFERTADO",IF(BW30<=($G30*(1+$EL$4)),"HABILITA","NO HABILITA")) -> NO OFERTADO | CB30: =BZ30+CA30 -> 0 | CC30: =$D30*CB30 -> 0 | CD30: =+IF(CB30=0,"NO OFERTADO",IF(CB30<=($G30*(1+$EL$4)),"HABILITA","NO HABILITA")) -> NO OFERTADO | CG30: =CE30+CF30 -> 0 | CH30: =$D30*CG30 -> 0 | CI30: =+IF(CG30=0,"NO OFERTADO",IF(CG30<=($G30*(1+$EL$4)),"HABILITA","NO HABILITA")) -> NO OFERTADO | CL30: =CJ30+CK30 -> 0 | CM30: =$D30*CL30 -> 0 | CN30: =+IF(CL30=0,"NO OFERTADO",IF(CL30<=($G30*(1+$EL$4)),"HABILITA","NO HABILITA")) -> NO OFERTADO | CQ30: =CO30+CP30 -> 0 | CR30: =$D30*CQ30 -> 0 | CS30: =+IF(CQ30=0,"NO OFERTADO",IF(CQ30<=($G30*(1+$EL$4)),"HABILITA","NO HABILITA")) -> NO OFERTADO | CV30: =CT30+CU30 -> 0 | CW30: =$D30*CV30 -> 0 | CX30: =+IF(CV30=0,"NO OFERTADO",IF(CV30<=($G30*(1+$EL$4)),"HABILITA","NO HABILITA")) -> NO OFERTADO | DA30: =CY30+CZ30 -> 0 | DB30: =$D30*DA30 -> 0 | DC30: =+IF(DA30=0,"NO OFERTADO",IF(DA30<=($G30*(1+$EL$4)),"HABILITA","NO HABILITA")) -> NO OFERTADO | DF30: =DD30+DE30 -> 0 | DG30: =$D30*DF30 -> 0 | DH30: =+IF(DF30=0,"NO OFERTADO",IF(DF30<=($G30*(1+$EL$4)),"HABILITA","NO HABILITA")) -> NO OFERTADO | DK30: =DI30+DJ30 -> 0 | DL30: =$D30*DK30 -> 0 | DM30: =+IF(DK30=0,"NO OFERTADO",IF(DK30<=($G30*(1+$EL$4)),"HABILITA","NO HABILITA")) -> NO OFERTADO | DP30: =DN30+DO30 -> 0 | DQ30: =$D30*DP30 -> 0 | DR30: =+IF(DP30=0,"NO OFERTADO",IF(DP30<=($G30*(1+$EL$4)),"HABILITA","NO HABILITA")) -> NO OFERTADO | DU30: =DS30+DT30 -> 0 | DV30: =$D30*DU30 -> 0 | DW30: =+IF(DU30=0,"NO OFERTADO",IF(DU30<=($G30*(1+$EL$4)),"HABILITA","NO HABILITA")) -> NO OFERTADO | DY30: =DX30*0.19 -> 0 | DZ30: =DX30+DY30 -> 0 | EA30: =$D30*DZ30 -> 0 | EB30: =+IF(DZ30=0,"NO OFERTADO",IF(DZ30<=($G30*(1+$EQ$4)),"HABILITA","NO HABILITA")) -> NO OFERTADO | EE30: =EC30+ED30 -> 0 | EF30: =$D30*EE30 -> 0 | EG30: =+IF(EE30=0,"NO OFERTADO",IF(EE30<=($G30*(1+$EQ$4)),"HABILITA","NO HABILITA")) -> NO OFERTADO | EJ30: =EH30+EI30 -> 0 | EK30: =$D30*EJ30 -> 0 | EL30: =+IF(EJ30=0,"NO OFERTADO",IF(EJ30<=($G30*(1+$EL$4)),"HABILITA","NO HABILITA")) -> NO OFERTADO
A31: 22 | B31: AGUJA HIPODERMICA DESECHABLE 22G X 1 1/2" | C31: 1 UNIDAD DE AGUJA | D31: 1 | E31: UN | F31: 50 | G31: 57.816388 | H31: 65 | I31: =H31*0.19 -> 12.35 | J31: =H31+I31 -> 77.35 | K31: =$D31*J31 -> 77.35 | L31: =+IF(J31=0,"NO OFERTADO",IF(J31<=($G31*(1+$EL$4)),"HABILITA","NO HABILITA")) -> NO HABILITA | N31: 0 | O31: =M31+N31 -> 0 | P31: =$D31*O31 -> 0 | Q31: =+IF(O31=0,"NO OFERTADO",IF(O31<=($G31*(1+$EL$4)),"HABILITA","NO HABILITA")) -> NO OFERTADO | T31: =R31+S31 -> 0 | U31: =$D31*T31 -> 0 | V31: =+IF(T31=0,"NO OFERTADO",IF(T31<=($G31*(1+$EL$4)),"HABILITA","NO HABILITA")) -> NO OFERTADO | Y31: =W31+X31 -> 0 | Z31: =$D31*Y31 -> 0 | AA31: =+IF(Y31=0,"NO OFERTADO",IF(Y31<=($G31*(1+$EL$4)),"HABILITA","NO HABILITA")) -> NO OFERTADO | AD31: =AB31+AC31 -> 0 | AE31: =$D31*AD31 -> 0 | AF31: =+IF(AD31=0,"NO OFERTADO",IF(AD31<=($G31*(1+$EL$4)),"HABILITA","NO HABILITA")) -> NO OFERTADO | AI31: =AG31+AH31 -> 0 | AJ31: =$D31*AI31 -> 0 | AK31: =+IF(AI31=0,"NO OFERTADO",IF(AI31<=($G31*(1+$EL$4)),"HABILITA","NO HABILITA")) -> NO OFERTADO | AN31: =AL31+AM31 -> 0 | AO31: =$D31*AN31 -> 0 | AP31: =+IF(AN31=0,"NO OFERTADO",IF(AN31<=($G31*(1+$EL$4)),"HABILITA","NO HABILITA")) -> NO OFERTADO | AS31: =AQ31+AR31 -> 0 | AT31: =$D31*AS31 -> 0 | AU31: =+IF(AS31=0,"NO OFERTADO",IF(AS31<=($G31*(1+$EL$4)),"HABILITA","NO HABILITA")) -> NO OFERTADO | AV31: 59 | AW31: =AV31*0.19 -> 11.21 | AX31: =AV31+AW31 -> 70.21 | AY31: =$D31*AX31 -> 70.21 | AZ31: =+IF(AX31=0,"NO OFERTADO",IF(AX31<=($G31*(1+$EL$4)),"HABILITA","NO HABILITA")) -> HABILITA | BB31: =BA31*0.19 -> 0 | BC31: =BA31+BB31 -> 0 | BD31: =$D31*BC31 -> 0 | BE31: =+IF(BC31=0,"NO OFERTADO",IF(BC31<=($G31*(1+$EL$4)),"HABILITA","NO HABILITA")) -> NO OFERTADO | BH31: =BF31+BG31 -> 0 | BI31: =$D31*BH31 -> 0 | BJ31: =+IF(BH31=0,"NO OFERTADO",IF(BH31<=($G31*(1+$EL$4)),"HABILITA","NO HABILITA")) -> NO OFERTADO | BM31: =BK31+BL31 -> 0 | BN31: =$D31*BM31 -> 0 | BO31: =+IF(BM31=0,"NO OFERTADO",IF(BM31<=($G31*(1+$EL$4)),"HABILITA","NO HABILITA")) -> NO OFERTADO | BR31: =BP31+BQ31 -> 0 | BS31: =$D31*BR31 -> 0 | BT31: =+IF(BR31=0,"NO OFERTADO",IF(BR31<=($G31*(1+$EL$4)),"HABILITA","NO HABILITA")) -> NO OFERTADO | BU31: 65 | BV31: =BU31*0.19 -> 12.35 | BW31: =BU31+BV31 -> 77.35 | BX31: =$D31*BW31 -> 77.35 | BY31: =+IF(BW31=0,"NO OFERTADO",IF(BW31<=($G31*(1+$EL$4)),"HABILITA","NO HABILITA")) -> NO HABILITA | CB31: =BZ31+CA31 -> 0 | CC31: =$D31*CB31 -> 0 | CD31: =+IF(CB31=0,"NO OFERTADO",IF(CB31<=($G31*(1+$EL$4)),"HABILITA","NO HABILITA")) -> NO OFERTADO | CE31: 59 | CF31: =CE31*0.19 -> 11.21 | CG31: =CE31+CF31 -> 70.21 | CH31: =$D31*CG31 -> 70.21 | CI31: =+IF(CG31=0,"NO OFERTADO",IF(CG31<=($G31*(1+$EL$4)),"HABILITA","NO HABILITA")) -> HABILITA | CL31: =CJ31+CK31 -> 0 | CM31: =$D31*CL31 -> 0 | CN31: =+IF(CL31=0,"NO OFERTADO",IF(CL31<=($G31*(1+$EL$4)),"HABILITA","NO HABILITA")) -> NO OFERTADO | CO31: 70 | CP31: =CO31*0.19 -> 13.3 | CQ31: =CO31+CP31 -> 83.3 | CR31: =$D31*CQ31 -> 83.3 | CS31: =+IF(CQ31=0,"NO OFERTADO",IF(CQ31<=($G31*(1+$EL$4)),"HABILITA","NO HABILITA")) -> NO HABILITA | CT31: 64 | CU31: =CT31*0.19 -> 12.16 | CV31: =CT31+CU31 -> 76.16 | CW31: =$D31*CV31 -> 76.16 | CX31: =+IF(CV31=0,"NO OFERTADO",IF(CV31<=($G31*(1+$EL$4)),"HABILITA","NO HABILITA")) -> NO HABILITA | DA31: =CY31+CZ31 -> 0 | DB31: =$D31*DA31 -> 0 | DC31: =+IF(DA31=0,"NO OFERTADO",IF(DA31<=($G31*(1+$EL$4)),"HABILITA","NO HABILITA")) -> NO OFERTADO | DF31: =DD31+DE31 -> 0 | DG31: =$D31*DF31 -> 0 | DH31: =+IF(DF31=0,"NO OFERTADO",IF(DF31<=($G31*(1+$EL$4)),"HABILITA","NO HABILITA")) -> NO OFERTADO | DI31: 66 | DJ31: =DI31*0.19 -> 12.54 | DK31: =DI31+DJ31 -> 78.54 | DL31: =$D31*DK31 -> 78.54 | DM31: =+IF(DK31=0,"NO OFERTADO",IF(DK31<=($G31*(1+$EL$4)),"HABILITA","NO HABILITA")) -> NO HABILITA | DP31: =DN31+DO31 -> 0 | DQ31: =$D31*DP31 -> 0 | DR31: =+IF(DP31=0,"NO OFERTADO",IF(DP31<=($G31*(1+$EL$4)),"HABILITA","NO HABILITA")) -> NO OFERTADO | DU31: =DS31+DT31 -> 0 | DV31: =$D31*DU31 -> 0 | DW31: =+IF(DU31=0,"NO OFERTADO",IF(DU31<=($G31*(1+$EL$4)),"HABILITA","NO HABILITA")) -> NO OFERTADO | DY31: =DX31*0.19 -> 0 | DZ31: =DX31+DY31 -> 0 | EA31: =$D31*DZ31 -> 0 | EB31: =+IF(DZ31=0,"NO OFERTADO",IF(DZ31<=($G31*(1+$EQ$4)),"HABILITA","NO HABILITA")) -> NO OFERTADO | EE31: =EC31+ED31 -> 0 | EF31: =$D31*EE31 -> 0 | EG31: =+IF(EE31=0,"NO OFERTADO",IF(EE31<=($G31*(1+$EQ$4)),"HABILITA","NO HABILITA")) -> NO OFERTADO | EJ31: =EH31+EI31 -> 0 | EK31: =$D31*EJ31 -> 0 | EL31: =+IF(EJ31=0,"NO OFERTADO",IF(EJ31<=($G31*(1+$EL$4)),"HABILITA","NO HABILITA")) -> NO OFERTADO
A32: 23 | B32: AGUJA HIPODERMICA DESECHABLE 23G X 1 1/2" | C32: 1 UNIDAD DE AGUJA | D32: 1 | E32: UN | F32: 124.66667 | G32: 57.816388 | H32: 65 | I32: =H32*0.19 -> 12.35 | J32: =H32+I32 -> 77.35 | K32: =$D32*J32 -> 77.35 | L32: =+IF(J32=0,"NO OFERTADO",IF(J32<=($G32*(1+$EL$4)),"HABILITA","NO HABILITA")) -> NO HABILITA | N32: 0 | O32: =M32+N32 -> 0 | P32: =$D32*O32 -> 0 | Q32: =+IF(O32=0,"NO OFERTADO",IF(O32<=($G32*(1+$EL$4)),"HABILITA","NO HABILITA")) -> NO OFERTADO | T32: =R32+S32 -> 0 | U32: =$D32*T32 -> 0 | V32: =+IF(T32=0,"NO OFERTADO",IF(T32<=($G32*(1+$EL$4)),"HABILITA","NO HABILITA")) -> NO OFERTADO | Y32: =W32+X32 -> 0 | Z32: =$D32*Y32 -> 0 | AA32: =+IF(Y32=0,"NO OFERTADO",IF(Y32<=($G32*(1+$EL$4)),"HABILITA","NO HABILITA")) -> NO OFERTADO | AD32: =AB32+AC32 -> 0 | AE32: =$D32*AD32 -> 0 | AF32: =+IF(AD32=0,"NO OFERTADO",IF(AD32<=($G32*(1+$EL$4)),"HABILITA","NO HABILITA")) -> NO OFERTADO | AI32: =AG32+AH32 -> 0 | AJ32: =$D32*AI32 -> 0 | AK32: =+IF(AI32=0,"NO OFERTADO",IF(AI32<=($G32*(1+$EL$4)),"HABILITA","NO HABILITA")) -> NO OFERTADO | AN32: =AL32+AM32 -> 0 | AO32: =$D32*AN32 -> 0 | AP32: =+IF(AN32=0,"NO OFERTADO",IF(AN32<=($G32*(1+$EL$4)),"HABILITA","NO HABILITA")) -> NO OFERTADO | AS32: =AQ32+AR32 -> 0 | AT32: =$D32*AS32 -> 0 | AU32: =+IF(AS32=0,"NO OFERTADO",IF(AS32<=($G32*(1+$EL$4)),"HABILITA","NO HABILITA")) -> NO OFERTADO | AV32: 59 | AW32: =AV32*0.19 -> 11.21 | AX32: =AV32+AW32 -> 70.21 | AY32: =$D32*AX32 -> 70.21 | AZ32: =+IF(AX32=0,"NO OFERTADO",IF(AX32<=($G32*(1+$EL$4)),"HABILITA","NO HABILITA")) -> HABILITA | BB32: =BA32*0.19 -> 0 | BC32: =BA32+BB32 -> 0 | BD32: =$D32*BC32 -> 0 | BE32: =+IF(BC32=0,"NO OFERTADO",IF(BC32<=($G32*(1+$EL$4)),"HABILITA","NO HABILITA")) -> NO OFERTADO | BH32: =BF32+BG32 -> 0 | BI32: =$D32*BH32 -> 0 | BJ32: =+IF(BH32=0,"NO OFERTADO",IF(BH32<=($G32*(1+$EL$4)),"HABILITA","NO HABILITA")) -> NO OFERTADO | BM32: =BK32+BL32 -> 0 | BN32: =$D32*BM32 -> 0 | BO32: =+IF(BM32=0,"NO OFERTADO",IF(BM32<=($G32*(1+$EL$4)),"HABILITA","NO HABILITA")) -> NO OFERTADO | BR32: =BP32+BQ32 -> 0 | BS32: =$D32*BR32 -> 0 | BT32: =+IF(BR32=0,"NO OFERTADO",IF(BR32<=($G32*(1+$EL$4)),"HABILITA","NO HABILITA")) -> NO OFERTADO | BU32: 65 | BV32: =BU32*0.19 -> 12.35 | BW32: =BU32+BV32 -> 77.35 | BX32: =$D32*BW32 -> 77.35 | BY32: =+IF(BW32=0,"NO OFERTADO",IF(BW32<=($G32*(1+$EL$4)),"HABILITA","NO HABILITA")) -> NO HABILITA | CB32: =BZ32+CA32 -> 0 | CC32: =$D32*CB32 -> 0 | CD32: =+IF(CB32=0,"NO OFERTADO",IF(CB32<=($G32*(1+$EL$4)),"HABILITA","NO HABILITA")) -> NO OFERTADO | CE32: 59 | CF32: =CE32*0.19 -> 11.21 | CG32: =CE32+CF32 -> 70.21 | CH32: =$D32*CG32 -> 70.21 | CI32: =+IF(CG32=0,"NO OFERTADO",IF(CG32<=($G32*(1+$EL$4)),"HABILITA","NO HABILITA")) -> HABILITA | CJ32: 72 | CK32: =CJ32*0.19 -> 13.68 | CL32: =CJ32+CK32 -> 85.68 | CM32: =$D32*CL32 -> 85.68 | CN32: =+IF(CL32=0,"NO OFERTADO",IF(CL32<=($G32*(1+$EL$4)),"HABILITA","NO HABILITA")) -> NO HABILITA | CO32: 70 | CP32: =CO32*0.19 -> 13.3 | CQ32: =CO32+CP32 -> 83.3 | CR32: =$D32*CQ32 -> 83.3 | CS32: =+IF(CQ32=0,"NO OFERTADO",IF(CQ32<=($G32*(1+$EL$4)),"HABILITA","NO HABILITA")) -> NO HABILITA | CT32: 64 | CU32: =CT32*0.19 -> 12.16 | CV32: =CT32+CU32 -> 76.16 | CW32: =$D32*CV32 -> 76.16 | CX32: =+IF(CV32=0,"NO OFERTADO",IF(CV32<=($G32*(1+$EL$4)),"HABILITA","NO HABILITA")) -> NO HABILITA | DA32: =CY32+CZ32 -> 0 | DB32: =$D32*DA32 -> 0 | DC32: =+IF(DA32=0,"NO OFERTADO",IF(DA32<=($G32*(1+$EL$4)),"HABILITA","NO HABILITA")) -> NO OFERTADO | DF32: =DD32+DE32 -> 0 | DG32: =$D32*DF32 -> 0 | DH32: =+IF(DF32=0,"NO OFERTADO",IF(DF32<=($G32*(1+$EL$4)),"HABILITA","NO HABILITA")) -> NO OFERTADO | DI32: 66 | DJ32: =DI32*0.19 -> 12.54 | DK32: =DI32+DJ32 -> 78.54 | DL32: =$D32*DK32 -> 78.54 | DM32: =+IF(DK32=0,"NO OFERTADO",IF(DK32<=($G32*(1+$EL$4)),"HABILITA","NO HABILITA")) -> NO HABILITA | DP32: =DN32+DO32 -> 0 | DQ32: =$D32*DP32 -> 0 | DR32: =+IF(DP32=0,"NO OFERTADO",IF(DP32<=($G32*(1+$EL$4)),"HABILITA","NO HABILITA")) -> NO OFERTADO | DU32: =DS32+DT32 -> 0 | DV32: =$D32*DU32 -> 0 | DW32: =+IF(DU32=0,"NO OFERTADO",IF(DU32<=($G32*(1+$EL$4)),"HABILITA","NO HABILITA")) -> NO OFERTADO | DY32: =DX32*0.19 -> 0 | DZ32: =DX32+DY32 -> 0 | EA32: =$D32*DZ32 -> 0 | EB32: =+IF(DZ32=0,"NO OFERTADO",IF(DZ32<=($G32*(1+$EQ$4)),"HABILITA","NO HABILITA")) -> NO OFERTADO | EE32: =EC32+ED32 -> 0 | EF32: =$D32*EE32 -> 0 | EG32: =+IF(EE32=0,"NO OFERTADO",IF(EE32<=($G32*(1+$EQ$4)),"HABILITA","NO HABILITA")) -> NO OFERTADO | EJ32: =EH32+EI32 -> 0 | EK32: =$D32*EJ32 -> 0 | EL32: =+IF(EJ32=0,"NO OFERTADO",IF(EJ32<=($G32*(1+$EL$4)),"HABILITA","NO HABILITA")) -> NO OFERTADO
A33: 24 | B33: AGUJA HIPODERMICA DESECHABLE NO 26 X 1 1/2" | C33: 1 UNIDAD DE AGUJA | D33: 1 | E33: UN | F33: 350 | G33: 57.816388 | J33: =H33+I33 -> 0 | K33: =$D33*J33 -> 0 | L33: =+IF(J33=0,"NO OFERTADO",IF(J33<=($G33*(1+$EL$4)),"HABILITA","NO HABILITA")) -> NO OFERTADO | N33: 0 | O33: =M33+N33 -> 0 | P33: =$D33*O33 -> 0 | Q33: =+IF(O33=0,"NO OFERTADO",IF(O33<=($G33*(1+$EL$4)),"HABILITA","NO HABILITA")) -> NO OFERTADO | T33: =R33+S33 -> 0 | U33: =$D33*T33 -> 0 | V33: =+IF(T33=0,"NO OFERTADO",IF(T33<=($G33*(1+$EL$4)),"HABILITA","NO HABILITA")) -> NO OFERTADO | Y33: =W33+X33 -> 0 | Z33: =$D33*Y33 -> 0 | AA33: =+IF(Y33=0,"NO OFERTADO",IF(Y33<=($G33*(1+$EL$4)),"HABILITA","NO HABILITA")) -> NO OFERTADO | AD33: =AB33+AC33 -> 0 | AE33: =$D33*AD33 -> 0 | AF33: =+IF(AD33=0,"NO OFERTADO",IF(AD33<=($G33*(1+$EL$4)),"HABILITA","NO HABILITA")) -> NO OFERTADO | AI33: =AG33+AH33 -> 0 | AJ33: =$D33*AI33 -> 0 | AK33: =+IF(AI33=0,"NO OFERTADO",IF(AI33<=($G33*(1+$EL$4)),"HABILITA","NO HABILITA")) -> NO OFERTADO | AN33: =AL33+AM33 -> 0 | AO33: =$D33*AN33 -> 0 | AP33: =+IF(AN33=0,"NO OFERTADO",IF(AN33<=($G33*(1+$EL$4)),"HABILITA","NO HABILITA")) -> NO OFERTADO | AS33: =AQ33+AR33 -> 0 | AT33: =$D33*AS33 -> 0 | AU33: =+IF(AS33=0,"NO OFERTADO",IF(AS33<=($G33*(1+$EL$4)),"HABILITA","NO HABILITA")) -> NO OFERTADO | AV33: 59 | AW33: =AV33*0.19 -> 11.21 | AX33: =AV33+AW33 -> 70.21 | AY33: =$D33*AX33 -> 70.21 | AZ33: =+IF(AX33=0,"NO OFERTADO",IF(AX33<=($G33*(1+$EL$4)),"HABILITA","NO HABILITA")) -> HABILITA | BB33: =BA33*0.19 -> 0 | BC33: =BA33+BB33 -> 0 | BD33: =$D33*BC33 -> 0 | BE33: =+IF(BC33=0,"NO OFERTADO",IF(BC33<=($G33*(1+$EL$4)),"HABILITA","NO HABILITA")) -> NO OFERTADO | BH33: =BF33+BG33 -> 0 | BI33: =$D33*BH33 -> 0 | BJ33: =+IF(BH33=0,"NO OFERTADO",IF(BH33<=($G33*(1+$EL$4)),"HABILITA","NO HABILITA")) -> NO OFERTADO | BM33: =BK33+BL33 -> 0 | BN33: =$D33*BM33 -> 0 | BO33: =+IF(BM33=0,"NO OFERTADO",IF(BM33<=($G33*(1+$EL$4)),"HABILITA","NO HABILITA")) -> NO OFERTADO | BR33: =BP33+BQ33 -> 0 | BS33: =$D33*BR33 -> 0 | BT33: =+IF(BR33=0,"NO OFERTADO",IF(BR33<=($G33*(1+$EL$4)),"HABILITA","NO HABILITA")) -> NO OFERTADO | BW33: =BU33+BV33 -> 0 | BX33: =$D33*BW33 -> 0 | BY33: =+IF(BW33=0,"NO OFERTADO",IF(BW33<=($G33*(1+$EL$4)),"HABILITA","NO HABILITA")) -> NO OFERTADO | CB33: =BZ33+CA33 -> 0 | CC33: =$D33*CB33 -> 0 | CD33: =+IF(CB33=0,"NO OFERTADO",IF(CB33<=($G33*(1+$EL$4)),"HABILITA","NO HABILITA")) -> NO OFERTADO | CE33: 59 | CF33: =CE33*0.19 -> 11.21 | CG33: =CE33+CF33 -> 70.21 | CH33: =$D33*CG33 -> 70.21 | CI33: =+IF(CG33=0,"NO OFERTADO",IF(CG33<=($G33*(1+$EL$4)),"HABILITA","NO HABILITA")) -> HABILITA | CL33: =CJ33+CK33 -> 0 | CM33: =$D33*CL33 -> 0 | CN33: =+IF(CL33=0,"NO OFERTADO",IF(CL33<=($G33*(1+$EL$4)),"HABILITA","NO HABILITA")) -> NO OFERTADO | CQ33: =CO33+CP33 -> 0 | CR33: =$D33*CQ33 -> 0 | CS33: =+IF(CQ33=0,"NO OFERTADO",IF(CQ33<=($G33*(1+$EL$4)),"HABILITA","NO HABILITA")) -> NO OFERTADO | CT33: 64 | CU33: =CT33*0.19 -> 12.16 | CV33: =CT33+CU33 -> 76.16 | CW33: =$D33*CV33 -> 76.16 | CX33: =+IF(CV33=0,"NO OFERTADO",IF(CV33<=($G33*(1+$EL$4)),"HABILITA","NO HABILITA")) -> NO HABILITA | DA33: =CY33+CZ33 -> 0 | DB33: =$D33*DA33 -> 0 | DC33: =+IF(DA33=0,"NO OFERTADO",IF(DA33<=($G33*(1+$EL$4)),"HABILITA","NO HABILITA")) -> NO OFERTADO | DF33: =DD33+DE33 -> 0 | DG33: =$D33*DF33 -> 0 | DH33: =+IF(DF33=0,"NO OFERTADO",IF(DF33<=($G33*(1+$EL$4)),"HABILITA","NO HABILITA")) -> NO OFERTADO | DK33: =DI33+DJ33 -> 0 | DL33: =$D33*DK33 -> 0 | DM33: =+IF(DK33=0,"NO OFERTADO",IF(DK33<=($G33*(1+$EL$4)),"HABILITA","NO HABILITA")) -> NO OFERTADO | DP33: =DN33+DO33 -> 0 | DQ33: =$D33*DP33 -> 0 | DR33: =+IF(DP33=0,"NO OFERTADO",IF(DP33<=($G33*(1+$EL$4)),"HABILITA","NO HABILITA")) -> NO OFERTADO | DU33: =DS33+DT33 -> 0 | DV33: =$D33*DU33 -> 0 | DW33: =+IF(DU33=0,"NO OFERTADO",IF(DU33<=($G33*(1+$EL$4)),"HABILITA","NO HABILITA")) -> NO OFERTADO | DY33: =DX33*0.19 -> 0 | DZ33: =DX33+DY33 -> 0 | EA33: =$D33*DZ33 -> 0 | EB33: =+IF(DZ33=0,"NO OFERTADO",IF(DZ33<=($G33*(1+$EQ$4)),"HABILITA","NO HABILITA")) -> NO OFERTADO | EE33: =EC33+ED33 -> 0 | EF33: =$D33*EE33 -> 0 | EG33: =+IF(EE33=0,"NO OFERTADO",IF(EE33<=($G33*(1+$EQ$4)),"HABILITA","NO HABILITA")) -> NO OFERTADO | EJ33: =EH33+EI33 -> 0 | EK33: =$D33*EJ33 -> 0 | EL33: =+IF(EJ33=0,"NO OFERTADO",IF(EJ33<=($G33*(1+$EL$4)),"HABILITA","NO HABILITA")) -> NO OFERTADO
A34: 25 | B34: AGUJA PARA BIOPSIA 16 G X 100 MM AGUJA PARA BIOPSIA DE TEJIDOS BLANDOS SEMIAUTOMATICA (PROSTATA, HIGADO, RIÑON Y OTROS TEJIDOS DE TUMORES BLANDOS) | C34: 1 UNIDAD DE AGUJA | D34: 1 | E34: UN | F34: 1 | G34: 86221.831 | J34: =H34+I34 -> 0 | K34: =$D34*J34 -> 0 | L34: =+IF(J34=0,"NO OFERTADO",IF(J34<=($G34*(1+$EL$4)),"HABILITA","NO HABILITA")) -> NO OFERTADO | N34: 0 | O34: =M34+N34 -> 0 | P34: =$D34*O34 -> 0 | Q34: =+IF(O34=0,"NO OFERTADO",IF(O34<=($G34*(1+$EL$4)),"HABILITA","NO HABILITA")) -> NO OFERTADO | T34: =R34+S34 -> 0 | U34: =$D34*T34 -> 0 | V34: =+IF(T34=0,"NO OFERTADO",IF(T34<=($G34*(1+$EL$4)),"HABILITA","NO HABILITA")) -> NO OFERTADO | Y34: =W34+X34 -> 0 | Z34: =$D34*Y34 -> 0 | AA34: =+IF(Y34=0,"NO OFERTADO",IF(Y34<=($G34*(1+$EL$4)),"HABILITA","NO HABILITA")) -> NO OFERTADO | AD34: =AB34+AC34 -> 0 | AE34: =$D34*AD34 -> 0 | AF34: =+IF(AD34=0,"NO OFERTADO",IF(AD34<=($G34*(1+$EL$4)),"HABILITA","NO HABILITA")) -> NO OFERTADO | AI34: =AG34+AH34 -> 0 | AJ34: =$D34*AI34 -> 0 | AK34: =+IF(AI34=0,"NO OFERTADO",IF(AI34<=($G34*(1+$EL$4)),"HABILITA","NO HABILITA")) -> NO OFERTADO | AL34: 69999 | AM34: =AL34*0.19 -> 13299.81 | AN34: =AL34+AM34 -> 83298.81 | AO34: =$D34*AN34 -> 83298.81 | AP34: =+IF(AN34=0,"NO OFERTADO",IF(AN34<=($G34*(1+$EL$4)),"HABILITA","NO HABILITA")) -> HABILITA | AS34: =AQ34+AR34 -> 0 | AT34: =$D34*AS34 -> 0 | AU34: =+IF(AS34=0,"NO OFERTADO",IF(AS34<=($G34*(1+$EL$4)),"HABILITA","NO HABILITA")) -> NO OFERTADO | AV34: 87580 | AW34: =AV34*0.19 -> 16640.2 | AX34: =AV34+AW34 -> 104220.2 | AY34: =$D34*AX34 -> 104220.2 | AZ34: =+IF(AX34=0,"NO OFERTADO",IF(AX34<=($G34*(1+$EL$4)),"HABILITA","NO HABILITA")) -> HABILITA | BB34: =BA34*0.19 -> 0 | BC34: =BA34+BB34 -> 0 | BD34: =$D34*BC34 -> 0 | BE34: =+IF(BC34=0,"NO OFERTADO",IF(BC34<=($G34*(1+$EL$4)),"HABILITA","NO HABILITA")) -> NO OFERTADO | BH34: =BF34+BG34 -> 0 | BI34: =$D34*BH34 -> 0 | BJ34: =+IF(BH34=0,"NO OFERTADO",IF(BH34<=($G34*(1+$EL$4)),"HABILITA","NO HABILITA")) -> NO OFERTADO | BM34: =BK34+BL34 -> 0 | BN34: =$D34*BM34 -> 0 | BO34: =+IF(BM34=0,"NO OFERTADO",IF(BM34<=($G34*(1+$EL$4)),"HABILITA","NO HABILITA")) -> NO OFERTADO | BR34: =BP34+BQ34 -> 0 | BS34: =$D34*BR34 -> 0 | BT34: =+IF(BR34=0,"NO OFERTADO",IF(BR34<=($G34*(1+$EL$4)),"HABILITA","NO HABILITA")) -> NO OFERTADO | BW34: =BU34+BV34 -> 0 | BX34: =$D34*BW34 -> 0 | BY34: =+IF(BW34=0,"NO OFERTADO",IF(BW34<=($G34*(1+$EL$4)),"HABILITA","NO HABILITA")) -> NO OFERTADO | CB34: =BZ34+CA34 -> 0 | CC34: =$D34*CB34 -> 0 | CD34: =+IF(CB34=0,"NO OFERTADO",IF(CB34<=($G34*(1+$EL$4)),"HABILITA","NO HABILITA")) -> NO OFERTADO | CG34: =CE34+CF34 -> 0 | CH34: =$D34*CG34 -> 0 | CI34: =+IF(CG34=0,"NO OFERTADO",IF(CG34<=($G34*(1+$EL$4)),"HABILITA","NO HABILITA")) -> NO OFERTADO | CL34: =CJ34+CK34 -> 0 | CM34: =$D34*CL34 -> 0 | CN34: =+IF(CL34=0,"NO OFERTADO",IF(CL34<=($G34*(1+$EL$4)),"HABILITA","NO HABILITA")) -> NO OFERTADO | CQ34: =CO34+CP34 -> 0 | CR34: =$D34*CQ34 -> 0 | CS34: =+IF(CQ34=0,"NO OFERTADO",IF(CQ34<=($G34*(1+$EL$4)),"HABILITA","NO HABILITA")) -> NO OFERTADO | CV34: =CT34+CU34 -> 0 | CW34: =$D34*CV34 -> 0 | CX34: =+IF(CV34=0,"NO OFERTADO",IF(CV34<=($G34*(1+$EL$4)),"HABILITA","NO HABILITA")) -> NO OFERTADO | DA34: =CY34+CZ34 -> 0 | DB34: =$D34*DA34 -> 0 | DC34: =+IF(DA34=0,"NO OFERTADO",IF(DA34<=($G34*(1+$EL$4)),"HABILITA","NO HABILITA")) -> NO OFERTADO | DD34: 93310 | DE34: 17728.9 | DF34: =DD34+DE34 -> 111038.9 | DG34: =$D34*DF34 -> 111038.9 | DH34: =+IF(DF34=0,"NO OFERTADO",IF(DF34<=($G34*(1+$EL$4)),"HABILITA","NO HABILITA")) -> HABILITA | DK34: =DI34+DJ34 -> 0 | DL34: =$D34*DK34 -> 0 | DM34: =+IF(DK34=0,"NO OFERTADO",IF(DK34<=($G34*(1+$EL$4)),"HABILITA","NO HABILITA")) -> NO OFERTADO | DP34: =DN34+DO34 -> 0 | DQ34: =$D34*DP34 -> 0 | DR34: =+IF(DP34=0,"NO OFERTADO",IF(DP34<=($G34*(1+$EL$4)),"HABILITA","NO HABILITA")) -> NO OFERTADO | DU34: =DS34+DT34 -> 0 | DV34: =$D34*DU34 -> 0 | DW34: =+IF(DU34=0,"NO OFERTADO",IF(DU34<=($G34*(1+$EL$4)),"HABILITA","NO HABILITA")) -> NO OFERTADO | DY34: =DX34*0.19 -> 0 | DZ34: =DX34+DY34 -> 0 | EA34: =$D34*DZ34 -> 0 | EB34: =+IF(DZ34=0,"NO OFERTADO",IF(DZ34<=($G34*(1+$EQ$4)),"HABILITA","NO HABILITA")) -> NO OFERTADO | EE34: =EC34+ED34 -> 0 | EF34: =$D34*EE34 -> 0 | EG34: =+IF(EE34=0,"NO OFERTADO",IF(EE34<=($G34*(1+$EQ$4)),"HABILITA","NO HABILITA")) -> NO OFERTADO | EJ34: =EH34+EI34 -> 0 | EK34: =$D34*EJ34 -> 0 | EL34: =+IF(EJ34=0,"NO OFERTADO",IF(EJ34<=($G34*(1+$EL$4)),"HABILITA","NO HABILITA")) -> NO OFERTADO
A35: 26 | B35: AGUJA PERICRANEAL NO 21 MARIPOSA | C35: 1 UNIDAD DE AGUJA | D35: 1 | E35: UN | F35: 1 | G35: 360 | J35: =H35+I35 -> 0 | K35: =$D35*J35 -> 0 | L35: =+IF(J35=0,"NO OFERTADO",IF(J35<=($G35*(1+$EL$4)),"HABILITA","NO HABILITA")) -> NO OFERTADO | N35: 0 | O35: =M35+N35 -> 0 | P35: =$D35*O35 -> 0 | Q35: =+IF(O35=0,"NO OFERTADO",IF(O35<=($G35*(1+$EL$4)),"HABILITA","NO HABILITA")) -> NO OFERTADO | T35: =R35+S35 -> 0 | U35: =$D35*T35 -> 0 | V35: =+IF(T35=0,"NO OFERTADO",IF(T35<=($G35*(1+$EL$4)),"HABILITA","NO HABILITA")) -> NO OFERTADO | Y35: =W35+X35 -> 0 | Z35: =$D35*Y35 -> 0 | AA35: =+IF(Y35=0,"NO OFERTADO",IF(Y35<=($G35*(1+$EL$4)),"HABILITA","NO HABILITA")) -> NO OFERTADO | AD35: =AB35+AC35 -> 0 | AE35: =$D35*AD35 -> 0 | AF35: =+IF(AD35=0,"NO OFERTADO",IF(AD35<=($G35*(1+$EL$4)),"HABILITA","NO HABILITA")) -> NO OFERTADO | AI35: =AG35+AH35 -> 0 | AJ35: =$D35*AI35 -> 0 | AK35: =+IF(AI35=0,"NO OFERTADO",IF(AI35<=($G35*(1+$EL$4)),"HABILITA","NO HABILITA")) -> NO OFERTADO | AN35: =AL35+AM35 -> 0 | AO35: =$D35*AN35 -> 0 | AP35: =+IF(AN35=0,"NO OFERTADO",IF(AN35<=($G35*(1+$EL$4)),"HABILITA","NO HABILITA")) -> NO OFERTADO | AS35: =AQ35+AR35 -> 0 | AT35: =$D35*AS35 -> 0 | AU35: =+IF(AS35=0,"NO OFERTADO",IF(AS35<=($G35*(1+$EL$4)),"HABILITA","NO HABILITA")) -> NO OFERTADO | AV35: 352 | AW35: 0 | AX35: =AV35+AW35 -> 352 | AY35: =$D35*AX35 -> 352 | AZ35: =+IF(AX35=0,"NO OFERTADO",IF(AX35<=($G35*(1+$EL$4)),"HABILITA","NO HABILITA")) -> HABILITA | BB35: =BA35*0.19 -> 0 | BC35: =BA35+BB35 -> 0 | BD35: =$D35*BC35 -> 0 | BE35: =+IF(BC35=0,"NO OFERTADO",IF(BC35<=($G35*(1+$EL$4)),"HABILITA","NO HABILITA")) -> NO OFERTADO | BH35: =BF35+BG35 -> 0 | BI35: =$D35*BH35 -> 0 | BJ35: =+IF(BH35=0,"NO OFERTADO",IF(BH35<=($G35*(1+$EL$4)),"HABILITA","NO HABILITA")) -> NO OFERTADO | BM35: =BK35+BL35 -> 0 | BN35: =$D35*BM35 -> 0 | BO35: =+IF(BM35=0,"NO OFERTADO",IF(BM35<=($G35*(1+$EL$4)),"HABILITA","NO HABILITA")) -> NO OFERTADO | BP35: 450 | BQ35: 0 | BR35: =BP35+BQ35 -> 450 | BS35: =$D35*BR35 -> 450 | BT35: =+IF(BR35=0,"NO OFERTADO",IF(BR35<=($G35*(1+$EL$4)),"HABILITA","NO HABILITA")) -> HABILITA | BW35: =BU35+BV35 -> 0 | BX35: =$D35*BW35 -> 0 | BY35: =+IF(BW35=0,"NO OFERTADO",IF(BW35<=($G35*(1+$EL$4)),"HABILITA","NO HABILITA")) -> NO OFERTADO | CB35: =BZ35+CA35 -> 0 | CC35: =$D35*CB35 -> 0 | CD35: =+IF(CB35=0,"NO OFERTADO",IF(CB35<=($G35*(1+$EL$4)),"HABILITA","NO HABILITA")) -> NO OFERTADO | CG35: =CE35+CF35 -> 0 | CH35: =$D35*CG35 -> 0 | CI35: =+IF(CG35=0,"NO OFERTADO",IF(CG35<=($G35*(1+$EL$4)),"HABILITA","NO HABILITA")) -> NO OFERTADO | CL35: =CJ35+CK35 -> 0 | CM35: =$D35*CL35 -> 0 | CN35: =+IF(CL35=0,"NO OFERTADO",IF(CL35<=($G35*(1+$EL$4)),"HABILITA","NO HABILITA")) -> NO OFERTADO | CQ35: =CO35+CP35 -> 0 | CR35: =$D35*CQ35 -> 0 | CS35: =+IF(CQ35=0,"NO OFERTADO",IF(CQ35<=($G35*(1+$EL$4)),"HABILITA","NO HABILITA")) -> NO OFERTADO | CT35: 506 | CU35: 0 | CV35: =CT35+CU35 -> 506 | CW35: =$D35*CV35 -> 506 | CX35: =+IF(CV35=0,"NO OFERTADO",IF(CV35<=($G35*(1+$EL$4)),"HABILITA","NO HABILITA")) -> NO HABILITA | DA35: =CY35+CZ35 -> 0 | DB35: =$D35*DA35 -> 0 | DC35: =+IF(DA35=0,"NO OFERTADO",IF(DA35<=($G35*(1+$EL$4)),"HABILITA","NO HABILITA")) -> NO OFERTADO | DF35: =DD35+DE35 -> 0 | DG35: =$D35*DF35 -> 0 | DH35: =+IF(DF35=0,"NO OFERTADO",IF(DF35<=($G35*(1+$EL$4)),"HABILITA","NO HABILITA")) -> NO OFERTADO | DK35: =DI35+DJ35 -> 0 | DL35: =$D35*DK35 -> 0 | DM35: =+IF(DK35=0,"NO OFERTADO",IF(DK35<=($G35*(1+$EL$4)),"HABILITA","NO HABILITA")) -> NO OFERTADO | DP35: =DN35+DO35 -> 0 | DQ35: =$D35*DP35 -> 0 | DR35: =+IF(DP35=0,"NO OFERTADO",IF(DP35<=($G35*(1+$EL$4)),"HABILITA","NO HABILITA")) -> NO OFERTADO | DU35: =DS35+DT35 -> 0 | DV35: =$D35*DU35 -> 0 | DW35: =+IF(DU35=0,"NO OFERTADO",IF(DU35<=($G35*(1+$EL$4)),"HABILITA","NO HABILITA")) -> NO OFERTADO | DY35: =DX35*0.19 -> 0 | DZ35: =DX35+DY35 -> 0 | EA35: =$D35*DZ35 -> 0 | EB35: =+IF(DZ35=0,"NO OFERTADO",IF(DZ35<=($G35*(1+$EQ$4)),"HABILITA","NO HABILITA")) -> NO OFERTADO | EE35: =EC35+ED35 -> 0 | EF35: =$D35*EE35 -> 0 | EG35: =+IF(EE35=0,"NO OFERTADO",IF(EE35<=($G35*(1+$EQ$4)),"HABILITA","NO HABILITA")) -> NO OFERTADO | EJ35: =EH35+EI35 -> 0 | EK35: =$D35*EJ35 -> 0 | EL35: =+IF(EJ35=0,"NO OFERTADO",IF(EJ35<=($G35*(1+$EL$4)),"HABILITA","NO HABILITA")) -> NO OFERTADO
A36: 27 | B36: AGUJA PERICRANEAL NO 24 MARIPOSA | C36: 1 UNIDAD DE AGUJA | D36: 1 | E36: UN | F36: 1 | G36: 360 | J36: =H36+I36 -> 0 | K36: =$D36*J36 -> 0 | L36: =+IF(J36=0,"NO OFERTADO",IF(J36<=($G36*(1+$EL$4)),"HABILITA","NO HABILITA")) -> NO OFERTADO | N36: 0 | O36: =M36+N36 -> 0 | P36: =$D36*O36 -> 0 | Q36: =+IF(O36=0,"NO OFERTADO",IF(O36<=($G36*(1+$EL$4)),"HABILITA","NO HABILITA")) -> NO OFERTADO | T36: =R36+S36 -> 0 | U36: =$D36*T36 -> 0 | V36: =+IF(T36=0,"NO OFERTADO",IF(T36<=($G36*(1+$EL$4)),"HABILITA","NO HABILITA")) -> NO OFERTADO | Y36: =W36+X36 -> 0 | Z36: =$D36*Y36 -> 0 | AA36: =+IF(Y36=0,"NO OFERTADO",IF(Y36<=($G36*(1+$EL$4)),"HABILITA","NO HABILITA")) -> NO OFERTADO | AD36: =AB36+AC36 -> 0 | AE36: =$D36*AD36 -> 0 | AF36: =+IF(AD36=0,"NO OFERTADO",IF(AD36<=($G36*(1+$EL$4)),"HABILITA","NO HABILITA")) -> NO OFERTADO | AI36: =AG36+AH36 -> 0 | AJ36: =$D36*AI36 -> 0 | AK36: =+IF(AI36=0,"NO OFERTADO",IF(AI36<=($G36*(1+$EL$4)),"HABILITA","NO HABILITA")) -> NO OFERTADO | AN36: =AL36+AM36 -> 0 | AO36: =$D36*AN36 -> 0 | AP36: =+IF(AN36=0,"NO OFERTADO",IF(AN36<=($G36*(1+$EL$4)),"HABILITA","NO HABILITA")) -> NO OFERTADO | AS36: =AQ36+AR36 -> 0 | AT36: =$D36*AS36 -> 0 | AU36: =+IF(AS36=0,"NO OFERTADO",IF(AS36<=($G36*(1+$EL$4)),"HABILITA","NO HABILITA")) -> NO OFERTADO | AV36: 352 | AW36: 0 | AX36: =AV36+AW36 -> 352 | AY36: =$D36*AX36 -> 352 | AZ36: =+IF(AX36=0,"NO OFERTADO",IF(AX36<=($G36*(1+$EL$4)),"HABILITA","NO HABILITA")) -> HABILITA | BB36: =BA36*0.19 -> 0 | BC36: =BA36+BB36 -> 0 | BD36: =$D36*BC36 -> 0 | BE36: =+IF(BC36=0,"NO OFERTADO",IF(BC36<=($G36*(1+$EL$4)),"HABILITA","NO HABILITA")) -> NO OFERTADO | BH36: =BF36+BG36 -> 0 | BI36: =$D36*BH36 -> 0 | BJ36: =+IF(BH36=0,"NO OFERTADO",IF(BH36<=($G36*(1+$EL$4)),"HABILITA","NO HABILITA")) -> NO OFERTADO | BM36: =BK36+BL36 -> 0 | BN36: =$D36*BM36 -> 0 | BO36: =+IF(BM36=0,"NO OFERTADO",IF(BM36<=($G36*(1+$EL$4)),"HABILITA","NO HABILITA")) -> NO OFERTADO | BP36: 450 | BQ36: 0 | BR36: =BP36+BQ36 -> 450 | BS36: =$D36*BR36 -> 450 | BT36: =+IF(BR36=0,"NO OFERTADO",IF(BR36<=($G36*(1+$EL$4)),"HABILITA","NO HABILITA")) -> HABILITA | BW36: =BU36+BV36 -> 0 | BX36: =$D36*BW36 -> 0 | BY36: =+IF(BW36=0,"NO OFERTADO",IF(BW36<=($G36*(1+$EL$4)),"HABILITA","NO HABILITA")) -> NO OFERTADO | CB36: =BZ36+CA36 -> 0 | CC36: =$D36*CB36 -> 0 | CD36: =+IF(CB36=0,"NO OFERTADO",IF(CB36<=($G36*(1+$EL$4)),"HABILITA","NO HABILITA")) -> NO OFERTADO | CG36: =CE36+CF36 -> 0 | CH36: =$D36*CG36 -> 0 | CI36: =+IF(CG36=0,"NO OFERTADO",IF(CG36<=($G36*(1+$EL$4)),"HABILITA","NO HABILITA")) -> NO OFERTADO | CL36: =CJ36+CK36 -> 0 | CM36: =$D36*CL36 -> 0 | CN36: =+IF(CL36=0,"NO OFERTADO",IF(CL36<=($G36*(1+$EL$4)),"HABILITA","NO HABILITA")) -> NO OFERTADO | CQ36: =CO36+CP36 -> 0 | CR36: =$D36*CQ36 -> 0 | CS36: =+IF(CQ36=0,"NO OFERTADO",IF(CQ36<=($G36*(1+$EL$4)),"HABILITA","NO HABILITA")) -> NO OFERTADO | CT36: 506 | CU36: 0 | CV36: =CT36+CU36 -> 506 | CW36: =$D36*CV36 -> 506 | CX36: =+IF(CV36=0,"NO OFERTADO",IF(CV36<=($G36*(1+$EL$4)),"HABILITA","NO HABILITA")) -> NO HABILITA | DA36: =CY36+CZ36 -> 0 | DB36: =$D36*DA36 -> 0 | DC36: =+IF(DA36=0,"NO OFERTADO",IF(DA36<=($G36*(1+$EL$4)),"HABILITA","NO HABILITA")) -> NO OFERTADO | DF36: =DD36+DE36 -> 0 | DG36: =$D36*DF36 -> 0 | DH36: =+IF(DF36=0,"NO OFERTADO",IF(DF36<=($G36*(1+$EL$4)),"HABILITA","NO HABILITA")) -> NO OFERTADO | DK36: =DI36+DJ36 -> 0 | DL36: =$D36*DK36 -> 0 | DM36: =+IF(DK36=0,"NO OFERTADO",IF(DK36<=($G36*(1+$EL$4)),"HABILITA","NO HABILITA")) -> NO OFERTADO | DP36: =DN36+DO36 -> 0 | DQ36: =$D36*DP36 -> 0 | DR36: =+IF(DP36=0,"NO OFERTADO",IF(DP36<=($G36*(1+$EL$4)),"HABILITA","NO HABILITA")) -> NO OFERTADO | DU36: =DS36+DT36 -> 0 | DV36: =$D36*DU36 -> 0 | DW36: =+IF(DU36=0,"NO OFERTADO",IF(DU36<=($G36*(1+$EL$4)),"HABILITA","NO HABILITA")) -> NO OFERTADO | DY36: =DX36*0.19 -> 0 | DZ36: =DX36+DY36 -> 0 | EA36: =$D36*DZ36 -> 0 | EB36: =+IF(DZ36=0,"NO OFERTADO",IF(DZ36<=($G36*(1+$EQ$4)),"HABILITA","NO HABILITA")) -> NO OFERTADO | EE36: =EC36+ED36 -> 0 | EF36: =$D36*EE36 -> 0 | EG36: =+IF(EE36=0,"NO OFERTADO",IF(EE36<=($G36*(1+$EQ$4)),"HABILITA","NO HABILITA")) -> NO OFERTADO | EJ36: =EH36+EI36 -> 0 | EK36: =$D36*EJ36 -> 0 | EL36: =+IF(EJ36=0,"NO OFERTADO",IF(EJ36<=($G36*(1+$EL$4)),"HABILITA","NO HABILITA")) -> NO OFERTADO
A37: 28 | B37: AGUJA PARA BIOPSIA NO.14 AG X 9 A 10 CM | C37: 1 UNIDAD DE AGUJA | D37: 1 | E37: UN | F37: 18.666667 | G37: 77350 | J37: =H37+I37 -> 0 | K37: =$D37*J37 -> 0 | L37: =+IF(J37=0,"NO OFERTADO",IF(J37<=($G37*(1+$EL$4)),"HABILITA","NO HABILITA")) -> NO OFERTADO | N37: 0 | O37: =M37+N37 -> 0 | P37: =$D37*O37 -> 0 | Q37: =+IF(O37=0,"NO OFERTADO",IF(O37<=($G37*(1+$EL$4)),"HABILITA","NO HABILITA")) -> NO OFERTADO | T37: =R37+S37 -> 0 | U37: =$D37*T37 -> 0 | V37: =+IF(T37=0,"NO OFERTADO",IF(T37<=($G37*(1+$EL$4)),"HABILITA","NO HABILITA")) -> NO OFERTADO | Y37: =W37+X37 -> 0 | Z37: =$D37*Y37 -> 0 | AA37: =+IF(Y37=0,"NO OFERTADO",IF(Y37<=($G37*(1+$EL$4)),"HABILITA","NO HABILITA")) -> NO OFERTADO | AB37: 65000 | AC37: =AB37*0.19 -> 12350 | AD37: =AB37+AC37 -> 77350 | AE37: =$D37*AD37 -> 77350 | AF37: =+IF(AD37=0,"NO OFERTADO",IF(AD37<=($G37*(1+$EL$4)),"HABILITA","NO HABILITA")) -> HABILITA | AI37: =AG37+AH37 -> 0 | AJ37: =$D37*AI37 -> 0 | AK37: =+IF(AI37=0,"NO OFERTADO",IF(AI37<=($G37*(1+$EL$4)),"HABILITA","NO HABILITA")) -> NO OFERTADO | AL37: 58182 | AM37: =AL37*0.19 -> 11054.58 | AN37: =AL37+AM37 -> 69236.58 | AO37: =$D37*AN37 -> 69236.58 | AP37: =+IF(AN37=0,"NO OFERTADO",IF(AN37<=($G37*(1+$EL$4)),"HABILITA","NO HABILITA")) -> HABILITA | AS37: =AQ37+AR37 -> 0 | AT37: =$D37*AS37 -> 0 | AU37: =+IF(AS37=0,"NO OFERTADO",IF(AS37<=($G37*(1+$EL$4)),"HABILITA","NO HABILITA")) -> NO OFERTADO | AV37: 87580 | AW37: =AV37*0.19 -> 16640.2 | AX37: =AV37+AW37 -> 104220.2 | AY37: =$D37*AX37 -> 104220.2 | AZ37: =+IF(AX37=0,"NO OFERTADO",IF(AX37<=($G37*(1+$EL$4)),"HABILITA","NO HABILITA")) -> NO HABILITA | BB37: =BA37*0.19 -> 0 | BC37: =BA37+BB37 -> 0 | BD37: =$D37*BC37 -> 0 | BE37: =+IF(BC37=0,"NO OFERTADO",IF(BC37<=($G37*(1+$EL$4)),"HABILITA","NO HABILITA")) -> NO OFERTADO | BH37: =BF37+BG37 -> 0 | BI37: =$D37*BH37 -> 0 | BJ37: =+IF(BH37=0,"NO OFERTADO",IF(BH37<=($G37*(1+$EL$4)),"HABILITA","NO HABILITA")) -> NO OFERTADO | BM37: =BK37+BL37 -> 0 | BN37: =$D37*BM37 -> 0 | BO37: =+IF(BM37=0,"NO OFERTADO",IF(BM37<=($G37*(1+$EL$4)),"HABILITA","NO HABILITA")) -> NO OFERTADO | BR37: =BP37+BQ37 -> 0 | BS37: =$D37*BR37 -> 0 | BT37: =+IF(BR37=0,"NO OFERTADO",IF(BR37<=($G37*(1+$EL$4)),"HABILITA","NO HABILITA")) -> NO OFERTADO | BW37: =BU37+BV37 -> 0 | BX37: =$D37*BW37 -> 0 | BY37: =+IF(BW37=0,"NO OFERTADO",IF(BW37<=($G37*(1+$EL$4)),"HABILITA","NO HABILITA")) -> NO OFERTADO | CB37: =BZ37+CA37 -> 0 | CC37: =$D37*CB37 -> 0 | CD37: =+IF(CB37=0,"NO OFERTADO",IF(CB37<=($G37*(1+$EL$4)),"HABILITA","NO HABILITA")) -> NO OFERTADO | CG37: =CE37+CF37 -> 0 | CH37: =$D37*CG37 -> 0 | CI37: =+IF(CG37=0,"NO OFERTADO",IF(CG37<=($G37*(1+$EL$4)),"HABILITA","NO HABILITA")) -> NO OFERTADO | CL37: =CJ37+CK37 -> 0 | CM37: =$D37*CL37 -> 0 | CN37: =+IF(CL37=0,"NO OFERTADO",IF(CL37<=($G37*(1+$EL$4)),"HABILITA","NO HABILITA")) -> NO OFERTADO | CQ37: =CO37+CP37 -> 0 | CR37: =$D37*CQ37 -> 0 | CS37: =+IF(CQ37=0,"NO OFERTADO",IF(CQ37<=($G37*(1+$EL$4)),"HABILITA","NO HABILITA")) -> NO OFERTADO | CV37: =CT37+CU37 -> 0 | CW37: =$D37*CV37 -> 0 | CX37: =+IF(CV37=0,"NO OFERTADO",IF(CV37<=($G37*(1+$EL$4)),"HABILITA","NO HABILITA")) -> NO OFERTADO | DA37: =CY37+CZ37 -> 0 | DB37: =$D37*DA37 -> 0 | DC37: =+IF(DA37=0,"NO OFERTADO",IF(DA37<=($G37*(1+$EL$4)),"HABILITA","NO HABILITA")) -> NO OFERTADO | DD37: 93310 | DE37: 17728.9 | DF37: =DD37+DE37 -> 111038.9 | DG37: =$D37*DF37 -> 111038.9 | DH37: =+IF(DF37=0,"NO OFERTADO",IF(DF37<=($G37*(1+$EL$4)),"HABILITA","NO HABILITA")) -> NO HABILITA | DK37: =DI37+DJ37 -> 0 | DL37: =$D37*DK37 -> 0 | DM37: =+IF(DK37=0,"NO OFERTADO",IF(DK37<=($G37*(1+$EL$4)),"HABILITA","NO HABILITA")) -> NO OFERTADO | DN37: 63000 | DO37: 11970 | DP37: =DN37+DO37 -> 74970 | DQ37: =$D37*DP37 -> 74970 | DR37: =+IF(DP37=0,"NO OFERTADO",IF(DP37<=($G37*(1+$EL$4)),"HABILITA","NO HABILITA")) -> HABILITA | DU37: =DS37+DT37 -> 0 | DV37: =$D37*DU37 -> 0 | DW37: =+IF(DU37=0,"NO OFERTADO",IF(DU37<=($G37*(1+$EL$4)),"HABILITA","NO HABILITA")) -> NO OFERTADO | DY37: =DX37*0.19 -> 0 | DZ37: =DX37+DY37 -> 0 | EA37: =$D37*DZ37 -> 0 | EB37: =+IF(DZ37=0,"NO OFERTADO",IF(DZ37<=($G37*(1+$EQ$4)),"HABILITA","NO HABILITA")) -> NO OFERTADO | EE37: =EC37+ED37 -> 0 | EF37: =$D37*EE37 -> 0 | EG37: =+IF(EE37=0,"NO OFERTADO",IF(EE37<=($G37*(1+$EQ$4)),"HABILITA","NO HABILITA")) -> NO OFERTADO | EJ37: =EH37+EI37 -> 0 | EK37: =$D37*EJ37 -> 0 | EL37: =+IF(EJ37=0,"NO OFERTADO",IF(EJ37<=($G37*(1+$EL$4)),"HABILITA","NO HABILITA")) -> NO OFERTADO
A38: 29 | B38: ALCOHOL ETILICO AL 70 % PRESENTACION DE 700 - 750 ML | C38: 1 UNIDAD DE ALCOHOL PRESENTACION FRASCO | D38: 1 | E38: UN | F38: 1008.3333 | G38: 3237 | J38: =H38+I38 -> 0 | K38: =$D38*J38 -> 0 | L38: =+IF(J38=0,"NO OFERTADO",IF(J38<=($G38*(1+$EL$4)),"HABILITA","NO HABILITA")) -> NO OFERTADO | N38: 0 | O38: =M38+N38 -> 0 | P38: =$D38*O38 -> 0 | Q38: =+IF(O38=0,"NO OFERTADO",IF(O38<=($G38*(1+$EL$4)),"HABILITA","NO HABILITA")) -> NO OFERTADO | T38: =R38+S38 -> 0 | U38: =$D38*T38 -> 0 | V38: =+IF(T38=0,"NO OFERTADO",IF(T38<=($G38*(1+$EL$4)),"HABILITA","NO HABILITA")) -> NO OFERTADO | Y38: =W38+X38 -> 0 | Z38: =$D38*Y38 -> 0 | AA38: =+IF(Y38=0,"NO OFERTADO",IF(Y38<=($G38*(1+$EL$4)),"HABILITA","NO HABILITA")) -> NO OFERTADO | AD38: =AB38+AC38 -> 0 | AE38: =$D38*AD38 -> 0 | AF38: =+IF(AD38=0,"NO OFERTADO",IF(AD38<=($G38*(1+$EL$4)),"HABILITA","NO HABILITA")) -> NO OFERTADO | AG38: 4098 | AH38: 0 | AI38: =AG38+AH38 -> 4098 | AJ38: =$D38*AI38 -> 4098 | AK38: =+IF(AI38=0,"NO OFERTADO",IF(AI38<=($G38*(1+$EL$4)),"HABILITA","NO HABILITA")) -> HABILITA | AL38: 4500 | AM38: 0 | AN38: =AL38+AM38 -> 4500 | AO38: =$D38*AN38 -> 4500 | AP38: =+IF(AN38=0,"NO OFERTADO",IF(AN38<=($G38*(1+$EL$4)),"HABILITA","NO HABILITA")) -> NO HABILITA | AS38: =AQ38+AR38 -> 0 | AT38: =$D38*AS38 -> 0 | AU38: =+IF(AS38=0,"NO OFERTADO",IF(AS38<=($G38*(1+$EL$4)),"HABILITA","NO HABILITA")) -> NO OFERTADO | AV38: 3759 | AW38: 0 | AX38: =AV38+AW38 -> 3759 | AY38: =$D38*AX38 -> 3759 | AZ38: =+IF(AX38=0,"NO OFERTADO",IF(AX38<=($G38*(1+$EL$4)),"HABILITA","NO HABILITA")) -> HABILITA | BB38: =BA38*0.19 -> 0 | BC38: =BA38+BB38 -> 0 | BD38: =$D38*BC38 -> 0 | BE38: =+IF(BC38=0,"NO OFERTADO",IF(BC38<=($G38*(1+$EL$4)),"HABILITA","NO HABILITA")) -> NO OFERTADO | BH38: =BF38+BG38 -> 0 | BI38: =$D38*BH38 -> 0 | BJ38: =+IF(BH38=0,"NO OFERTADO",IF(BH38<=($G38*(1+$EL$4)),"HABILITA","NO HABILITA")) -> NO OFERTADO | BM38: =BK38+BL38 -> 0 | BN38: =$D38*BM38 -> 0 | BO38: =+IF(BM38=0,"NO OFERTADO",IF(BM38<=($G38*(1+$EL$4)),"HABILITA","NO HABILITA")) -> NO OFERTADO | BR38: =BP38+BQ38 -> 0 | BS38: =$D38*BR38 -> 0 | BT38: =+IF(BR38=0,"NO OFERTADO",IF(BR38<=($G38*(1+$EL$4)),"HABILITA","NO HABILITA")) -> NO OFERTADO | BW38: =BU38+BV38 -> 0 | BX38: =$D38*BW38 -> 0 | BY38: =+IF(BW38=0,"NO OFERTADO",IF(BW38<=($G38*(1+$EL$4)),"HABILITA","NO HABILITA")) -> NO OFERTADO | CB38: =BZ38+CA38 -> 0 | CC38: =$D38*CB38 -> 0 | CD38: =+IF(CB38=0,"NO OFERTADO",IF(CB38<=($G38*(1+$EL$4)),"HABILITA","NO HABILITA")) -> NO OFERTADO | CE38: 3632 | CF38: 0 | CG38: =CE38+CF38 -> 3632 | CH38: =$D38*CG38 -> 3632 | CI38: =+IF(CG38=0,"NO OFERTADO",IF(CG38<=($G38*(1+$EL$4)),"HABILITA","NO HABILITA")) -> HABILITA | CL38: =CJ38+CK38 -> 0 | CM38: =$D38*CL38 -> 0 | CN38: =+IF(CL38=0,"NO OFERTADO",IF(CL38<=($G38*(1+$EL$4)),"HABILITA","NO HABILITA")) -> NO OFERTADO | CQ38: =CO38+CP38 -> 0 | CR38: =$D38*CQ38 -> 0 | CS38: =+IF(CQ38=0,"NO OFERTADO",IF(CQ38<=($G38*(1+$EL$4)),"HABILITA","NO HABILITA")) -> NO OFERTADO | CT38: 4100 | CU38: 0 | CV38: =CT38+CU38 -> 4100 | CW38: =$D38*CV38 -> 4100 | CX38: =+IF(CV38=0,"NO OFERTADO",IF(CV38<=($G38*(1+$EL$4)),"HABILITA","NO HABILITA")) -> HABILITA | DA38: =CY38+CZ38 -> 0 | DB38: =$D38*DA38 -> 0 | DC38: =+IF(DA38=0,"NO OFERTADO",IF(DA38<=($G38*(1+$EL$4)),"HABILITA","NO HABILITA")) -> NO OFERTADO | DF38: =DD38+DE38 -> 0 | DG38: =$D38*DF38 -> 0 | DH38: =+IF(DF38=0,"NO OFERTADO",IF(DF38<=($G38*(1+$EL$4)),"HABILITA","NO HABILITA")) -> NO OFERTADO | DI38: 3720 | DJ38: 0 | DK38: =DI38+DJ38 -> 3720 | DL38: =$D38*DK38 -> 3720 | DM38: =+IF(DK38=0,"NO OFERTADO",IF(DK38<=($G38*(1+$EL$4)),"HABILITA","NO HABILITA")) -> HABILITA | DP38: =DN38+DO38 -> 0 | DQ38: =$D38*DP38 -> 0 | DR38: =+IF(DP38=0,"NO OFERTADO",IF(DP38<=($G38*(1+$EL$4)),"HABILITA","NO HABILITA")) -> NO OFERTADO | DU38: =DS38+DT38 -> 0 | DV38: =$D38*DU38 -> 0 | DW38: =+IF(DU38=0,"NO OFERTADO",IF(DU38<=($G38*(1+$EL$4)),"HABILITA","NO HABILITA")) -> NO OFERTADO | DY38: =DX38*0.19 -> 0 | DZ38: =DX38+DY38 -> 0 | EA38: =$D38*DZ38 -> 0 | EB38: =+IF(DZ38=0,"NO OFERTADO",IF(DZ38<=($G38*(1+$EQ$4)),"HABILITA","NO HABILITA")) -> NO OFERTADO | EE38: =EC38+ED38 -> 0 | EF38: =$D38*EE38 -> 0 | EG38: =+IF(EE38=0,"NO OFERTADO",IF(EE38<=($G38*(1+$EQ$4)),"HABILITA","NO HABILITA")) -> NO OFERTADO | EJ38: =EH38+EI38 -> 0 | EK38: =$D38*EJ38 -> 0 | EL38: =+IF(EJ38=0,"NO OFERTADO",IF(EJ38<=($G38*(1+$EL$4)),"HABILITA","NO HABILITA")) -> NO OFERTADO
A39: 30 | B39: ALGODON TIPO HOSPITALARIO EN ROLLO X 500 GR | C39: 1 UNIDAD DE ALGODÓN PRESENTACION ROLLO | D39: 1 | E39: UN | F39: 4.6666667 | G39: 9478 | J39: =H39+I39 -> 0 | K39: =$D39*J39 -> 0 | L39: =+IF(J39=0,"NO OFERTADO",IF(J39<=($G39*(1+$EL$4)),"HABILITA","NO HABILITA")) -> NO OFERTADO | N39: 0 | O39: =M39+N39 -> 0 | P39: =$D39*O39 -> 0 | Q39: =+IF(O39=0,"NO OFERTADO",IF(O39<=($G39*(1+$EL$4)),"HABILITA","NO HABILITA")) -> NO OFERTADO | T39: =R39+S39 -> 0 | U39: =$D39*T39 -> 0 | V39: =+IF(T39=0,"NO OFERTADO",IF(T39<=($G39*(1+$EL$4)),"HABILITA","NO HABILITA")) -> NO OFERTADO | Y39: =W39+X39 -> 0 | Z39: =$D39*Y39 -> 0 | AA39: =+IF(Y39=0,"NO OFERTADO",IF(Y39<=($G39*(1+$EL$4)),"HABILITA","NO HABILITA")) -> NO OFERTADO | AD39: =AB39+AC39 -> 0 | AE39: =$D39*AD39 -> 0 | AF39: =+IF(AD39=0,"NO OFERTADO",IF(AD39<=($G39*(1+$EL$4)),"HABILITA","NO HABILITA")) -> NO OFERTADO | AG39: 11958 | AH39: 0 | AI39: =AG39+AH39 -> 11958 | AJ39: =$D39*AI39 -> 11958 | AK39: =+IF(AI39=0,"NO OFERTADO",IF(AI39<=($G39*(1+$EL$4)),"HABILITA","NO HABILITA")) -> HABILITA | AN39: =AL39+AM39 -> 0 | AO39: =$D39*AN39 -> 0 | AP39: =+IF(AN39=0,"NO OFERTADO",IF(AN39<=($G39*(1+$EL$4)),"HABILITA","NO HABILITA")) -> NO OFERTADO | AS39: =AQ39+AR39 -> 0 | AT39: =$D39*AS39 -> 0 | AU39: =+IF(AS39=0,"NO OFERTADO",IF(AS39<=($G39*(1+$EL$4)),"HABILITA","NO HABILITA")) -> NO OFERTADO | AV39: 11003 | AW39: 0 | AX39: =AV39+AW39 -> 11003 | AY39: =$D39*AX39 -> 11003 | AZ39: =+IF(AX39=0,"NO OFERTADO",IF(AX39<=($G39*(1+$EL$4)),"HABILITA","NO HABILITA")) -> HABILITA | BB39: =BA39*0.19 -> 0 | BC39: =BA39+BB39 -> 0 | BD39: =$D39*BC39 -> 0 | BE39: =+IF(BC39=0,"NO OFERTADO",IF(BC39<=($G39*(1+$EL$4)),"HABILITA","NO HABILITA")) -> NO OFERTADO | BH39: =BF39+BG39 -> 0 | BI39: =$D39*BH39 -> 0 | BJ39: =+IF(BH39=0,"NO OFERTADO",IF(BH39<=($G39*(1+$EL$4)),"HABILITA","NO HABILITA")) -> NO OFERTADO | BM39: =BK39+BL39 -> 0 | BN39: =$D39*BM39 -> 0 | BO39: =+IF(BM39=0,"NO OFERTADO",IF(BM39<=($G39*(1+$EL$4)),"HABILITA","NO HABILITA")) -> NO OFERTADO | BR39: =BP39+BQ39 -> 0 | BS39: =$D39*BR39 -> 0 | BT39: =+IF(BR39=0,"NO OFERTADO",IF(BR39<=($G39*(1+$EL$4)),"HABILITA","NO HABILITA")) -> NO OFERTADO | BW39: =BU39+BV39 -> 0 | BX39: =$D39*BW39 -> 0 | BY39: =+IF(BW39=0,"NO OFERTADO",IF(BW39<=($G39*(1+$EL$4)),"HABILITA","NO HABILITA")) -> NO OFERTADO | CB39: =BZ39+CA39 -> 0 | CC39: =$D39*CB39 -> 0 | CD39: =+IF(CB39=0,"NO OFERTADO",IF(CB39<=($G39*(1+$EL$4)),"HABILITA","NO HABILITA")) -> NO OFERTADO | CE39: 10722 | CF39: 0 | CG39: =CE39+CF39 -> 10722 | CH39: =$D39*CG39 -> 10722 | CI39: =+IF(CG39=0,"NO OFERTADO",IF(CG39<=($G39*(1+$EL$4)),"HABILITA","NO HABILITA")) -> HABILITA | CJ39: 11721.687 | CK39: 0 | CL39: =CJ39+CK39 -> 11721.687 | CM39: =$D39*CL39 -> 11721.687 | CN39: =+IF(CL39=0,"NO OFERTADO",IF(CL39<=($G39*(1+$EL$4)),"HABILITA","NO HABILITA")) -> HABILITA | CQ39: =CO39+CP39 -> 0 | CR39: =$D39*CQ39 -> 0 | CS39: =+IF(CQ39=0,"NO OFERTADO",IF(CQ39<=($G39*(1+$EL$4)),"HABILITA","NO HABILITA")) -> NO OFERTADO | CT39: 12100 | CU39: 0 | CV39: =CT39+CU39 -> 12100 | CW39: =$D39*CV39 -> 12100 | CX39: =+IF(CV39=0,"NO OFERTADO",IF(CV39<=($G39*(1+$EL$4)),"HABILITA","NO HABILITA")) -> HABILITA | DA39: =CY39+CZ39 -> 0 | DB39: =$D39*DA39 -> 0 | DC39: =+IF(DA39=0,"NO OFERTADO",IF(DA39<=($G39*(1+$EL$4)),"HABILITA","NO HABILITA")) -> NO OFERTADO | DF39: =DD39+DE39 -> 0 | DG39: =$D39*DF39 -> 0 | DH39: =+IF(DF39=0,"NO OFERTADO",IF(DF39<=($G39*(1+$EL$4)),"HABILITA","NO HABILITA")) -> NO OFERTADO | DI39: 11467 | DJ39: 0 | DK39: =DI39+DJ39 -> 11467 | DL39: =$D39*DK39 -> 11467 | DM39: =+IF(DK39=0,"NO OFERTADO",IF(DK39<=($G39*(1+$EL$4)),"HABILITA","NO HABILITA")) -> HABILITA | DP39: =DN39+DO39 -> 0 | DQ39: =$D39*DP39 -> 0 | DR39: =+IF(DP39=0,"NO OFERTADO",IF(DP39<=($G39*(1+$EL$4)),"HABILITA","NO HABILITA")) -> NO OFERTADO | DU39: =DS39+DT39 -> 0 | DV39: =$D39*DU39 -> 0 | DW39: =+IF(DU39=0,"NO OFERTADO",IF(DU39<=($G39*(1+$EL$4)),"HABILITA","NO HABILITA")) -> NO OFERTADO | DY39: =DX39*0.19 -> 0 | DZ39: =DX39+DY39 -> 0 | EA39: =$D39*DZ39 -> 0 | EB39: =+IF(DZ39=0,"NO OFERTADO",IF(DZ39<=($G39*(1+$EQ$4)),"HABILITA","NO HABILITA")) -> NO OFERTADO | EE39: =EC39+ED39 -> 0 | EF39: =$D39*EE39 -> 0 | EG39: =+IF(EE39=0,"NO OFERTADO",IF(EE39<=($G39*(1+$EQ$4)),"HABILITA","NO HABILITA")) -> NO OFERTADO | EJ39: =EH39+EI39 -> 0 | EK39: =$D39*EJ39 -> 0 | EL39: =+IF(EJ39=0,"NO OFERTADO",IF(EJ39<=($G39*(1+$EL$4)),"HABILITA","NO HABILITA")) -> NO OFERTADO
A40: 31 | B40: APOSITO ANTMICROBIANO CON PLATA Y ALGINATO 10 X 10 CM | C40: 1 UNIDAD DE APOSITO | D40: 1 | E40: UN | F40: 42.333333 | G40: 40220.096 | J40: =H40+I40 -> 0 | K40: =$D40*J40 -> 0 | L40: =+IF(J40=0,"NO OFERTADO",IF(J40<=($G40*(1+$EL$4)),"HABILITA","NO HABILITA")) -> NO OFERTADO | N40: 0 | O40: =M40+N40 -> 0 | P40: =$D40*O40 -> 0 | Q40: =+IF(O40=0,"NO OFERTADO",IF(O40<=($G40*(1+$EL$4)),"HABILITA","NO HABILITA")) -> NO OFERTADO | T40: =R40+S40 -> 0 | U40: =$D40*T40 -> 0 | V40: =+IF(T40=0,"NO OFERTADO",IF(T40<=($G40*(1+$EL$4)),"HABILITA","NO HABILITA")) -> NO OFERTADO | Y40: =W40+X40 -> 0 | Z40: =$D40*Y40 -> 0 | AA40: =+IF(Y40=0,"NO OFERTADO",IF(Y40<=($G40*(1+$EL$4)),"HABILITA","NO HABILITA")) -> NO OFERTADO | AD40: =AB40+AC40 -> 0 | AE40: =$D40*AD40 -> 0 | AF40: =+IF(AD40=0,"NO OFERTADO",IF(AD40<=($G40*(1+$EL$4)),"HABILITA","NO HABILITA")) -> NO OFERTADO | AI40: =AG40+AH40 -> 0 | AJ40: =$D40*AI40 -> 0 | AK40: =+IF(AI40=0,"NO OFERTADO",IF(AI40<=($G40*(1+$EL$4)),"HABILITA","NO HABILITA")) -> NO OFERTADO | AL40: 32500 | AM40: 0 | AN40: =AL40+AM40 -> 32500 | AO40: =$D40*AN40 -> 32500 | AP40: =+IF(AN40=0,"NO OFERTADO",IF(AN40<=($G40*(1+$EL$4)),"HABILITA","NO HABILITA")) -> HABILITA | AQ40: 36100 | AR40: 0 | AS40: =AQ40+AR40 -> 36100 | AT40: =$D40*AS40 -> 36100 | AU40: =+IF(AS40=0,"NO OFERTADO",IF(AS40<=($G40*(1+$EL$4)),"HABILITA","NO HABILITA")) -> HABILITA | AV40: 34343 | AW40: 0 | AX40: =AV40+AW40 -> 34343 | AY40: =$D40*AX40 -> 34343 | AZ40: =+IF(AX40=0,"NO OFERTADO",IF(AX40<=($G40*(1+$EL$4)),"HABILITA","NO HABILITA")) -> HABILITA | BB40: =BA40*0.19 -> 0 | BC40: =BA40+BB40 -> 0 | BD40: =$D40*BC40 -> 0 | BE40: =+IF(BC40=0,"NO OFERTADO",IF(BC40<=($G40*(1+$EL$4)),"HABILITA","NO HABILITA")) -> NO OFERTADO | BH40: =BF40+BG40 -> 0 | BI40: =$D40*BH40 -> 0 | BJ40: =+IF(BH40=0,"NO OFERTADO",IF(BH40<=($G40*(1+$EL$4)),"HABILITA","NO HABILITA")) -> NO OFERTADO | BM40: =BK40+BL40 -> 0 | BN40: =$D40*BM40 -> 0 | BO40: =+IF(BM40=0,"NO OFERTADO",IF(BM40<=($G40*(1+$EL$4)),"HABILITA","NO HABILITA")) -> NO OFERTADO | BR40: =BP40+BQ40 -> 0 | BS40: =$D40*BR40 -> 0 | BT40: =+IF(BR40=0,"NO OFERTADO",IF(BR40<=($G40*(1+$EL$4)),"HABILITA","NO HABILITA")) -> NO OFERTADO | BW40: =BU40+BV40 -> 0 | BX40: =$D40*BW40 -> 0 | BY40: =+IF(BW40=0,"NO OFERTADO",IF(BW40<=($G40*(1+$EL$4)),"HABILITA","NO HABILITA")) -> NO OFERTADO | CB40: =BZ40+CA40 -> 0 | CC40: =$D40*CB40 -> 0 | CD40: =+IF(CB40=0,"NO OFERTADO",IF(CB40<=($G40*(1+$EL$4)),"HABILITA","NO HABILITA")) -> NO OFERTADO | CG40: =CE40+CF40 -> 0 | CH40: =$D40*CG40 -> 0 | CI40: =+IF(CG40=0,"NO OFERTADO",IF(CG40<=($G40*(1+$EL$4)),"HABILITA","NO HABILITA")) -> NO OFERTADO | CL40: =CJ40+CK40 -> 0 | CM40: =$D40*CL40 -> 0 | CN40: =+IF(CL40=0,"NO OFERTADO",IF(CL40<=($G40*(1+$EL$4)),"HABILITA","NO HABILITA")) -> NO OFERTADO | CQ40: =CO40+CP40 -> 0 | CR40: =$D40*CQ40 -> 0 | CS40: =+IF(CQ40=0,"NO OFERTADO",IF(CQ40<=($G40*(1+$EL$4)),"HABILITA","NO HABILITA")) -> NO OFERTADO | CV40: =CT40+CU40 -> 0 | CW40: =$D40*CV40 -> 0 | CX40: =+IF(CV40=0,"NO OFERTADO",IF(CV40<=($G40*(1+$EL$4)),"HABILITA","NO HABILITA")) -> NO OFERTADO | CY40: 14900 | CZ40: 0 | DA40: =CY40+CZ40 -> 14900 | DB40: =$D40*DA40 -> 14900 | DC40: =+IF(DA40=0,"NO OFERTADO",IF(DA40<=($G40*(1+$EL$4)),"HABILITA","NO HABILITA")) -> HABILITA | DF40: =DD40+DE40 -> 0 | DG40: =$D40*DF40 -> 0 | DH40: =+IF(DF40=0,"NO OFERTADO",IF(DF40<=($G40*(1+$EL$4)),"HABILITA","NO HABILITA")) -> NO OFERTADO | DI40: 43364 | DJ40: 0 | DK40: =DI40+DJ40 -> 43364 | DL40: =$D40*DK40 -> 43364 | DM40: =+IF(DK40=0,"NO OFERTADO",IF(DK40<=($G40*(1+$EL$4)),"HABILITA","NO HABILITA")) -> HABILITA | DP40: =DN40+DO40 -> 0 | DQ40: =$D40*DP40 -> 0 | DR40: =+IF(DP40=0,"NO OFERTADO",IF(DP40<=($G40*(1+$EL$4)),"HABILITA","NO HABILITA")) -> NO OFERTADO | DU40: =DS40+DT40 -> 0 | DV40: =$D40*DU40 -> 0 | DW40: =+IF(DU40=0,"NO OFERTADO",IF(DU40<=($G40*(1+$EL$4)),"HABILITA","NO HABILITA")) -> NO OFERTADO | DX40: 23184 | DY40: 0 | DZ40: =DX40+DY40 -> 23184 | EA40: =$D40*DZ40 -> 23184 | EB40: =+IF(DZ40=0,"NO OFERTADO",IF(DZ40<=($G40*(1+$EQ$4)),"HABILITA","NO HABILITA")) -> HABILITA | EE40: =EC40+ED40 -> 0 | EF40: =$D40*EE40 -> 0 | EG40: =+IF(EE40=0,"NO OFERTADO",IF(EE40<=($G40*(1+$EQ$4)),"HABILITA","NO HABILITA")) -> NO OFERTADO | EJ40: =EH40+EI40 -> 0 | EK40: =$D40*EJ40 -> 0 | EL40: =+IF(EJ40=0,"NO OFERTADO",IF(EJ40<=($G40*(1+$EL$4)),"HABILITA","NO HABILITA")) -> NO OFERTADO
A41: 32 | B41: APOSITO CON HIDROCOLOIDE EN GEL 20 X 20 CM ESTERIL | C41: 1 UNIDAD DE APOSITO | D41: 1 | E41: UN | F41: 79.333333 | G41: 12568.78 | J41: =H41+I41 -> 0 | K41: =$D41*J41 -> 0 | L41: =+IF(J41=0,"NO OFERTADO",IF(J41<=($G41*(1+$EL$4)),"HABILITA","NO HABILITA")) -> NO OFERTADO | N41: 0 | O41: =M41+N41 -> 0 | P41: =$D41*O41 -> 0 | Q41: =+IF(O41=0,"NO OFERTADO",IF(O41<=($G41*(1+$EL$4)),"HABILITA","NO HABILITA")) -> NO OFERTADO | T41: =R41+S41 -> 0 | U41: =$D41*T41 -> 0 | V41: =+IF(T41=0,"NO OFERTADO",IF(T41<=($G41*(1+$EL$4)),"HABILITA","NO HABILITA")) -> NO OFERTADO | Y41: =W41+X41 -> 0 | Z41: =$D41*Y41 -> 0 | AA41: =+IF(Y41=0,"NO OFERTADO",IF(Y41<=($G41*(1+$EL$4)),"HABILITA","NO HABILITA")) -> NO OFERTADO | AD41: =AB41+AC41 -> 0 | AE41: =$D41*AD41 -> 0 | AF41: =+IF(AD41=0,"NO OFERTADO",IF(AD41<=($G41*(1+$EL$4)),"HABILITA","NO HABILITA")) -> NO OFERTADO | AI41: =AG41+AH41 -> 0 | AJ41: =$D41*AI41 -> 0 | AK41: =+IF(AI41=0,"NO OFERTADO",IF(AI41<=($G41*(1+$EL$4)),"HABILITA","NO HABILITA")) -> NO OFERTADO | AN41: =AL41+AM41 -> 0 | AO41: =$D41*AN41 -> 0 | AP41: =+IF(AN41=0,"NO OFERTADO",IF(AN41<=($G41*(1+$EL$4)),"HABILITA","NO HABILITA")) -> NO OFERTADO | AS41: =AQ41+AR41 -> 0 | AT41: =$D41*AS41 -> 0 | AU41: =+IF(AS41=0,"NO OFERTADO",IF(AS41<=($G41*(1+$EL$4)),"HABILITA","NO HABILITA")) -> NO OFERTADO | AV41: 50290 | AW41: 0 | AX41: =AV41+AW41 -> 50290 | AY41: =$D41*AX41 -> 50290 | AZ41: =+IF(AX41=0,"NO OFERTADO",IF(AX41<=($G41*(1+$EL$4)),"HABILITA","NO HABILITA")) -> NO HABILITA | BB41: =BA41*0.19 -> 0 | BC41: =BA41+BB41 -> 0 | BD41: =$D41*BC41 -> 0 | BE41: =+IF(BC41=0,"NO OFERTADO",IF(BC41<=($G41*(1+$EL$4)),"HABILITA","NO HABILITA")) -> NO OFERTADO | BH41: =BF41+BG41 -> 0 | BI41: =$D41*BH41 -> 0 | BJ41: =+IF(BH41=0,"NO OFERTADO",IF(BH41<=($G41*(1+$EL$4)),"HABILITA","NO HABILITA")) -> NO OFERTADO | BM41: =BK41+BL41 -> 0 | BN41: =$D41*BM41 -> 0 | BO41: =+IF(BM41=0,"NO OFERTADO",IF(BM41<=($G41*(1+$EL$4)),"HABILITA","NO HABILITA")) -> NO OFERTADO | BR41: =BP41+BQ41 -> 0 | BS41: =$D41*BR41 -> 0 | BT41: =+IF(BR41=0,"NO OFERTADO",IF(BR41<=($G41*(1+$EL$4)),"HABILITA","NO HABILITA")) -> NO OFERTADO | BW41: =BU41+BV41 -> 0 | BX41: =$D41*BW41 -> 0 | BY41: =+IF(BW41=0,"NO OFERTADO",IF(BW41<=($G41*(1+$EL$4)),"HABILITA","NO HABILITA")) -> NO OFERTADO | CB41: =BZ41+CA41 -> 0 | CC41: =$D41*CB41 -> 0 | CD41: =+IF(CB41=0,"NO OFERTADO",IF(CB41<=($G41*(1+$EL$4)),"HABILITA","NO HABILITA")) -> NO OFERTADO | CG41: =CE41+CF41 -> 0 | CH41: =$D41*CG41 -> 0 | CI41: =+IF(CG41=0,"NO OFERTADO",IF(CG41<=($G41*(1+$EL$4)),"HABILITA","NO HABILITA")) -> NO OFERTADO | CJ41: 27109 | CK41: 0 | CL41: =CJ41+CK41 -> 27109 | CM41: =$D41*CL41 -> 27109 | CN41: =+IF(CL41=0,"NO OFERTADO",IF(CL41<=($G41*(1+$EL$4)),"HABILITA","NO HABILITA")) -> NO HABILITA | CQ41: =CO41+CP41 -> 0 | CR41: =$D41*CQ41 -> 0 | CS41: =+IF(CQ41=0,"NO OFERTADO",IF(CQ41<=($G41*(1+$EL$4)),"HABILITA","NO HABILITA")) -> NO OFERTADO | CV41: =CT41+CU41 -> 0 | CW41: =$D41*CV41 -> 0 | CX41: =+IF(CV41=0,"NO OFERTADO",IF(CV41<=($G41*(1+$EL$4)),"HABILITA","NO HABILITA")) -> NO OFERTADO | DA41: =CY41+CZ41 -> 0 | DB41: =$D41*DA41 -> 0 | DC41: =+IF(DA41=0,"NO OFERTADO",IF(DA41<=($G41*(1+$EL$4)),"HABILITA","NO HABILITA")) -> NO OFERTADO | DF41: =DD41+DE41 -> 0 | DG41: =$D41*DF41 -> 0 | DH41: =+IF(DF41=0,"NO OFERTADO",IF(DF41<=($G41*(1+$EL$4)),"HABILITA","NO HABILITA")) -> NO OFERTADO | DI41: 72957 | DJ41: 0 | DK41: =DI41+DJ41 -> 72957 | DL41: =$D41*DK41 -> 72957 | DM41: =+IF(DK41=0,"NO OFERTADO",IF(DK41<=($G41*(1+$EL$4)),"HABILITA","NO HABILITA")) -> NO HABILITA | DP41: =DN41+DO41 -> 0 | DQ41: =$D41*DP41 -> 0 | DR41: =+IF(DP41=0,"NO OFERTADO",IF(DP41<=($G41*(1+$EL$4)),"HABILITA","NO HABILITA")) -> NO OFERTADO | DU41: =DS41+DT41 -> 0 | DV41: =$D41*DU41 -> 0 | DW41: =+IF(DU41=0,"NO OFERTADO",IF(DU41<=($G41*(1+$EL$4)),"HABILITA","NO HABILITA")) -> NO OFERTADO | DX41: 53928 | DY41: 0 | DZ41: =DX41+DY41 -> 53928 | EA41: =$D41*DZ41 -> 53928 | EB41: =+IF(DZ41=0,"NO OFERTADO",IF(DZ41<=($G41*(1+$EQ$4)),"HABILITA","NO HABILITA")) -> NO HABILITA | EE41: =EC41+ED41 -> 0 | EF41: =$D41*EE41 -> 0 | EG41: =+IF(EE41=0,"NO OFERTADO",IF(EE41<=($G41*(1+$EQ$4)),"HABILITA","NO HABILITA")) -> NO OFERTADO | EJ41: =EH41+EI41 -> 0 | EK41: =$D41*EJ41 -> 0 | EL41: =+IF(EJ41=0,"NO OFERTADO",IF(EJ41<=($G41*(1+$EL$4)),"HABILITA","NO HABILITA")) -> NO OFERTADO
A42: 33 | B42: APOSITO DE ALGINATO DE CALCIO CON MIEL ACTIVA DE LEPTOSPERNUM SOLIDO DE 12 X 10CM | C42: 1 UNIDAD DE APOSITO | D42: 1 | E42: UN | F42: 3.3333333 | G42: 73089 | J42: =H42+I42 -> 0 | K42: =$D42*J42 -> 0 | L42: =+IF(J42=0,"NO OFERTADO",IF(J42<=($G42*(1+$EL$4)),"HABILITA","NO HABILITA")) -> NO OFERTADO | N42: 0 | O42: =M42+N42 -> 0 | P42: =$D42*O42 -> 0 | Q42: =+IF(O42=0,"NO OFERTADO",IF(O42<=($G42*(1+$EL$4)),"HABILITA","NO HABILITA")) -> NO OFERTADO | T42: =R42+S42 -> 0 | U42: =$D42*T42 -> 0 | V42: =+IF(T42=0,"NO OFERTADO",IF(T42<=($G42*(1+$EL$4)),"HABILITA","NO HABILITA")) -> NO OFERTADO | Y42: =W42+X42 -> 0 | Z42: =$D42*Y42 -> 0 | AA42: =+IF(Y42=0,"NO OFERTADO",IF(Y42<=($G42*(1+$EL$4)),"HABILITA","NO HABILITA")) -> NO OFERTADO | AD42: =AB42+AC42 -> 0 | AE42: =$D42*AD42 -> 0 | AF42: =+IF(AD42=0,"NO OFERTADO",IF(AD42<=($G42*(1+$EL$4)),"HABILITA","NO HABILITA")) -> NO OFERTADO | AI42: =AG42+AH42 -> 0 | AJ42: =$D42*AI42 -> 0 | AK42: =+IF(AI42=0,"NO OFERTADO",IF(AI42<=($G42*(1+$EL$4)),"HABILITA","NO HABILITA")) -> NO OFERTADO | AL42: 85760 | AM42: 0 | AN42: =AL42+AM42 -> 85760 | AO42: =$D42*AN42 -> 85760 | AP42: =+IF(AN42=0,"NO OFERTADO",IF(AN42<=($G42*(1+$EL$4)),"HABILITA","NO HABILITA")) -> HABILITA | AS42: =AQ42+AR42 -> 0 | AT42: =$D42*AS42 -> 0 | AU42: =+IF(AS42=0,"NO OFERTADO",IF(AS42<=($G42*(1+$EL$4)),"HABILITA","NO HABILITA")) -> NO OFERTADO | AX42: =AV42+AW42 -> 0 | AY42: =$D42*AX42 -> 0 | AZ42: =+IF(AX42=0,"NO OFERTADO",IF(AX42<=($G42*(1+$EL$4)),"HABILITA","NO HABILITA")) -> NO OFERTADO | BB42: =BA42*0.19 -> 0 | BC42: =BA42+BB42 -> 0 | BD42: =$D42*BC42 -> 0 | BE42: =+IF(BC42=0,"NO OFERTADO",IF(BC42<=($G42*(1+$EL$4)),"HABILITA","NO HABILITA")) -> NO OFERTADO | BH42: =BF42+BG42 -> 0 | BI42: =$D42*BH42 -> 0 | BJ42: =+IF(BH42=0,"NO OFERTADO",IF(BH42<=($G42*(1+$EL$4)),"HABILITA","NO HABILITA")) -> NO OFERTADO | BM42: =BK42+BL42 -> 0 | BN42: =$D42*BM42 -> 0 | BO42: =+IF(BM42=0,"NO OFERTADO",IF(BM42<=($G42*(1+$EL$4)),"HABILITA","NO HABILITA")) -> NO OFERTADO | BR42: =BP42+BQ42 -> 0 | BS42: =$D42*BR42 -> 0 | BT42: =+IF(BR42=0,"NO OFERTADO",IF(BR42<=($G42*(1+$EL$4)),"HABILITA","NO HABILITA")) -> NO OFERTADO | BW42: =BU42+BV42 -> 0 | BX42: =$D42*BW42 -> 0 | BY42: =+IF(BW42=0,"NO OFERTADO",IF(BW42<=($G42*(1+$EL$4)),"HABILITA","NO HABILITA")) -> NO OFERTADO | CB42: =BZ42+CA42 -> 0 | CC42: =$D42*CB42 -> 0 | CD42: =+IF(CB42=0,"NO OFERTADO",IF(CB42<=($G42*(1+$EL$4)),"HABILITA","NO HABILITA")) -> NO OFERTADO | CG42: =CE42+CF42 -> 0 | CH42: =$D42*CG42 -> 0 | CI42: =+IF(CG42=0,"NO OFERTADO",IF(CG42<=($G42*(1+$EL$4)),"HABILITA","NO HABILITA")) -> NO OFERTADO | CL42: =CJ42+CK42 -> 0 | CM42: =$D42*CL42 -> 0 | CN42: =+IF(CL42=0,"NO OFERTADO",IF(CL42<=($G42*(1+$EL$4)),"HABILITA","NO HABILITA")) -> NO OFERTADO | CQ42: =CO42+CP42 -> 0 | CR42: =$D42*CQ42 -> 0 | CS42: =+IF(CQ42=0,"NO OFERTADO",IF(CQ42<=($G42*(1+$EL$4)),"HABILITA","NO HABILITA")) -> NO OFERTADO | CV42: =CT42+CU42 -> 0 | CW42: =$D42*CV42 -> 0 | CX42: =+IF(CV42=0,"NO OFERTADO",IF(CV42<=($G42*(1+$EL$4)),"HABILITA","NO HABILITA")) -> NO OFERTADO | DA42: =CY42+CZ42 -> 0 | DB42: =$D42*DA42 -> 0 | DC42: =+IF(DA42=0,"NO OFERTADO",IF(DA42<=($G42*(1+$EL$4)),"HABILITA","NO HABILITA")) -> NO OFERTADO | DF42: =DD42+DE42 -> 0 | DG42: =$D42*DF42 -> 0 | DH42: =+IF(DF42=0,"NO OFERTADO",IF(DF42<=($G42*(1+$EL$4)),"HABILITA","NO HABILITA")) -> NO OFERTADO | DI42: 75000 | DJ42: 0 | DK42: =DI42+DJ42 -> 75000 | DL42: =$D42*DK42 -> 75000 | DM42: =+IF(DK42=0,"NO OFERTADO",IF(DK42<=($G42*(1+$EL$4)),"HABILITA","NO HABILITA")) -> HABILITA | DP42: =DN42+DO42 -> 0 | DQ42: =$D42*DP42 -> 0 | DR42: =+IF(DP42=0,"NO OFERTADO",IF(DP42<=($G42*(1+$EL$4)),"HABILITA","NO HABILITA")) -> NO OFERTADO | DU42: =DS42+DT42 -> 0 | DV42: =$D42*DU42 -> 0 | DW42: =+IF(DU42=0,"NO OFERTADO",IF(DU42<=($G42*(1+$EL$4)),"HABILITA","NO HABILITA")) -> NO OFERTADO | DY42: =DX42*0.19 -> 0 | DZ42: =DX42+DY42 -> 0 | EA42: =$D42*DZ42 -> 0 | EB42: =+IF(DZ42=0,"NO OFERTADO",IF(DZ42<=($G42*(1+$EQ$4)),"HABILITA","NO HABILITA")) -> NO OFERTADO | EE42: =EC42+ED42 -> 0 | EF42: =$D42*EE42 -> 0 | EG42: =+IF(EE42=0,"NO OFERTADO",IF(EE42<=($G42*(1+$EQ$4)),"HABILITA","NO HABILITA")) -> NO OFERTADO | EJ42: =EH42+EI42 -> 0 | EK42: =$D42*EJ42 -> 0 | EL42: =+IF(EJ42=0,"NO OFERTADO",IF(EJ42<=($G42*(1+$EL$4)),"HABILITA","NO HABILITA")) -> NO OFERTADO
A43: 34 | B43: APOSITO FIJACION DE CATETER 10 X 12 MAS O MENOS 2 CM- FIJACION DE CATETER CENTRAL | C43: 1 UNIDAD DE APOSITO | D43: 1 | E43: UN | F43: 1 | G43: 1428 | H43: 1400 | I43: 0 | J43: =H43+I43 -> 1400 | K43: =$D43*J43 -> 1400 | L43: =+IF(J43=0,"NO OFERTADO",IF(J43<=($G43*(1+$EL$4)),"HABILITA","NO HABILITA")) -> HABILITA | N43: 0 | O43: =M43+N43 -> 0 | P43: =$D43*O43 -> 0 | Q43: =+IF(O43=0,"NO OFERTADO",IF(O43<=($G43*(1+$EL$4)),"HABILITA","NO HABILITA")) -> NO OFERTADO | T43: =R43+S43 -> 0 | U43: =$D43*T43 -> 0 | V43: =+IF(T43=0,"NO OFERTADO",IF(T43<=($G43*(1+$EL$4)),"HABILITA","NO HABILITA")) -> NO OFERTADO | Y43: =W43+X43 -> 0 | Z43: =$D43*Y43 -> 0 | AA43: =+IF(Y43=0,"NO OFERTADO",IF(Y43<=($G43*(1+$EL$4)),"HABILITA","NO HABILITA")) -> NO OFERTADO | AD43: =AB43+AC43 -> 0 | AE43: =$D43*AD43 -> 0 | AF43: =+IF(AD43=0,"NO OFERTADO",IF(AD43<=($G43*(1+$EL$4)),"HABILITA","NO HABILITA")) -> NO OFERTADO | AI43: =AG43+AH43 -> 0 | AJ43: =$D43*AI43 -> 0 | AK43: =+IF(AI43=0,"NO OFERTADO",IF(AI43<=($G43*(1+$EL$4)),"HABILITA","NO HABILITA")) -> NO OFERTADO | AL43: 2480 | AM43: 0 | AN43: =AL43+AM43 -> 2480 | AO43: =$D43*AN43 -> 2480 | AP43: =+IF(AN43=0,"NO OFERTADO",IF(AN43<=($G43*(1+$EL$4)),"HABILITA","NO HABILITA")) -> NO HABILITA | AS43: =AQ43+AR43 -> 0 | AT43: =$D43*AS43 -> 0 | AU43: =+IF(AS43=0,"NO OFERTADO",IF(AS43<=($G43*(1+$EL$4)),"HABILITA","NO HABILITA")) -> NO OFERTADO | AV43: 3158 | AW43: 0 | AX43: =AV43+AW43 -> 3158 | AY43: =$D43*AX43 -> 3158 | AZ43: =+IF(AX43=0,"NO OFERTADO",IF(AX43<=($G43*(1+$EL$4)),"HABILITA","NO HABILITA")) -> NO HABILITA | BB43: =BA43*0.19 -> 0 | BC43: =BA43+BB43 -> 0 | BD43: =$D43*BC43 -> 0 | BE43: =+IF(BC43=0,"NO OFERTADO",IF(BC43<=($G43*(1+$EL$4)),"HABILITA","NO HABILITA")) -> NO OFERTADO | BH43: =BF43+BG43 -> 0 | BI43: =$D43*BH43 -> 0 | BJ43: =+IF(BH43=0,"NO OFERTADO",IF(BH43<=($G43*(1+$EL$4)),"HABILITA","NO HABILITA")) -> NO OFERTADO | BM43: =BK43+BL43 -> 0 | BN43: =$D43*BM43 -> 0 | BO43: =+IF(BM43=0,"NO OFERTADO",IF(BM43<=($G43*(1+$EL$4)),"HABILITA","NO HABILITA")) -> NO OFERTADO | BP43: 2700 | BQ43: 0 | BR43: =BP43+BQ43 -> 2700 | BS43: =$D43*BR43 -> 2700 | BT43: =+IF(BR43=0,"NO OFERTADO",IF(BR43<=($G43*(1+$EL$4)),"HABILITA","NO HABILITA")) -> NO HABILITA | BW43: =BU43+BV43 -> 0 | BX43: =$D43*BW43 -> 0 | BY43: =+IF(BW43=0,"NO OFERTADO",IF(BW43<=($G43*(1+$EL$4)),"HABILITA","NO HABILITA")) -> NO OFERTADO | CB43: =BZ43+CA43 -> 0 | CC43: =$D43*CB43 -> 0 | CD43: =+IF(CB43=0,"NO OFERTADO",IF(CB43<=($G43*(1+$EL$4)),"HABILITA","NO HABILITA")) -> NO OFERTADO | CG43: =CE43+CF43 -> 0 | CH43: =$D43*CG43 -> 0 | CI43: =+IF(CG43=0,"NO OFERTADO",IF(CG43<=($G43*(1+$EL$4)),"HABILITA","NO HABILITA")) -> NO OFERTADO | CJ43: 2945 | CK43: 0 | CL43: =CJ43+CK43 -> 2945 | CM43: =$D43*CL43 -> 2945 | CN43: =+IF(CL43=0,"NO OFERTADO",IF(CL43<=($G43*(1+$EL$4)),"HABILITA","NO HABILITA")) -> NO HABILITA | CQ43: =CO43+CP43 -> 0 | CR43: =$D43*CQ43 -> 0 | CS43: =+IF(CQ43=0,"NO OFERTADO",IF(CQ43<=($G43*(1+$EL$4)),"HABILITA","NO HABILITA")) -> NO OFERTADO | CV43: =CT43+CU43 -> 0 | CW43: =$D43*CV43 -> 0 | CX43: =+IF(CV43=0,"NO OFERTADO",IF(CV43<=($G43*(1+$EL$4)),"HABILITA","NO HABILITA")) -> NO OFERTADO | CY43: 1950 | CZ43: 0 | DA43: =CY43+CZ43 -> 1950 | DB43: =$D43*DA43 -> 1950 | DC43: =+IF(DA43=0,"NO OFERTADO",IF(DA43<=($G43*(1+$EL$4)),"HABILITA","NO HABILITA")) -> NO HABILITA | DF43: =DD43+DE43 -> 0 | DG43: =$D43*DF43 -> 0 | DH43: =+IF(DF43=0,"NO OFERTADO",IF(DF43<=($G43*(1+$EL$4)),"HABILITA","NO HABILITA")) -> NO OFERTADO | DI43: 4552 | DJ43: 0 | DK43: =DI43+DJ43 -> 4552 | DL43: =$D43*DK43 -> 4552 | DM43: =+IF(DK43=0,"NO OFERTADO",IF(DK43<=($G43*(1+$EL$4)),"HABILITA","NO HABILITA")) -> NO HABILITA | DP43: =DN43+DO43 -> 0 | DQ43: =$D43*DP43 -> 0 | DR43: =+IF(DP43=0,"NO OFERTADO",IF(DP43<=($G43*(1+$EL$4)),"HABILITA","NO HABILITA")) -> NO OFERTADO | DU43: =DS43+DT43 -> 0 | DV43: =$D43*DU43 -> 0 | DW43: =+IF(DU43=0,"NO OFERTADO",IF(DU43<=($G43*(1+$EL$4)),"HABILITA","NO HABILITA")) -> NO OFERTADO | DY43: =DX43*0.19 -> 0 | DZ43: =DX43+DY43 -> 0 | EA43: =$D43*DZ43 -> 0 | EB43: =+IF(DZ43=0,"NO OFERTADO",IF(DZ43<=($G43*(1+$EQ$4)),"HABILITA","NO HABILITA")) -> NO OFERTADO | EE43: =EC43+ED43 -> 0 | EF43: =$D43*EE43 -> 0 | EG43: =+IF(EE43=0,"NO OFERTADO",IF(EE43<=($G43*(1+$EQ$4)),"HABILITA","NO HABILITA")) -> NO OFERTADO | EJ43: =EH43+EI43 -> 0 | EK43: =$D43*EJ43 -> 0 | EL43: =+IF(EJ43=0,"NO OFERTADO",IF(EJ43<=($G43*(1+$EL$4)),"HABILITA","NO HABILITA")) -> NO OFERTADO
A44: 35 | B44: APOSITO PARA CUBRIR CATETER PEDIATRICO DE 10 CM X 12 CM +/- 2 CM (CON REFUERZO INCORPORADO DE CINTA ADHESIVA EN LA PERIFERIA Y TIRILLAS DE FIJACION PARA CATETER CENTRAL O PICC) | C44: 1 UNIDAD DE APOSITO | D44: 1 | E44: UN | F44: 333 | G44: 3362 | H44: 3000 | I44: 0 | J44: =H44+I44 -> 3000 | K44: =$D44*J44 -> 3000 | L44: =+IF(J44=0,"NO OFERTADO",IF(J44<=($G44*(1+$EL$4)),"HABILITA","NO HABILITA")) -> HABILITA | N44: 0 | O44: =M44+N44 -> 0 | P44: =$D44*O44 -> 0 | Q44: =+IF(O44=0,"NO OFERTADO",IF(O44<=($G44*(1+$EL$4)),"HABILITA","NO HABILITA")) -> NO OFERTADO | T44: =R44+S44 -> 0 | U44: =$D44*T44 -> 0 | V44: =+IF(T44=0,"NO OFERTADO",IF(T44<=($G44*(1+$EL$4)),"HABILITA","NO HABILITA")) -> NO OFERTADO | Y44: =W44+X44 -> 0 | Z44: =$D44*Y44 -> 0 | AA44: =+IF(Y44=0,"NO OFERTADO",IF(Y44<=($G44*(1+$EL$4)),"HABILITA","NO HABILITA")) -> NO OFERTADO | AD44: =AB44+AC44 -> 0 | AE44: =$D44*AD44 -> 0 | AF44: =+IF(AD44=0,"NO OFERTADO",IF(AD44<=($G44*(1+$EL$4)),"HABILITA","NO HABILITA")) -> NO OFERTADO | AI44: =AG44+AH44 -> 0 | AJ44: =$D44*AI44 -> 0 | AK44: =+IF(AI44=0,"NO OFERTADO",IF(AI44<=($G44*(1+$EL$4)),"HABILITA","NO HABILITA")) -> NO OFERTADO | AN44: =AL44+AM44 -> 0 | AO44: =$D44*AN44 -> 0 | AP44: =+IF(AN44=0,"NO OFERTADO",IF(AN44<=($G44*(1+$EL$4)),"HABILITA","NO HABILITA")) -> NO OFERTADO | AS44: =AQ44+AR44 -> 0 | AT44: =$D44*AS44 -> 0 | AU44: =+IF(AS44=0,"NO OFERTADO",IF(AS44<=($G44*(1+$EL$4)),"HABILITA","NO HABILITA")) -> NO OFERTADO | AV44: 3309 | AW44: 0 | AX44: =AV44+AW44 -> 3309 | AY44: =$D44*AX44 -> 3309 | AZ44: =+IF(AX44=0,"NO OFERTADO",IF(AX44<=($G44*(1+$EL$4)),"HABILITA","NO HABILITA")) -> HABILITA | BB44: =BA44*0.19 -> 0 | BC44: =BA44+BB44 -> 0 | BD44: =$D44*BC44 -> 0 | BE44: =+IF(BC44=0,"NO OFERTADO",IF(BC44<=($G44*(1+$EL$4)),"HABILITA","NO HABILITA")) -> NO OFERTADO | BH44: =BF44+BG44 -> 0 | BI44: =$D44*BH44 -> 0 | BJ44: =+IF(BH44=0,"NO OFERTADO",IF(BH44<=($G44*(1+$EL$4)),"HABILITA","NO HABILITA")) -> NO OFERTADO | BM44: =BK44+BL44 -> 0 | BN44: =$D44*BM44 -> 0 | BO44: =+IF(BM44=0,"NO OFERTADO",IF(BM44<=($G44*(1+$EL$4)),"HABILITA","NO HABILITA")) -> NO OFERTADO | BR44: =BP44+BQ44 -> 0 | BS44: =$D44*BR44 -> 0 | BT44: =+IF(BR44=0,"NO OFERTADO",IF(BR44<=($G44*(1+$EL$4)),"HABILITA","NO HABILITA")) -> NO OFERTADO | BW44: =BU44+BV44 -> 0 | BX44: =$D44*BW44 -> 0 | BY44: =+IF(BW44=0,"NO OFERTADO",IF(BW44<=($G44*(1+$EL$4)),"HABILITA","NO HABILITA")) -> NO OFERTADO | CB44: =BZ44+CA44 -> 0 | CC44: =$D44*CB44 -> 0 | CD44: =+IF(CB44=0,"NO OFERTADO",IF(CB44<=($G44*(1+$EL$4)),"HABILITA","NO HABILITA")) -> NO OFERTADO | CG44: =CE44+CF44 -> 0 | CH44: =$D44*CG44 -> 0 | CI44: =+IF(CG44=0,"NO OFERTADO",IF(CG44<=($G44*(1+$EL$4)),"HABILITA","NO HABILITA")) -> NO OFERTADO | CL44: =CJ44+CK44 -> 0 | CM44: =$D44*CL44 -> 0 | CN44: =+IF(CL44=0,"NO OFERTADO",IF(CL44<=($G44*(1+$EL$4)),"HABILITA","NO HABILITA")) -> NO OFERTADO | CQ44: =CO44+CP44 -> 0 | CR44: =$D44*CQ44 -> 0 | CS44: =+IF(CQ44=0,"NO OFERTADO",IF(CQ44<=($G44*(1+$EL$4)),"HABILITA","NO HABILITA")) -> NO OFERTADO | CV44: =CT44+CU44 -> 0 | CW44: =$D44*CV44 -> 0 | CX44: =+IF(CV44=0,"NO OFERTADO",IF(CV44<=($G44*(1+$EL$4)),"HABILITA","NO HABILITA")) -> NO OFERTADO | CY44: 1950 | CZ44: 0 | DA44: =CY44+CZ44 -> 1950 | DB44: =$D44*DA44 -> 1950 | DC44: =+IF(DA44=0,"NO OFERTADO",IF(DA44<=($G44*(1+$EL$4)),"HABILITA","NO HABILITA")) -> HABILITA | DF44: =DD44+DE44 -> 0 | DG44: =$D44*DF44 -> 0 | DH44: =+IF(DF44=0,"NO OFERTADO",IF(DF44<=($G44*(1+$EL$4)),"HABILITA","NO HABILITA")) -> NO OFERTADO | DI44: 4552 | DJ44: 0 | DK44: =DI44+DJ44 -> 4552 | DL44: =$D44*DK44 -> 4552 | DM44: =+IF(DK44=0,"NO OFERTADO",IF(DK44<=($G44*(1+$EL$4)),"HABILITA","NO HABILITA")) -> NO HABILITA | DP44: =DN44+DO44 -> 0 | DQ44: =$D44*DP44 -> 0 | DR44: =+IF(DP44=0,"NO OFERTADO",IF(DP44<=($G44*(1+$EL$4)),"HABILITA","NO HABILITA")) -> NO OFERTADO | DU44: =DS44+DT44 -> 0 | DV44: =$D44*DU44 -> 0 | DW44: =+IF(DU44=0,"NO OFERTADO",IF(DU44<=($G44*(1+$EL$4)),"HABILITA","NO HABILITA")) -> NO OFERTADO | DY44: =DX44*0.19 -> 0 | DZ44: =DX44+DY44 -> 0 | EA44: =$D44*DZ44 -> 0 | EB44: =+IF(DZ44=0,"NO OFERTADO",IF(DZ44<=($G44*(1+$EQ$4)),"HABILITA","NO HABILITA")) -> NO OFERTADO | EE44: =EC44+ED44 -> 0 | EF44: =$D44*EE44 -> 0 | EG44: =+IF(EE44=0,"NO OFERTADO",IF(EE44<=($G44*(1+$EQ$4)),"HABILITA","NO HABILITA")) -> NO OFERTADO | EJ44: =EH44+EI44 -> 0 | EK44: =$D44*EJ44 -> 0 | EL44: =+IF(EJ44=0,"NO OFERTADO",IF(EJ44<=($G44*(1+$EL$4)),"HABILITA","NO HABILITA")) -> NO OFERTADO
A45: 36 | B45: BARRERA BLANDA Y BOLSA PARA COLOSTOMIA N° 70 | C45: 1 KIT COMPUESTO DE 1 BARRERA Y 1 BOLSA COLOSTOMIA | D45: 1 | E45: UN | F45: 38.666667 | G45: 12625.34 | J45: =H45+I45 -> 0 | K45: =$D45*J45 -> 0 | L45: =+IF(J45=0,"NO OFERTADO",IF(J45<=($G45*(1+$EL$4)),"HABILITA","NO HABILITA")) -> NO OFERTADO | N45: 0 | O45: =M45+N45 -> 0 | P45: =$D45*O45 -> 0 | Q45: =+IF(O45=0,"NO OFERTADO",IF(O45<=($G45*(1+$EL$4)),"HABILITA","NO HABILITA")) -> NO OFERTADO | T45: =R45+S45 -> 0 | U45: =$D45*T45 -> 0 | V45: =+IF(T45=0,"NO OFERTADO",IF(T45<=($G45*(1+$EL$4)),"HABILITA","NO HABILITA")) -> NO OFERTADO | Y45: =W45+X45 -> 0 | Z45: =$D45*Y45 -> 0 | AA45: =+IF(Y45=0,"NO OFERTADO",IF(Y45<=($G45*(1+$EL$4)),"HABILITA","NO HABILITA")) -> NO OFERTADO | AD45: =AB45+AC45 -> 0 | AE45: =$D45*AD45 -> 0 | AF45: =+IF(AD45=0,"NO OFERTADO",IF(AD45<=($G45*(1+$EL$4)),"HABILITA","NO HABILITA")) -> NO OFERTADO | AG45: 18900 | AH45: 0 | AI45: =AG45+AH45 -> 18900 | AJ45: =$D45*AI45 -> 18900 | AK45: =+IF(AI45=0,"NO OFERTADO",IF(AI45<=($G45*(1+$EL$4)),"HABILITA","NO HABILITA")) -> NO HABILITA | AL45: 10600 | AM45: 0 | AN45: =AL45+AM45 -> 10600 | AO45: =$D45*AN45 -> 10600 | AP45: =+IF(AN45=0,"NO OFERTADO",IF(AN45<=($G45*(1+$EL$4)),"HABILITA","NO HABILITA")) -> HABILITA | AS45: =AQ45+AR45 -> 0 | AT45: =$D45*AS45 -> 0 | AU45: =+IF(AS45=0,"NO OFERTADO",IF(AS45<=($G45*(1+$EL$4)),"HABILITA","NO HABILITA")) -> NO OFERTADO | AX45: =AV45+AW45 -> 0 | AY45: =$D45*AX45 -> 0 | AZ45: =+IF(AX45=0,"NO OFERTADO",IF(AX45<=($G45*(1+$EL$4)),"HABILITA","NO HABILITA")) -> NO OFERTADO | BB45: =BA45*0.19 -> 0 | BC45: =BA45+BB45 -> 0 | BD45: =$D45*BC45 -> 0 | BE45: =+IF(BC45=0,"NO OFERTADO",IF(BC45<=($G45*(1+$EL$4)),"HABILITA","NO HABILITA")) -> NO OFERTADO | BH45: =BF45+BG45 -> 0 | BI45: =$D45*BH45 -> 0 | BJ45: =+IF(BH45=0,"NO OFERTADO",IF(BH45<=($G45*(1+$EL$4)),"HABILITA","NO HABILITA")) -> NO OFERTADO | BM45: =BK45+BL45 -> 0 | BN45: =$D45*BM45 -> 0 | BO45: =+IF(BM45=0,"NO OFERTADO",IF(BM45<=($G45*(1+$EL$4)),"HABILITA","NO HABILITA")) -> NO OFERTADO | BR45: =BP45+BQ45 -> 0 | BS45: =$D45*BR45 -> 0 | BT45: =+IF(BR45=0,"NO OFERTADO",IF(BR45<=($G45*(1+$EL$4)),"HABILITA","NO HABILITA")) -> NO OFERTADO | BW45: =BU45+BV45 -> 0 | BX45: =$D45*BW45 -> 0 | BY45: =+IF(BW45=0,"NO OFERTADO",IF(BW45<=($G45*(1+$EL$4)),"HABILITA","NO HABILITA")) -> NO OFERTADO | CB45: =BZ45+CA45 -> 0 | CC45: =$D45*CB45 -> 0 | CD45: =+IF(CB45=0,"NO OFERTADO",IF(CB45<=($G45*(1+$EL$4)),"HABILITA","NO HABILITA")) -> NO OFERTADO | CG45: =CE45+CF45 -> 0 | CH45: =$D45*CG45 -> 0 | CI45: =+IF(CG45=0,"NO OFERTADO",IF(CG45<=($G45*(1+$EL$4)),"HABILITA","NO HABILITA")) -> NO OFERTADO | CJ45: 17127 | CK45: 0 | CL45: =CJ45+CK45 -> 17127 | CM45: =$D45*CL45 -> 17127 | CN45: =+IF(CL45=0,"NO OFERTADO",IF(CL45<=($G45*(1+$EL$4)),"HABILITA","NO HABILITA")) -> NO HABILITA | CQ45: =CO45+CP45 -> 0 | CR45: =$D45*CQ45 -> 0 | CS45: =+IF(CQ45=0,"NO OFERTADO",IF(CQ45<=($G45*(1+$EL$4)),"HABILITA","NO HABILITA")) -> NO OFERTADO | CV45: =CT45+CU45 -> 0 | CW45: =$D45*CV45 -> 0 | CX45: =+IF(CV45=0,"NO OFERTADO",IF(CV45<=($G45*(1+$EL$4)),"HABILITA","NO HABILITA")) -> NO OFERTADO | DA45: =CY45+CZ45 -> 0 | DB45: =$D45*DA45 -> 0 | DC45: =+IF(DA45=0,"NO OFERTADO",IF(DA45<=($G45*(1+$EL$4)),"HABILITA","NO HABILITA")) -> NO OFERTADO | DF45: =DD45+DE45 -> 0 | DG45: =$D45*DF45 -> 0 | DH45: =+IF(DF45=0,"NO OFERTADO",IF(DF45<=($G45*(1+$EL$4)),"HABILITA","NO HABILITA")) -> NO OFERTADO | DI45: 33309 | DJ45: 0 | DK45: =DI45+DJ45 -> 33309 | DL45: =$D45*DK45 -> 33309 | DM45: =+IF(DK45=0,"NO OFERTADO",IF(DK45<=($G45*(1+$EL$4)),"HABILITA","NO HABILITA")) -> NO HABILITA | DP45: =DN45+DO45 -> 0 | DQ45: =$D45*DP45 -> 0 | DR45: =+IF(DP45=0,"NO OFERTADO",IF(DP45<=($G45*(1+$EL$4)),"HABILITA","NO HABILITA")) -> NO OFERTADO | DU45: =DS45+DT45 -> 0 | DV45: =$D45*DU45 -> 0 | DW45: =+IF(DU45=0,"NO OFERTADO",IF(DU45<=($G45*(1+$EL$4)),"HABILITA","NO HABILITA")) -> NO OFERTADO | DY45: =DX45*0.19 -> 0 | DZ45: =DX45+DY45 -> 0 | EA45: =$D45*DZ45 -> 0 | EB45: =+IF(DZ45=0,"NO OFERTADO",IF(DZ45<=($G45*(1+$EQ$4)),"HABILITA","NO HABILITA")) -> NO OFERTADO | EE45: =EC45+ED45 -> 0 | EF45: =$D45*EE45 -> 0 | EG45: =+IF(EE45=0,"NO OFERTADO",IF(EE45<=($G45*(1+$EQ$4)),"HABILITA","NO HABILITA")) -> NO OFERTADO | EJ45: =EH45+EI45 -> 0 | EK45: =$D45*EJ45 -> 0 | EL45: =+IF(EJ45=0,"NO OFERTADO",IF(EJ45<=($G45*(1+$EL$4)),"HABILITA","NO HABILITA")) -> NO OFERTADO
A46: 37 | B46: BARRERA LISA PROTECTORA PARA FISTULAS - OSTOMIAS 20X20 | C46: 1 UNIDAD DE BARRERA | D46: 1 | E46: UN | F46: 1 | G46: 24700 | J46: =H46+I46 -> 0 | K46: =$D46*J46 -> 0 | L46: =+IF(J46=0,"NO OFERTADO",IF(J46<=($G46*(1+$EL$4)),"HABILITA","NO HABILITA")) -> NO OFERTADO | N46: 0 | O46: =M46+N46 -> 0 | P46: =$D46*O46 -> 0 | Q46: =+IF(O46=0,"NO OFERTADO",IF(O46<=($G46*(1+$EL$4)),"HABILITA","NO HABILITA")) -> NO OFERTADO | T46: =R46+S46 -> 0 | U46: =$D46*T46 -> 0 | V46: =+IF(T46=0,"NO OFERTADO",IF(T46<=($G46*(1+$EL$4)),"HABILITA","NO HABILITA")) -> NO OFERTADO | Y46: =W46+X46 -> 0 | Z46: =$D46*Y46 -> 0 | AA46: =+IF(Y46=0,"NO OFERTADO",IF(Y46<=($G46*(1+$EL$4)),"HABILITA","NO HABILITA")) -> NO OFERTADO | AD46: =AB46+AC46 -> 0 | AE46: =$D46*AD46 -> 0 | AF46: =+IF(AD46=0,"NO OFERTADO",IF(AD46<=($G46*(1+$EL$4)),"HABILITA","NO HABILITA")) -> NO OFERTADO | AG46: 24700 | AH46: 0 | AI46: =AG46+AH46 -> 24700 | AJ46: =$D46*AI46 -> 24700 | AK46: =+IF(AI46=0,"NO OFERTADO",IF(AI46<=($G46*(1+$EL$4)),"HABILITA","NO HABILITA")) -> HABILITA | AL46: 42800 | AM46: 0 | AN46: =AL46+AM46 -> 42800 | AO46: =$D46*AN46 -> 42800 | AP46: =+IF(AN46=0,"NO OFERTADO",IF(AN46<=($G46*(1+$EL$4)),"HABILITA","NO HABILITA")) -> NO HABILITA | AS46: =AQ46+AR46 -> 0 | AT46: =$D46*AS46 -> 0 | AU46: =+IF(AS46=0,"NO OFERTADO",IF(AS46<=($G46*(1+$EL$4)),"HABILITA","NO HABILITA")) -> NO OFERTADO | AV46: 42693 | AW46: 0 | AX46: =AV46+AW46 -> 42693 | AY46: =$D46*AX46 -> 42693 | AZ46: =+IF(AX46=0,"NO OFERTADO",IF(AX46<=($G46*(1+$EL$4)),"HABILITA","NO HABILITA")) -> NO HABILITA | BB46: =BA46*0.19 -> 0 | BC46: =BA46+BB46 -> 0 | BD46: =$D46*BC46 -> 0 | BE46: =+IF(BC46=0,"NO OFERTADO",IF(BC46<=($G46*(1+$EL$4)),"HABILITA","NO HABILITA")) -> NO OFERTADO | BH46: =BF46+BG46 -> 0 | BI46: =$D46*BH46 -> 0 | BJ46: =+IF(BH46=0,"NO OFERTADO",IF(BH46<=($G46*(1+$EL$4)),"HABILITA","NO HABILITA")) -> NO OFERTADO | BM46: =BK46+BL46 -> 0 | BN46: =$D46*BM46 -> 0 | BO46: =+IF(BM46=0,"NO OFERTADO",IF(BM46<=($G46*(1+$EL$4)),"HABILITA","NO HABILITA")) -> NO OFERTADO | BR46: =BP46+BQ46 -> 0 | BS46: =$D46*BR46 -> 0 | BT46: =+IF(BR46=0,"NO OFERTADO",IF(BR46<=($G46*(1+$EL$4)),"HABILITA","NO HABILITA")) -> NO OFERTADO | BW46: =BU46+BV46 -> 0 | BX46: =$D46*BW46 -> 0 | BY46: =+IF(BW46=0,"NO OFERTADO",IF(BW46<=($G46*(1+$EL$4)),"HABILITA","NO HABILITA")) -> NO OFERTADO | CB46: =BZ46+CA46 -> 0 | CC46: =$D46*CB46 -> 0 | CD46: =+IF(CB46=0,"NO OFERTADO",IF(CB46<=($G46*(1+$EL$4)),"HABILITA","NO HABILITA")) -> NO OFERTADO | CG46: =CE46+CF46 -> 0 | CH46: =$D46*CG46 -> 0 | CI46: =+IF(CG46=0,"NO OFERTADO",IF(CG46<=($G46*(1+$EL$4)),"HABILITA","NO HABILITA")) -> NO OFERTADO | CL46: =CJ46+CK46 -> 0 | CM46: =$D46*CL46 -> 0 | CN46: =+IF(CL46=0,"NO OFERTADO",IF(CL46<=($G46*(1+$EL$4)),"HABILITA","NO HABILITA")) -> NO OFERTADO | CQ46: =CO46+CP46 -> 0 | CR46: =$D46*CQ46 -> 0 | CS46: =+IF(CQ46=0,"NO OFERTADO",IF(CQ46<=($G46*(1+$EL$4)),"HABILITA","NO HABILITA")) -> NO OFERTADO | CV46: =CT46+CU46 -> 0 | CW46: =$D46*CV46 -> 0 | CX46: =+IF(CV46=0,"NO OFERTADO",IF(CV46<=($G46*(1+$EL$4)),"HABILITA","NO HABILITA")) -> NO OFERTADO | DA46: =CY46+CZ46 -> 0 | DB46: =$D46*DA46 -> 0 | DC46: =+IF(DA46=0,"NO OFERTADO",IF(DA46<=($G46*(1+$EL$4)),"HABILITA","NO HABILITA")) -> NO OFERTADO | DF46: =DD46+DE46 -> 0 | DG46: =$D46*DF46 -> 0 | DH46: =+IF(DF46=0,"NO OFERTADO",IF(DF46<=($G46*(1+$EL$4)),"HABILITA","NO HABILITA")) -> NO OFERTADO | DI46: 45418 | DJ46: 0 | DK46: =DI46+DJ46 -> 45418 | DL46: =$D46*DK46 -> 45418 | DM46: =+IF(DK46=0,"NO OFERTADO",IF(DK46<=($G46*(1+$EL$4)),"HABILITA","NO HABILITA")) -> NO HABILITA | DP46: =DN46+DO46 -> 0 | DQ46: =$D46*DP46 -> 0 | DR46: =+IF(DP46=0,"NO OFERTADO",IF(DP46<=($G46*(1+$EL$4)),"HABILITA","NO HABILITA")) -> NO OFERTADO | DU46: =DS46+DT46 -> 0 | DV46: =$D46*DU46 -> 0 | DW46: =+IF(DU46=0,"NO OFERTADO",IF(DU46<=($G46*(1+$EL$4)),"HABILITA","NO HABILITA")) -> NO OFERTADO | DY46: =DX46*0.19 -> 0 | DZ46: =DX46+DY46 -> 0 | EA46: =$D46*DZ46 -> 0 | EB46: =+IF(DZ46=0,"NO OFERTADO",IF(DZ46<=($G46*(1+$EQ$4)),"HABILITA","NO HABILITA")) -> NO OFERTADO | EE46: =EC46+ED46 -> 0 | EF46: =$D46*EE46 -> 0 | EG46: =+IF(EE46=0,"NO OFERTADO",IF(EE46<=($G46*(1+$EQ$4)),"HABILITA","NO HABILITA")) -> NO OFERTADO | EJ46: =EH46+EI46 -> 0 | EK46: =$D46*EJ46 -> 0 | EL46: =+IF(EJ46=0,"NO OFERTADO",IF(EJ46<=($G46*(1+$EL$4)),"HABILITA","NO HABILITA")) -> NO OFERTADO
A47: 38 | B47: BATA DESECHABLE PARA PACIENTE ADULTO MANGA CORTA | C47: 1 UNIDAD DE BATA | D47: 1 | E47: UN | F47: 2928.6667 | G47: 2195.55 | H47: 2100 | I47: =H47*0.19 -> 399 | J47: =H47+I47 -> 2499 | K47: =$D47*J47 -> 2499 | L47: =+IF(J47=0,"NO OFERTADO",IF(J47<=($G47*(1+$EL$4)),"HABILITA","NO HABILITA")) -> HABILITA | N47: 0 | O47: =M47+N47 -> 0 | P47: =$D47*O47 -> 0 | Q47: =+IF(O47=0,"NO OFERTADO",IF(O47<=($G47*(1+$EL$4)),"HABILITA","NO HABILITA")) -> NO OFERTADO | T47: =R47+S47 -> 0 | U47: =$D47*T47 -> 0 | V47: =+IF(T47=0,"NO OFERTADO",IF(T47<=($G47*(1+$EL$4)),"HABILITA","NO HABILITA")) -> NO OFERTADO | Y47: =W47+X47 -> 0 | Z47: =$D47*Y47 -> 0 | AA47: =+IF(Y47=0,"NO OFERTADO",IF(Y47<=($G47*(1+$EL$4)),"HABILITA","NO HABILITA")) -> NO OFERTADO | AD47: =AB47+AC47 -> 0 | AE47: =$D47*AD47 -> 0 | AF47: =+IF(AD47=0,"NO OFERTADO",IF(AD47<=($G47*(1+$EL$4)),"HABILITA","NO HABILITA")) -> NO OFERTADO | AG47: 1838 | AH47: =AG47*0.19 -> 349.22 | AI47: =AG47+AH47 -> 2187.22 | AJ47: =$D47*AI47 -> 2187.22 | AK47: =+IF(AI47=0,"NO OFERTADO",IF(AI47<=($G47*(1+$EL$4)),"HABILITA","NO HABILITA")) -> HABILITA | AL47: 1999 | AM47: =AL47*0.19 -> 379.81 | AN47: =AL47+AM47 -> 2378.81 | AO47: =$D47*AN47 -> 2378.81 | AP47: =+IF(AN47=0,"NO OFERTADO",IF(AN47<=($G47*(1+$EL$4)),"HABILITA","NO HABILITA")) -> HABILITA | AS47: =AQ47+AR47 -> 0 | AT47: =$D47*AS47 -> 0 | AU47: =+IF(AS47=0,"NO OFERTADO",IF(AS47<=($G47*(1+$EL$4)),"HABILITA","NO HABILITA")) -> NO OFERTADO | AV47: 1913 | AW47: =AV47*0.19 -> 363.47 | AX47: =AV47+AW47 -> 2276.47 | AY47: =$D47*AX47 -> 2276.47 | AZ47: =+IF(AX47=0,"NO OFERTADO",IF(AX47<=($G47*(1+$EL$4)),"HABILITA","NO HABILITA")) -> HABILITA | BB47: =BA47*0.19 -> 0 | BC47: =BA47+BB47 -> 0 | BD47: =$D47*BC47 -> 0 | BE47: =+IF(BC47=0,"NO OFERTADO",IF(BC47<=($G47*(1+$EL$4)),"HABILITA","NO HABILITA")) -> NO OFERTADO | BH47: =BF47+BG47 -> 0 | BI47: =$D47*BH47 -> 0 | BJ47: =+IF(BH47=0,"NO OFERTADO",IF(BH47<=($G47*(1+$EL$4)),"HABILITA","NO HABILITA")) -> NO OFERTADO | BM47: =BK47+BL47 -> 0 | BN47: =$D47*BM47 -> 0 | BO47: =+IF(BM47=0,"NO OFERTADO",IF(BM47<=($G47*(1+$EL$4)),"HABILITA","NO HABILITA")) -> NO OFERTADO | BR47: =BP47+BQ47 -> 0 | BS47: =$D47*BR47 -> 0 | BT47: =+IF(BR47=0,"NO OFERTADO",IF(BR47<=($G47*(1+$EL$4)),"HABILITA","NO HABILITA")) -> NO OFERTADO | BW47: =BU47+BV47 -> 0 | BX47: =$D47*BW47 -> 0 | BY47: =+IF(BW47=0,"NO OFERTADO",IF(BW47<=($G47*(1+$EL$4)),"HABILITA","NO HABILITA")) -> NO OFERTADO | CB47: =BZ47+CA47 -> 0 | CC47: =$D47*CB47 -> 0 | CD47: =+IF(CB47=0,"NO OFERTADO",IF(CB47<=($G47*(1+$EL$4)),"HABILITA","NO HABILITA")) -> NO OFERTADO | CE47: 2012 | CF47: =CE47*0.19 -> 382.28 | CG47: =CE47+CF47 -> 2394.28 | CH47: =$D47*CG47 -> 2394.28 | CI47: =+IF(CG47=0,"NO OFERTADO",IF(CG47<=($G47*(1+$EL$4)),"HABILITA","NO HABILITA")) -> HABILITA | CJ47: 2187 | CK47: =CJ47*0.19 -> 415.53 | CL47: =CJ47+CK47 -> 2602.53 | CM47: =$D47*CL47 -> 2602.53 | CN47: =+IF(CL47=0,"NO OFERTADO",IF(CL47<=($G47*(1+$EL$4)),"HABILITA","NO HABILITA")) -> HABILITA | CQ47: =CO47+CP47 -> 0 | CR47: =$D47*CQ47 -> 0 | CS47: =+IF(CQ47=0,"NO OFERTADO",IF(CQ47<=($G47*(1+$EL$4)),"HABILITA","NO HABILITA")) -> NO OFERTADO | CT47: 1888 | CU47: =CT47*0.19 -> 358.72 | CV47: =CT47+CU47 -> 2246.72 | CW47: =$D47*CV47 -> 2246.72 | CX47: =+IF(CV47=0,"NO OFERTADO",IF(CV47<=($G47*(1+$EL$4)),"HABILITA","NO HABILITA")) -> HABILITA | DA47: =CY47+CZ47 -> 0 | DB47: =$D47*DA47 -> 0 | DC47: =+IF(DA47=0,"NO OFERTADO",IF(DA47<=($G47*(1+$EL$4)),"HABILITA","NO HABILITA")) -> NO OFERTADO | DF47: =DD47+DE47 -> 0 | DG47: =$D47*DF47 -> 0 | DH47: =+IF(DF47=0,"NO OFERTADO",IF(DF47<=($G47*(1+$EL$4)),"HABILITA","NO HABILITA")) -> NO OFERTADO | DI47: 1648 | DJ47: =DI47*0.19 -> 313.12 | DK47: =DI47+DJ47 -> 1961.12 | DL47: =$D47*DK47 -> 1961.12 | DM47: =+IF(DK47=0,"NO OFERTADO",IF(DK47<=($G47*(1+$EL$4)),"HABILITA","NO HABILITA")) -> HABILITA | DP47: =DN47+DO47 -> 0 | DQ47: =$D47*DP47 -> 0 | DR47: =+IF(DP47=0,"NO OFERTADO",IF(DP47<=($G47*(1+$EL$4)),"HABILITA","NO HABILITA")) -> NO OFERTADO | DU47: =DS47+DT47 -> 0 | DV47: =$D47*DU47 -> 0 | DW47: =+IF(DU47=0,"NO OFERTADO",IF(DU47<=($G47*(1+$EL$4)),"HABILITA","NO HABILITA")) -> NO OFERTADO | DY47: =DX47*0.19 -> 0 | DZ47: =DX47+DY47 -> 0 | EA47: =$D47*DZ47 -> 0 | EB47: =+IF(DZ47=0,"NO OFERTADO",IF(DZ47<=($G47*(1+$EQ$4)),"HABILITA","NO HABILITA")) -> NO OFERTADO | EE47: =EC47+ED47 -> 0 | EF47: =$D47*EE47 -> 0 | EG47: =+IF(EE47=0,"NO OFERTADO",IF(EE47<=($G47*(1+$EQ$4)),"HABILITA","NO HABILITA")) -> NO OFERTADO | EJ47: =EH47+EI47 -> 0 | EK47: =$D47*EJ47 -> 0 | EL47: =+IF(EJ47=0,"NO OFERTADO",IF(EJ47<=($G47*(1+$EL$4)),"HABILITA","NO HABILITA")) -> NO OFERTADO
A48: 39 | B48: BOLSA DE DRENAJE URINARIO ADULTO CON SISTEMA CERRRADO, SIN PUERTO PARA TOMA DE MUESTRA Y SIN VALVULA ANTIREFLUJO Y CONECTOR UNIVERSAL | C48: 1 UNIDAD DE BOLSA DRENAJE URINARIO | D48: 1 | E48: UN | F48: 1052.9667 | G48: 4811.17 | J48: =H48+I48 -> 0 | K48: =$D48*J48 -> 0 | L48: =+IF(J48=0,"NO OFERTADO",IF(J48<=($G48*(1+$EL$4)),"HABILITA","NO HABILITA")) -> NO OFERTADO | N48: 0 | O48: =M48+N48 -> 0 | P48: =$D48*O48 -> 0 | Q48: =+IF(O48=0,"NO OFERTADO",IF(O48<=($G48*(1+$EL$4)),"HABILITA","NO HABILITA")) -> NO OFERTADO | T48: =R48+S48 -> 0 | U48: =$D48*T48 -> 0 | V48: =+IF(T48=0,"NO OFERTADO",IF(T48<=($G48*(1+$EL$4)),"HABILITA","NO HABILITA")) -> NO OFERTADO | Y48: =W48+X48 -> 0 | Z48: =$D48*Y48 -> 0 | AA48: =+IF(Y48=0,"NO OFERTADO",IF(Y48<=($G48*(1+$EL$4)),"HABILITA","NO HABILITA")) -> NO OFERTADO | AD48: =AB48+AC48 -> 0 | AE48: =$D48*AD48 -> 0 | AF48: =+IF(AD48=0,"NO OFERTADO",IF(AD48<=($G48*(1+$EL$4)),"HABILITA","NO HABILITA")) -> NO OFERTADO | AG48: 3540 | AH48: =AG48*0.19 -> 672.6 | AI48: =AG48+AH48 -> 4212.6 | AJ48: =$D48*AI48 -> 4212.6 | AK48: =+IF(AI48=0,"NO OFERTADO",IF(AI48<=($G48*(1+$EL$4)),"HABILITA","NO HABILITA")) -> HABILITA | AL48: 4700 | AM48: =AL48*0.19 -> 893 | AN48: =AL48+AM48 -> 5593 | AO48: =$D48*AN48 -> 5593 | AP48: =+IF(AN48=0,"NO OFERTADO",IF(AN48<=($G48*(1+$EL$4)),"HABILITA","NO HABILITA")) -> HABILITA | AS48: =AQ48+AR48 -> 0 | AT48: =$D48*AS48 -> 0 | AU48: =+IF(AS48=0,"NO OFERTADO",IF(AS48<=($G48*(1+$EL$4)),"HABILITA","NO HABILITA")) -> NO OFERTADO | AV48: 3939 | AW48: =AV48*0.19 -> 748.41 | AX48: =AV48+AW48 -> 4687.41 | AY48: =$D48*AX48 -> 4687.41 | AZ48: =+IF(AX48=0,"NO OFERTADO",IF(AX48<=($G48*(1+$EL$4)),"HABILITA","NO HABILITA")) -> HABILITA | BB48: =BA48*0.19 -> 0 | BC48: =BA48+BB48 -> 0 | BD48: =$D48*BC48 -> 0 | BE48: =+IF(BC48=0,"NO OFERTADO",IF(BC48<=($G48*(1+$EL$4)),"HABILITA","NO HABILITA")) -> NO OFERTADO | BH48: =BF48+BG48 -> 0 | BI48: =$D48*BH48 -> 0 | BJ48: =+IF(BH48=0,"NO OFERTADO",IF(BH48<=($G48*(1+$EL$4)),"HABILITA","NO HABILITA")) -> NO OFERTADO | BM48: =BK48+BL48 -> 0 | BN48: =$D48*BM48 -> 0 | BO48: =+IF(BM48=0,"NO OFERTADO",IF(BM48<=($G48*(1+$EL$4)),"HABILITA","NO HABILITA")) -> NO OFERTADO | BP48: 4043 | BQ48: =BP48*0.19 -> 768.17 | BR48: =BP48+BQ48 -> 4811.17 | BS48: =$D48*BR48 -> 4811.17 | BT48: =+IF(BR48=0,"NO OFERTADO",IF(BR48<=($G48*(1+$EL$4)),"HABILITA","NO HABILITA")) -> HABILITA | BW48: =BU48+BV48 -> 0 | BX48: =$D48*BW48 -> 0 | BY48: =+IF(BW48=0,"NO OFERTADO",IF(BW48<=($G48*(1+$EL$4)),"HABILITA","NO HABILITA")) -> NO OFERTADO | CB48: =BZ48+CA48 -> 0 | CC48: =$D48*CB48 -> 0 | CD48: =+IF(CB48=0,"NO OFERTADO",IF(CB48<=($G48*(1+$EL$4)),"HABILITA","NO HABILITA")) -> NO OFERTADO | CE48: 4172 | CF48: =CE48*0.19 -> 792.68 | CG48: =CE48+CF48 -> 4964.68 | CH48: =$D48*CG48 -> 4964.68 | CI48: =+IF(CG48=0,"NO OFERTADO",IF(CG48<=($G48*(1+$EL$4)),"HABILITA","NO HABILITA")) -> HABILITA | CL48: =CJ48+CK48 -> 0 | CM48: =$D48*CL48 -> 0 | CN48: =+IF(CL48=0,"NO OFERTADO",IF(CL48<=($G48*(1+$EL$4)),"HABILITA","NO HABILITA")) -> NO OFERTADO | CQ48: =CO48+CP48 -> 0 | CR48: =$D48*CQ48 -> 0 | CS48: =+IF(CQ48=0,"NO OFERTADO",IF(CQ48<=($G48*(1+$EL$4)),"HABILITA","NO HABILITA")) -> NO OFERTADO | CT48: 4670.2353 | CU48: =CT48*0.19 -> 887.34471 | CV48: =CT48+CU48 -> 5557.58 | CW48: =$D48*CV48 -> 5557.58 | CX48: =+IF(CV48=0,"NO OFERTADO",IF(CV48<=($G48*(1+$EL$4)),"HABILITA","NO HABILITA")) -> HABILITA | DA48: =CY48+CZ48 -> 0 | DB48: =$D48*DA48 -> 0 | DC48: =+IF(DA48=0,"NO OFERTADO",IF(DA48<=($G48*(1+$EL$4)),"HABILITA","NO HABILITA")) -> NO OFERTADO | DD48: 4920 | DE48: 934.8 | DF48: =DD48+DE48 -> 5854.8 | DG48: =$D48*DF48 -> 5854.8 | DH48: =+IF(DF48=0,"NO OFERTADO",IF(DF48<=($G48*(1+$EL$4)),"HABILITA","NO HABILITA")) -> HABILITA | DI48: 3670 | DJ48: =DI48*0.19 -> 697.3 | DK48: =DI48+DJ48 -> 4367.3 | DL48: =$D48*DK48 -> 4367.3 | DM48: =+IF(DK48=0,"NO OFERTADO",IF(DK48<=($G48*(1+$EL$4)),"HABILITA","NO HABILITA")) -> HABILITA | DP48: =DN48+DO48 -> 0 | DQ48: =$D48*DP48 -> 0 | DR48: =+IF(DP48=0,"NO OFERTADO",IF(DP48<=($G48*(1+$EL$4)),"HABILITA","NO HABILITA")) -> NO OFERTADO | DU48: =DS48+DT48 -> 0 | DV48: =$D48*DU48 -> 0 | DW48: =+IF(DU48=0,"NO OFERTADO",IF(DU48<=($G48*(1+$EL$4)),"HABILITA","NO HABILITA")) -> NO OFERTADO | DY48: =DX48*0.19 -> 0 | DZ48: =DX48+DY48 -> 0 | EA48: =$D48*DZ48 -> 0 | EB48: =+IF(DZ48=0,"NO OFERTADO",IF(DZ48<=($G48*(1+$EQ$4)),"HABILITA","NO HABILITA")) -> NO OFERTADO | EE48: =EC48+ED48 -> 0 | EF48: =$D48*EE48 -> 0 | EG48: =+IF(EE48=0,"NO OFERTADO",IF(EE48<=($G48*(1+$EQ$4)),"HABILITA","NO HABILITA")) -> NO OFERTADO | EJ48: =EH48+EI48 -> 0 | EK48: =$D48*EJ48 -> 0 | EL48: =+IF(EJ48=0,"NO OFERTADO",IF(EJ48<=($G48*(1+$EL$4)),"HABILITA","NO HABILITA")) -> NO OFERTADO
A49: 40 | B49: BOLSA DE DRENAJE URINARIO PEDIATRICO CON SISTEMA CERRRADO, SIN PUERTO PARA TOMA DE MUESTRA Y SIN VALVULA ANTIREFLUJOY CONECTOR UNIVERSAL | C49: 1 UNIDAD DE BOLSA DRENAJE URINARIO | D49: 1 | E49: UN | F49: 34.333333 | G49: 4776.1364 | J49: =H49+I49 -> 0 | K49: =$D49*J49 -> 0 | L49: =+IF(J49=0,"NO OFERTADO",IF(J49<=($G49*(1+$EL$4)),"HABILITA","NO HABILITA")) -> NO OFERTADO | N49: 0 | O49: =M49+N49 -> 0 | P49: =$D49*O49 -> 0 | Q49: =+IF(O49=0,"NO OFERTADO",IF(O49<=($G49*(1+$EL$4)),"HABILITA","NO HABILITA")) -> NO OFERTADO | T49: =R49+S49 -> 0 | U49: =$D49*T49 -> 0 | V49: =+IF(T49=0,"NO OFERTADO",IF(T49<=($G49*(1+$EL$4)),"HABILITA","NO HABILITA")) -> NO OFERTADO | Y49: =W49+X49 -> 0 | Z49: =$D49*Y49 -> 0 | AA49: =+IF(Y49=0,"NO OFERTADO",IF(Y49<=($G49*(1+$EL$4)),"HABILITA","NO HABILITA")) -> NO OFERTADO | AD49: =AB49+AC49 -> 0 | AE49: =$D49*AD49 -> 0 | AF49: =+IF(AD49=0,"NO OFERTADO",IF(AD49<=($G49*(1+$EL$4)),"HABILITA","NO HABILITA")) -> NO OFERTADO | AG49: 3990 | AH49: =AG49*0.19 -> 758.1 | AI49: =AG49+AH49 -> 4748.1 | AJ49: =$D49*AI49 -> 4748.1 | AK49: =+IF(AI49=0,"NO OFERTADO",IF(AI49<=($G49*(1+$EL$4)),"HABILITA","NO HABILITA")) -> HABILITA | AN49: =AL49+AM49 -> 0 | AO49: =$D49*AN49 -> 0 | AP49: =+IF(AN49=0,"NO OFERTADO",IF(AN49<=($G49*(1+$EL$4)),"HABILITA","NO HABILITA")) -> NO OFERTADO | AS49: =AQ49+AR49 -> 0 | AT49: =$D49*AS49 -> 0 | AU49: =+IF(AS49=0,"NO OFERTADO",IF(AS49<=($G49*(1+$EL$4)),"HABILITA","NO HABILITA")) -> NO OFERTADO | AV49: 7476 | AW49: =AV49*0.19 -> 1420.44 | AX49: =AV49+AW49 -> 8896.44 | AY49: =$D49*AX49 -> 8896.44 | AZ49: =+IF(AX49=0,"NO OFERTADO",IF(AX49<=($G49*(1+$EL$4)),"HABILITA","NO HABILITA")) -> NO HABILITA | BB49: =BA49*0.19 -> 0 | BC49: =BA49+BB49 -> 0 | BD49: =$D49*BC49 -> 0 | BE49: =+IF(BC49=0,"NO OFERTADO",IF(BC49<=($G49*(1+$EL$4)),"HABILITA","NO HABILITA")) -> NO OFERTADO | BH49: =BF49+BG49 -> 0 | BI49: =$D49*BH49 -> 0 | BJ49: =+IF(BH49=0,"NO OFERTADO",IF(BH49<=($G49*(1+$EL$4)),"HABILITA","NO HABILITA")) -> NO OFERTADO | BM49: =BK49+BL49 -> 0 | BN49: =$D49*BM49 -> 0 | BO49: =+IF(BM49=0,"NO OFERTADO",IF(BM49<=($G49*(1+$EL$4)),"HABILITA","NO HABILITA")) -> NO OFERTADO | BP49: 4000 | BQ49: =BP49*0.19 -> 760 | BR49: =BP49+BQ49 -> 4760 | BS49: =$D49*BR49 -> 4760 | BT49: =+IF(BR49=0,"NO OFERTADO",IF(BR49<=($G49*(1+$EL$4)),"HABILITA","NO HABILITA")) -> HABILITA | BW49: =BU49+BV49 -> 0 | BX49: =$D49*BW49 -> 0 | BY49: =+IF(BW49=0,"NO OFERTADO",IF(BW49<=($G49*(1+$EL$4)),"HABILITA","NO HABILITA")) -> NO OFERTADO | CB49: =BZ49+CA49 -> 0 | CC49: =$D49*CB49 -> 0 | CD49: =+IF(CB49=0,"NO OFERTADO",IF(CB49<=($G49*(1+$EL$4)),"HABILITA","NO HABILITA")) -> NO OFERTADO | CG49: =CE49+CF49 -> 0 | CH49: =$D49*CG49 -> 0 | CI49: =+IF(CG49=0,"NO OFERTADO",IF(CG49<=($G49*(1+$EL$4)),"HABILITA","NO HABILITA")) -> NO OFERTADO | CL49: =CJ49+CK49 -> 0 | CM49: =$D49*CL49 -> 0 | CN49: =+IF(CL49=0,"NO OFERTADO",IF(CL49<=($G49*(1+$EL$4)),"HABILITA","NO HABILITA")) -> NO OFERTADO | CQ49: =CO49+CP49 -> 0 | CR49: =$D49*CQ49 -> 0 | CS49: =+IF(CQ49=0,"NO OFERTADO",IF(CQ49<=($G49*(1+$EL$4)),"HABILITA","NO HABILITA")) -> NO OFERTADO | CV49: =CT49+CU49 -> 0 | CW49: =$D49*CV49 -> 0 | CX49: =+IF(CV49=0,"NO OFERTADO",IF(CV49<=($G49*(1+$EL$4)),"HABILITA","NO HABILITA")) -> NO OFERTADO | DA49: =CY49+CZ49 -> 0 | DB49: =$D49*DA49 -> 0 | DC49: =+IF(DA49=0,"NO OFERTADO",IF(DA49<=($G49*(1+$EL$4)),"HABILITA","NO HABILITA")) -> NO OFERTADO | DF49: =DD49+DE49 -> 0 | DG49: =$D49*DF49 -> 0 | DH49: =+IF(DF49=0,"NO OFERTADO",IF(DF49<=($G49*(1+$EL$4)),"HABILITA","NO HABILITA")) -> NO OFERTADO | DI49: 4142 | DJ49: =DI49*0.19 -> 786.98 | DK49: =DI49+DJ49 -> 4928.98 | DL49: =$D49*DK49 -> 4928.98 | DM49: =+IF(DK49=0,"NO OFERTADO",IF(DK49<=($G49*(1+$EL$4)),"HABILITA","NO HABILITA")) -> HABILITA | DP49: =DN49+DO49 -> 0 | DQ49: =$D49*DP49 -> 0 | DR49: =+IF(DP49=0,"NO OFERTADO",IF(DP49<=($G49*(1+$EL$4)),"HABILITA","NO HABILITA")) -> NO OFERTADO | DU49: =DS49+DT49 -> 0 | DV49: =$D49*DU49 -> 0 | DW49: =+IF(DU49=0,"NO OFERTADO",IF(DU49<=($G49*(1+$EL$4)),"HABILITA","NO HABILITA")) -> NO OFERTADO | DY49: =DX49*0.19 -> 0 | DZ49: =DX49+DY49 -> 0 | EA49: =$D49*DZ49 -> 0 | EB49: =+IF(DZ49=0,"NO OFERTADO",IF(DZ49<=($G49*(1+$EQ$4)),"HABILITA","NO HABILITA")) -> NO OFERTADO | EE49: =EC49+ED49 -> 0 | EF49: =$D49*EE49 -> 0 | EG49: =+IF(EE49=0,"NO OFERTADO",IF(EE49<=($G49*(1+$EQ$4)),"HABILITA","NO HABILITA")) -> NO OFERTADO | EJ49: =EH49+EI49 -> 0 | EK49: =$D49*EJ49 -> 0 | EL49: =+IF(EJ49=0,"NO OFERTADO",IF(EJ49<=($G49*(1+$EL$4)),"HABILITA","NO HABILITA")) -> NO OFERTADO
A50: 41 | B50: BOLSA NUTRICION PARENTERAL X 2000 ML | C50: 1 UNIDAD DE BOLSA NUTRICION PARENTAL | D50: 1 | E50: UN | F50: 58 | G50: 27043.94 | J50: =H50+I50 -> 0 | K50: =$D50*J50 -> 0 | L50: =+IF(J50=0,"NO OFERTADO",IF(J50<=($G50*(1+$EL$4)),"HABILITA","NO HABILITA")) -> NO OFERTADO | N50: 0 | O50: =M50+N50 -> 0 | P50: =$D50*O50 -> 0 | Q50: =+IF(O50=0,"NO OFERTADO",IF(O50<=($G50*(1+$EL$4)),"HABILITA","NO HABILITA")) -> NO OFERTADO | T50: =R50+S50 -> 0 | U50: =$D50*T50 -> 0 | V50: =+IF(T50=0,"NO OFERTADO",IF(T50<=($G50*(1+$EL$4)),"HABILITA","NO HABILITA")) -> NO OFERTADO | Y50: =W50+X50 -> 0 | Z50: =$D50*Y50 -> 0 | AA50: =+IF(Y50=0,"NO OFERTADO",IF(Y50<=($G50*(1+$EL$4)),"HABILITA","NO HABILITA")) -> NO OFERTADO | AD50: =AB50+AC50 -> 0 | AE50: =$D50*AD50 -> 0 | AF50: =+IF(AD50=0,"NO OFERTADO",IF(AD50<=($G50*(1+$EL$4)),"HABILITA","NO HABILITA")) -> NO OFERTADO | AI50: =AG50+AH50 -> 0 | AJ50: =$D50*AI50 -> 0 | AK50: =+IF(AI50=0,"NO OFERTADO",IF(AI50<=($G50*(1+$EL$4)),"HABILITA","NO HABILITA")) -> NO OFERTADO | AL50: 22764 | AM50: =AL50*0.19 -> 4325.16 | AN50: =AL50+AM50 -> 27089.16 | AO50: =$D50*AN50 -> 27089.16 | AP50: =+IF(AN50=0,"NO OFERTADO",IF(AN50<=($G50*(1+$EL$4)),"HABILITA","NO HABILITA")) -> HABILITA | AS50: =AQ50+AR50 -> 0 | AT50: =$D50*AS50 -> 0 | AU50: =+IF(AS50=0,"NO OFERTADO",IF(AS50<=($G50*(1+$EL$4)),"HABILITA","NO HABILITA")) -> NO OFERTADO | AV50: 22653 | AW50: =AV50*0.19 -> 4304.07 | AX50: =AV50+AW50 -> 26957.07 | AY50: =$D50*AX50 -> 26957.07 | AZ50: =+IF(AX50=0,"NO OFERTADO",IF(AX50<=($G50*(1+$EL$4)),"HABILITA","NO HABILITA")) -> HABILITA | BB50: =BA50*0.19 -> 0 | BC50: =BA50+BB50 -> 0 | BD50: =$D50*BC50 -> 0 | BE50: =+IF(BC50=0,"NO OFERTADO",IF(BC50<=($G50*(1+$EL$4)),"HABILITA","NO HABILITA")) -> NO OFERTADO | BH50: =BF50+BG50 -> 0 | BI50: =$D50*BH50 -> 0 | BJ50: =+IF(BH50=0,"NO OFERTADO",IF(BH50<=($G50*(1+$EL$4)),"HABILITA","NO HABILITA")) -> NO OFERTADO | BM50: =BK50+BL50 -> 0 | BN50: =$D50*BM50 -> 0 | BO50: =+IF(BM50=0,"NO OFERTADO",IF(BM50<=($G50*(1+$EL$4)),"HABILITA","NO HABILITA")) -> NO OFERTADO | BR50: =BP50+BQ50 -> 0 | BS50: =$D50*BR50 -> 0 | BT50: =+IF(BR50=0,"NO OFERTADO",IF(BR50<=($G50*(1+$EL$4)),"HABILITA","NO HABILITA")) -> NO OFERTADO | BW50: =BU50+BV50 -> 0 | BX50: =$D50*BW50 -> 0 | BY50: =+IF(BW50=0,"NO OFERTADO",IF(BW50<=($G50*(1+$EL$4)),"HABILITA","NO HABILITA")) -> NO OFERTADO | CB50: =BZ50+CA50 -> 0 | CC50: =$D50*CB50 -> 0 | CD50: =+IF(CB50=0,"NO OFERTADO",IF(CB50<=($G50*(1+$EL$4)),"HABILITA","NO HABILITA")) -> NO OFERTADO | CG50: =CE50+CF50 -> 0 | CH50: =$D50*CG50 -> 0 | CI50: =+IF(CG50=0,"NO OFERTADO",IF(CG50<=($G50*(1+$EL$4)),"HABILITA","NO HABILITA")) -> NO OFERTADO | CL50: =CJ50+CK50 -> 0 | CM50: =$D50*CL50 -> 0 | CN50: =+IF(CL50=0,"NO OFERTADO",IF(CL50<=($G50*(1+$EL$4)),"HABILITA","NO HABILITA")) -> NO OFERTADO | CQ50: =CO50+CP50 -> 0 | CR50: =$D50*CQ50 -> 0 | CS50: =+IF(CQ50=0,"NO OFERTADO",IF(CQ50<=($G50*(1+$EL$4)),"HABILITA","NO HABILITA")) -> NO OFERTADO | CT50: 26250 | CU50: =CT50*0.19 -> 4987.5 | CV50: =CT50+CU50 -> 31237.5 | CW50: =$D50*CV50 -> 31237.5 | CX50: =+IF(CV50=0,"NO OFERTADO",IF(CV50<=($G50*(1+$EL$4)),"HABILITA","NO HABILITA")) -> HABILITA | DA50: =CY50+CZ50 -> 0 | DB50: =$D50*DA50 -> 0 | DC50: =+IF(DA50=0,"NO OFERTADO",IF(DA50<=($G50*(1+$EL$4)),"HABILITA","NO HABILITA")) -> NO OFERTADO | DF50: =DD50+DE50 -> 0 | DG50: =$D50*DF50 -> 0 | DH50: =+IF(DF50=0,"NO OFERTADO",IF(DF50<=($G50*(1+$EL$4)),"HABILITA","NO HABILITA")) -> NO OFERTADO | DK50: =DI50+DJ50 -> 0 | DL50: =$D50*DK50 -> 0 | DM50: =+IF(DK50=0,"NO OFERTADO",IF(DK50<=($G50*(1+$EL$4)),"HABILITA","NO HABILITA")) -> NO OFERTADO | DP50: =DN50+DO50 -> 0 | DQ50: =$D50*DP50 -> 0 | DR50: =+IF(DP50=0,"NO OFERTADO",IF(DP50<=($G50*(1+$EL$4)),"HABILITA","NO HABILITA")) -> NO OFERTADO | DU50: =DS50+DT50 -> 0 | DV50: =$D50*DU50 -> 0 | DW50: =+IF(DU50=0,"NO OFERTADO",IF(DU50<=($G50*(1+$EL$4)),"HABILITA","NO HABILITA")) -> NO OFERTADO | DY50: =DX50*0.19 -> 0 | DZ50: =DX50+DY50 -> 0 | EA50: =$D50*DZ50 -> 0 | EB50: =+IF(DZ50=0,"NO OFERTADO",IF(DZ50<=($G50*(1+$EQ$4)),"HABILITA","NO HABILITA")) -> NO OFERTADO | EE50: =EC50+ED50 -> 0 | EF50: =$D50*EE50 -> 0 | EG50: =+IF(EE50=0,"NO OFERTADO",IF(EE50<=($G50*(1+$EQ$4)),"HABILITA","NO HABILITA")) -> NO OFERTADO | EJ50: =EH50+EI50 -> 0 | EK50: =$D50*EJ50 -> 0 | EL50: =+IF(EJ50=0,"NO OFERTADO",IF(EJ50<=($G50*(1+$EL$4)),"HABILITA","NO HABILITA")) -> NO OFERTADO
A51: 42 | B51: BOLSA NUTRICION PARENTERAL X 250 ML | C51: 1 UNIDAD DE BOLSA NUTRICION PARENTAL | D51: 1 | E51: UN | F51: 28.333333 | G51: 19986.05 | J51: =H51+I51 -> 0 | K51: =$D51*J51 -> 0 | L51: =+IF(J51=0,"NO OFERTADO",IF(J51<=($G51*(1+$EL$4)),"HABILITA","NO HABILITA")) -> NO OFERTADO | N51: 0 | O51: =M51+N51 -> 0 | P51: =$D51*O51 -> 0 | Q51: =+IF(O51=0,"NO OFERTADO",IF(O51<=($G51*(1+$EL$4)),"HABILITA","NO HABILITA")) -> NO OFERTADO | T51: =R51+S51 -> 0 | U51: =$D51*T51 -> 0 | V51: =+IF(T51=0,"NO OFERTADO",IF(T51<=($G51*(1+$EL$4)),"HABILITA","NO HABILITA")) -> NO OFERTADO | Y51: =W51+X51 -> 0 | Z51: =$D51*Y51 -> 0 | AA51: =+IF(Y51=0,"NO OFERTADO",IF(Y51<=($G51*(1+$EL$4)),"HABILITA","NO HABILITA")) -> NO OFERTADO | AD51: =AB51+AC51 -> 0 | AE51: =$D51*AD51 -> 0 | AF51: =+IF(AD51=0,"NO OFERTADO",IF(AD51<=($G51*(1+$EL$4)),"HABILITA","NO HABILITA")) -> NO OFERTADO | AI51: =AG51+AH51 -> 0 | AJ51: =$D51*AI51 -> 0 | AK51: =+IF(AI51=0,"NO OFERTADO",IF(AI51<=($G51*(1+$EL$4)),"HABILITA","NO HABILITA")) -> NO OFERTADO | AL51: 18700 | AM51: =AL51*0.19 -> 3553 | AN51: =AL51+AM51 -> 22253 | AO51: =$D51*AN51 -> 22253 | AP51: =+IF(AN51=0,"NO OFERTADO",IF(AN51<=($G51*(1+$EL$4)),"HABILITA","NO HABILITA")) -> HABILITA | AS51: =AQ51+AR51 -> 0 | AT51: =$D51*AS51 -> 0 | AU51: =+IF(AS51=0,"NO OFERTADO",IF(AS51<=($G51*(1+$EL$4)),"HABILITA","NO HABILITA")) -> NO OFERTADO | AV51: 16906 | AW51: =AV51*0.19 -> 3212.14 | AX51: =AV51+AW51 -> 20118.14 | AY51: =$D51*AX51 -> 20118.14 | AZ51: =+IF(AX51=0,"NO OFERTADO",IF(AX51<=($G51*(1+$EL$4)),"HABILITA","NO HABILITA")) -> HABILITA | BB51: =BA51*0.19 -> 0 | BC51: =BA51+BB51 -> 0 | BD51: =$D51*BC51 -> 0 | BE51: =+IF(BC51=0,"NO OFERTADO",IF(BC51<=($G51*(1+$EL$4)),"HABILITA","NO HABILITA")) -> NO OFERTADO | BH51: =BF51+BG51 -> 0 | BI51: =$D51*BH51 -> 0 | BJ51: =+IF(BH51=0,"NO OFERTADO",IF(BH51<=($G51*(1+$EL$4)),"HABILITA","NO HABILITA")) -> NO OFERTADO | BM51: =BK51+BL51 -> 0 | BN51: =$D51*BM51 -> 0 | BO51: =+IF(BM51=0,"NO OFERTADO",IF(BM51<=($G51*(1+$EL$4)),"HABILITA","NO HABILITA")) -> NO OFERTADO | BR51: =BP51+BQ51 -> 0 | BS51: =$D51*BR51 -> 0 | BT51: =+IF(BR51=0,"NO OFERTADO",IF(BR51<=($G51*(1+$EL$4)),"HABILITA","NO HABILITA")) -> NO OFERTADO | BW51: =BU51+BV51 -> 0 | BX51: =$D51*BW51 -> 0 | BY51: =+IF(BW51=0,"NO OFERTADO",IF(BW51<=($G51*(1+$EL$4)),"HABILITA","NO HABILITA")) -> NO OFERTADO | CB51: =BZ51+CA51 -> 0 | CC51: =$D51*CB51 -> 0 | CD51: =+IF(CB51=0,"NO OFERTADO",IF(CB51<=($G51*(1+$EL$4)),"HABILITA","NO HABILITA")) -> NO OFERTADO | CG51: =CE51+CF51 -> 0 | CH51: =$D51*CG51 -> 0 | CI51: =+IF(CG51=0,"NO OFERTADO",IF(CG51<=($G51*(1+$EL$4)),"HABILITA","NO HABILITA")) -> NO OFERTADO | CL51: =CJ51+CK51 -> 0 | CM51: =$D51*CL51 -> 0 | CN51: =+IF(CL51=0,"NO OFERTADO",IF(CL51<=($G51*(1+$EL$4)),"HABILITA","NO HABILITA")) -> NO OFERTADO | CQ51: =CO51+CP51 -> 0 | CR51: =$D51*CQ51 -> 0 | CS51: =+IF(CQ51=0,"NO OFERTADO",IF(CQ51<=($G51*(1+$EL$4)),"HABILITA","NO HABILITA")) -> NO OFERTADO | CT51: 26250 | CU51: =CT51*0.19 -> 4987.5 | CV51: =CT51+CU51 -> 31237.5 | CW51: =$D51*CV51 -> 31237.5 | CX51: =+IF(CV51=0,"NO OFERTADO",IF(CV51<=($G51*(1+$EL$4)),"HABILITA","NO HABILITA")) -> NO HABILITA | DA51: =CY51+CZ51 -> 0 | DB51: =$D51*DA51 -> 0 | DC51: =+IF(DA51=0,"NO OFERTADO",IF(DA51<=($G51*(1+$EL$4)),"HABILITA","NO HABILITA")) -> NO OFERTADO | DF51: =DD51+DE51 -> 0 | DG51: =$D51*DF51 -> 0 | DH51: =+IF(DF51=0,"NO OFERTADO",IF(DF51<=($G51*(1+$EL$4)),"HABILITA","NO HABILITA")) -> NO OFERTADO | DK51: =DI51+DJ51 -> 0 | DL51: =$D51*DK51 -> 0 | DM51: =+IF(DK51=0,"NO OFERTADO",IF(DK51<=($G51*(1+$EL$4)),"HABILITA","NO HABILITA")) -> NO OFERTADO | DP51: =DN51+DO51 -> 0 | DQ51: =$D51*DP51 -> 0 | DR51: =+IF(DP51=0,"NO OFERTADO",IF(DP51<=($G51*(1+$EL$4)),"HABILITA","NO HABILITA")) -> NO OFERTADO | DU51: =DS51+DT51 -> 0 | DV51: =$D51*DU51 -> 0 | DW51: =+IF(DU51=0,"NO OFERTADO",IF(DU51<=($G51*(1+$EL$4)),"HABILITA","NO HABILITA")) -> NO OFERTADO | DY51: =DX51*0.19 -> 0 | DZ51: =DX51+DY51 -> 0 | EA51: =$D51*DZ51 -> 0 | EB51: =+IF(DZ51=0,"NO OFERTADO",IF(DZ51<=($G51*(1+$EQ$4)),"HABILITA","NO HABILITA")) -> NO OFERTADO | EE51: =EC51+ED51 -> 0 | EF51: =$D51*EE51 -> 0 | EG51: =+IF(EE51=0,"NO OFERTADO",IF(EE51<=($G51*(1+$EQ$4)),"HABILITA","NO HABILITA")) -> NO OFERTADO | EJ51: =EH51+EI51 -> 0 | EK51: =$D51*EJ51 -> 0 | EL51: =+IF(EJ51=0,"NO OFERTADO",IF(EJ51<=($G51*(1+$EL$4)),"HABILITA","NO HABILITA")) -> NO OFERTADO
A52: 43 | B52: BOLSA PARA CADAVER (CREMALLERA CENTRAL A LO LARGO DEL SACO, 150 MICRAS O MAS DE ESPESOR, ANTIFLUIDOS, COSTURAS TERMOSELLADAS PARA EVITAR LA FILTRACION DE LIQUIDOS, ANCHOS BOLSA CERRADA 1 METRO Y LARGO 2.20 METROS) | C52: 1 UNIDAD DE BOLSA PARA MANEJO DE CADAVER | D52: 1 | E52: UN | F52: 58 | G52: 28908.194 | J52: =H52+I52 -> 0 | K52: =$D52*J52 -> 0 | L52: =+IF(J52=0,"NO OFERTADO",IF(J52<=($G52*(1+$EL$4)),"HABILITA","NO HABILITA")) -> NO OFERTADO | N52: 0 | O52: =M52+N52 -> 0 | P52: =$D52*O52 -> 0 | Q52: =+IF(O52=0,"NO OFERTADO",IF(O52<=($G52*(1+$EL$4)),"HABILITA","NO HABILITA")) -> NO OFERTADO | T52: =R52+S52 -> 0 | U52: =$D52*T52 -> 0 | V52: =+IF(T52=0,"NO OFERTADO",IF(T52<=($G52*(1+$EL$4)),"HABILITA","NO HABILITA")) -> NO OFERTADO | Y52: =W52+X52 -> 0 | Z52: =$D52*Y52 -> 0 | AA52: =+IF(Y52=0,"NO OFERTADO",IF(Y52<=($G52*(1+$EL$4)),"HABILITA","NO HABILITA")) -> NO OFERTADO | AD52: =AB52+AC52 -> 0 | AE52: =$D52*AD52 -> 0 | AF52: =+IF(AD52=0,"NO OFERTADO",IF(AD52<=($G52*(1+$EL$4)),"HABILITA","NO HABILITA")) -> NO OFERTADO | AI52: =AG52+AH52 -> 0 | AJ52: =$D52*AI52 -> 0 | AK52: =+IF(AI52=0,"NO OFERTADO",IF(AI52<=($G52*(1+$EL$4)),"HABILITA","NO HABILITA")) -> NO OFERTADO | AN52: =AL52+AM52 -> 0 | AO52: =$D52*AN52 -> 0 | AP52: =+IF(AN52=0,"NO OFERTADO",IF(AN52<=($G52*(1+$EL$4)),"HABILITA","NO HABILITA")) -> NO OFERTADO | AS52: =AQ52+AR52 -> 0 | AT52: =$D52*AS52 -> 0 | AU52: =+IF(AS52=0,"NO OFERTADO",IF(AS52<=($G52*(1+$EL$4)),"HABILITA","NO HABILITA")) -> NO OFERTADO | AV52: 42614 | AW52: =AV52*0.19 -> 8096.66 | AX52: =AV52+AW52 -> 50710.66 | AY52: =$D52*AX52 -> 50710.66 | AZ52: =+IF(AX52=0,"NO OFERTADO",IF(AX52<=($G52*(1+$EL$4)),"HABILITA","NO HABILITA")) -> NO HABILITA | BB52: =BA52*0.19 -> 0 | BC52: =BA52+BB52 -> 0 | BD52: =$D52*BC52 -> 0 | BE52: =+IF(BC52=0,"NO OFERTADO",IF(BC52<=($G52*(1+$EL$4)),"HABILITA","NO HABILITA")) -> NO OFERTADO | BH52: =BF52+BG52 -> 0 | BI52: =$D52*BH52 -> 0 | BJ52: =+IF(BH52=0,"NO OFERTADO",IF(BH52<=($G52*(1+$EL$4)),"HABILITA","NO HABILITA")) -> NO OFERTADO | BM52: =BK52+BL52 -> 0 | BN52: =$D52*BM52 -> 0 | BO52: =+IF(BM52=0,"NO OFERTADO",IF(BM52<=($G52*(1+$EL$4)),"HABILITA","NO HABILITA")) -> NO OFERTADO | BR52: =BP52+BQ52 -> 0 | BS52: =$D52*BR52 -> 0 | BT52: =+IF(BR52=0,"NO OFERTADO",IF(BR52<=($G52*(1+$EL$4)),"HABILITA","NO HABILITA")) -> NO OFERTADO | BU52: 23625 | BV52: =BU52*0.19 -> 4488.75 | BW52: =BU52+BV52 -> 28113.75 | BX52: =$D52*BW52 -> 28113.75 | BY52: =+IF(BW52=0,"NO OFERTADO",IF(BW52<=($G52*(1+$EL$4)),"HABILITA","NO HABILITA")) -> HABILITA | CB52: =BZ52+CA52 -> 0 | CC52: =$D52*CB52 -> 0 | CD52: =+IF(CB52=0,"NO OFERTADO",IF(CB52<=($G52*(1+$EL$4)),"HABILITA","NO HABILITA")) -> NO OFERTADO | CG52: =CE52+CF52 -> 0 | CH52: =$D52*CG52 -> 0 | CI52: =+IF(CG52=0,"NO OFERTADO",IF(CG52<=($G52*(1+$EL$4)),"HABILITA","NO HABILITA")) -> NO OFERTADO | CL52: =CJ52+CK52 -> 0 | CM52: =$D52*CL52 -> 0 | CN52: =+IF(CL52=0,"NO OFERTADO",IF(CL52<=($G52*(1+$EL$4)),"HABILITA","NO HABILITA")) -> NO OFERTADO | CQ52: =CO52+CP52 -> 0 | CR52: =$D52*CQ52 -> 0 | CS52: =+IF(CQ52=0,"NO OFERTADO",IF(CQ52<=($G52*(1+$EL$4)),"HABILITA","NO HABILITA")) -> NO OFERTADO | CT52: 29600 | CU52: =CT52*0.19 -> 5624 | CV52: =CT52+CU52 -> 35224 | CW52: =$D52*CV52 -> 35224 | CX52: =+IF(CV52=0,"NO OFERTADO",IF(CV52<=($G52*(1+$EL$4)),"HABILITA","NO HABILITA")) -> HABILITA | DA52: =CY52+CZ52 -> 0 | DB52: =$D52*DA52 -> 0 | DC52: =+IF(DA52=0,"NO OFERTADO",IF(DA52<=($G52*(1+$EL$4)),"HABILITA","NO HABILITA")) -> NO OFERTADO | DF52: =DD52+DE52 -> 0 | DG52: =$D52*DF52 -> 0 | DH52: =+IF(DF52=0,"NO OFERTADO",IF(DF52<=($G52*(1+$EL$4)),"HABILITA","NO HABILITA")) -> NO OFERTADO | DK52: =DI52+DJ52 -> 0 | DL52: =$D52*DK52 -> 0 | DM52: =+IF(DK52=0,"NO OFERTADO",IF(DK52<=($G52*(1+$EL$4)),"HABILITA","NO HABILITA")) -> NO OFERTADO | DP52: =DN52+DO52 -> 0 | DQ52: =$D52*DP52 -> 0 | DR52: =+IF(DP52=0,"NO OFERTADO",IF(DP52<=($G52*(1+$EL$4)),"HABILITA","NO HABILITA")) -> NO OFERTADO | DU52: =DS52+DT52 -> 0 | DV52: =$D52*DU52 -> 0 | DW52: =+IF(DU52=0,"NO OFERTADO",IF(DU52<=($G52*(1+$EL$4)),"HABILITA","NO HABILITA")) -> NO OFERTADO | DY52: =DX52*0.19 -> 0 | DZ52: =DX52+DY52 -> 0 | EA52: =$D52*DZ52 -> 0 | EB52: =+IF(DZ52=0,"NO OFERTADO",IF(DZ52<=($G52*(1+$EQ$4)),"HABILITA","NO HABILITA")) -> NO OFERTADO | EE52: =EC52+ED52 -> 0 | EF52: =$D52*EE52 -> 0 | EG52: =+IF(EE52=0,"NO OFERTADO",IF(EE52<=($G52*(1+$EQ$4)),"HABILITA","NO HABILITA")) -> NO OFERTADO | EJ52: =EH52+EI52 -> 0 | EK52: =$D52*EJ52 -> 0 | EL52: =+IF(EJ52=0,"NO OFERTADO",IF(EJ52<=($G52*(1+$EL$4)),"HABILITA","NO HABILITA")) -> NO OFERTADO
A53: 44 | B53: BOLSA PARA NUTRICION PARENTERAL 500ML | C53: 1 UNIDAD DE BOLSA NUTRICION PARENTAL | D53: 1 | E53: UN | F53: 32 | G53: 21215.32 | J53: =H53+I53 -> 0 | K53: =$D53*J53 -> 0 | L53: =+IF(J53=0,"NO OFERTADO",IF(J53<=($G53*(1+$EL$4)),"HABILITA","NO HABILITA")) -> NO OFERTADO | N53: 0 | O53: =M53+N53 -> 0 | P53: =$D53*O53 -> 0 | Q53: =+IF(O53=0,"NO OFERTADO",IF(O53<=($G53*(1+$EL$4)),"HABILITA","NO HABILITA")) -> NO OFERTADO | T53: =R53+S53 -> 0 | U53: =$D53*T53 -> 0 | V53: =+IF(T53=0,"NO OFERTADO",IF(T53<=($G53*(1+$EL$4)),"HABILITA","NO HABILITA")) -> NO OFERTADO | Y53: =W53+X53 -> 0 | Z53: =$D53*Y53 -> 0 | AA53: =+IF(Y53=0,"NO OFERTADO",IF(Y53<=($G53*(1+$EL$4)),"HABILITA","NO HABILITA")) -> NO OFERTADO | AD53: =AB53+AC53 -> 0 | AE53: =$D53*AD53 -> 0 | AF53: =+IF(AD53=0,"NO OFERTADO",IF(AD53<=($G53*(1+$EL$4)),"HABILITA","NO HABILITA")) -> NO OFERTADO | AI53: =AG53+AH53 -> 0 | AJ53: =$D53*AI53 -> 0 | AK53: =+IF(AI53=0,"NO OFERTADO",IF(AI53<=($G53*(1+$EL$4)),"HABILITA","NO HABILITA")) -> NO OFERTADO | AL53: 18100 | AM53: =AL53*0.19 -> 3439 | AN53: =AL53+AM53 -> 21539 | AO53: =$D53*AN53 -> 21539 | AP53: =+IF(AN53=0,"NO OFERTADO",IF(AN53<=($G53*(1+$EL$4)),"HABILITA","NO HABILITA")) -> HABILITA | AS53: =AQ53+AR53 -> 0 | AT53: =$D53*AS53 -> 0 | AU53: =+IF(AS53=0,"NO OFERTADO",IF(AS53<=($G53*(1+$EL$4)),"HABILITA","NO HABILITA")) -> NO OFERTADO | AV53: 17945 | AW53: =AV53*0.19 -> 3409.55 | AX53: =AV53+AW53 -> 21354.55 | AY53: =$D53*AX53 -> 21354.55 | AZ53: =+IF(AX53=0,"NO OFERTADO",IF(AX53<=($G53*(1+$EL$4)),"HABILITA","NO HABILITA")) -> HABILITA | BB53: =BA53*0.19 -> 0 | BC53: =BA53+BB53 -> 0 | BD53: =$D53*BC53 -> 0 | BE53: =+IF(BC53=0,"NO OFERTADO",IF(BC53<=($G53*(1+$EL$4)),"HABILITA","NO HABILITA")) -> NO OFERTADO | BH53: =BF53+BG53 -> 0 | BI53: =$D53*BH53 -> 0 | BJ53: =+IF(BH53=0,"NO OFERTADO",IF(BH53<=($G53*(1+$EL$4)),"HABILITA","NO HABILITA")) -> NO OFERTADO | BM53: =BK53+BL53 -> 0 | BN53: =$D53*BM53 -> 0 | BO53: =+IF(BM53=0,"NO OFERTADO",IF(BM53<=($G53*(1+$EL$4)),"HABILITA","NO HABILITA")) -> NO OFERTADO | BR53: =BP53+BQ53 -> 0 | BS53: =$D53*BR53 -> 0 | BT53: =+IF(BR53=0,"NO OFERTADO",IF(BR53<=($G53*(1+$EL$4)),"HABILITA","NO HABILITA")) -> NO OFERTADO | BW53: =BU53+BV53 -> 0 | BX53: =$D53*BW53 -> 0 | BY53: =+IF(BW53=0,"NO OFERTADO",IF(BW53<=($G53*(1+$EL$4)),"HABILITA","NO HABILITA")) -> NO OFERTADO | CB53: =BZ53+CA53 -> 0 | CC53: =$D53*CB53 -> 0 | CD53: =+IF(CB53=0,"NO OFERTADO",IF(CB53<=($G53*(1+$EL$4)),"HABILITA","NO HABILITA")) -> NO OFERTADO | CG53: =CE53+CF53 -> 0 | CH53: =$D53*CG53 -> 0 | CI53: =+IF(CG53=0,"NO OFERTADO",IF(CG53<=($G53*(1+$EL$4)),"HABILITA","NO HABILITA")) -> NO OFERTADO | CL53: =CJ53+CK53 -> 0 | CM53: =$D53*CL53 -> 0 | CN53: =+IF(CL53=0,"NO OFERTADO",IF(CL53<=($G53*(1+$EL$4)),"HABILITA","NO HABILITA")) -> NO OFERTADO | CQ53: =CO53+CP53 -> 0 | CR53: =$D53*CQ53 -> 0 | CS53: =+IF(CQ53=0,"NO OFERTADO",IF(CQ53<=($G53*(1+$EL$4)),"HABILITA","NO HABILITA")) -> NO OFERTADO | CV53: =CT53+CU53 -> 0 | CW53: =$D53*CV53 -> 0 | CX53: =+IF(CV53=0,"NO OFERTADO",IF(CV53<=($G53*(1+$EL$4)),"HABILITA","NO HABILITA")) -> NO OFERTADO | DA53: =CY53+CZ53 -> 0 | DB53: =$D53*DA53 -> 0 | DC53: =+IF(DA53=0,"NO OFERTADO",IF(DA53<=($G53*(1+$EL$4)),"HABILITA","NO HABILITA")) -> NO OFERTADO | DF53: =DD53+DE53 -> 0 | DG53: =$D53*DF53 -> 0 | DH53: =+IF(DF53=0,"NO OFERTADO",IF(DF53<=($G53*(1+$EL$4)),"HABILITA","NO HABILITA")) -> NO OFERTADO | DK53: =DI53+DJ53 -> 0 | DL53: =$D53*DK53 -> 0 | DM53: =+IF(DK53=0,"NO OFERTADO",IF(DK53<=($G53*(1+$EL$4)),"HABILITA","NO HABILITA")) -> NO OFERTADO | DP53: =DN53+DO53 -> 0 | DQ53: =$D53*DP53 -> 0 | DR53: =+IF(DP53=0,"NO OFERTADO",IF(DP53<=($G53*(1+$EL$4)),"HABILITA","NO HABILITA")) -> NO OFERTADO | DU53: =DS53+DT53 -> 0 | DV53: =$D53*DU53 -> 0 | DW53: =+IF(DU53=0,"NO OFERTADO",IF(DU53<=($G53*(1+$EL$4)),"HABILITA","NO HABILITA")) -> NO OFERTADO | DY53: =DX53*0.19 -> 0 | DZ53: =DX53+DY53 -> 0 | EA53: =$D53*DZ53 -> 0 | EB53: =+IF(DZ53=0,"NO OFERTADO",IF(DZ53<=($G53*(1+$EQ$4)),"HABILITA","NO HABILITA")) -> NO OFERTADO | EE53: =EC53+ED53 -> 0 | EF53: =$D53*EE53 -> 0 | EG53: =+IF(EE53=0,"NO OFERTADO",IF(EE53<=($G53*(1+$EQ$4)),"HABILITA","NO HABILITA")) -> NO OFERTADO | EJ53: =EH53+EI53 -> 0 | EK53: =$D53*EJ53 -> 0 | EL53: =+IF(EJ53=0,"NO OFERTADO",IF(EJ53<=($G53*(1+$EL$4)),"HABILITA","NO HABILITA")) -> NO OFERTADO
